Workbook

Sheet A_C1.2
A1: SECTION C1.2 | D1: GENERAL REQUIREMENTS AND PROVISIONS
A4: ITEM | B4: DESCRIPTION | D4: UNIT | E4: QTY | F4: RATE | G4: AMOUNT
G5: =IF(OR(D5="%",D5=" &"),IF(F5="","",ROUND(ROUND(F5,3)*E5,2)),IF(F5="","",ROUND(ROUND(F5,2)*E5,2)))
A6: C1.2 | B6: =D1 -> GENERAL REQUIREMENTS AND PROVISIONS | G6: =IF(OR(D6="%",D6=" &"),IF(F6="","",ROUND(ROUND(F6,3)*E6,2)),IF(F6="","",ROUND(ROUND(F6,2)*E6,2)))
G7: =IF(OR(D7="%",D7=" &"),IF(F7="","",ROUND(ROUND(F7,3)*E7,2)),IF(F7="","",ROUND(ROUND(F7,2)*E7,2)))
A8: C1.2.1 | B8: Environmental management: | G8: =IF(OR(D8="%",D8=" &"),IF(F8="","",ROUND(ROUND(F8,3)*E8,2)),IF(F8="","",ROUND(ROUND(F8,2)*E8,2)))
G9: =IF(OR(D9="%",D9=" &"),IF(F9="","",ROUND(ROUND(F9,3)*E9,2)),IF(F9="","",ROUND(ROUND(F9,2)*E9,2)))
A10: C1.2.1.1 | B10: Monitoring of compliance with and reporting on the EMP | D10: month | E10: 24 | G10: =IF(OR(D10="%",D10=" &"),IF(F10="","",ROUND(ROUND(F10,3)*E10,2)),IF(F10="","",ROUND(ROUND(F10,2)*E10,2)))
G11: =IF(OR(D11="%",D11=" &"),IF(F11="","",ROUND(ROUND(F11,3)*E11,2)),IF(F11="","",ROUND(ROUND(F11,2)*E11,2)))
A12: C1.2.2 | B12: Programming and reporting: | G12: =IF(OR(D12="%",D12=" &"),IF(F12="","",ROUND(ROUND(F12,3)*E12,2)),IF(F12="","",ROUND(ROUND(F12,2)*E12,2)))
G13: =IF(OR(D13="%",D13=" &"),IF(F13="","",ROUND(ROUND(F13,3)*E13,2)),IF(F13="","",ROUND(ROUND(F13,2)*E13,2)))
A14: C1.2.2.3 | B14: Submission of a Scheme 2 Initial Programme | D14: lump sum | E14: 1 | G14: =IF(OR(D14="%",D14=" &"),IF(F14="","",ROUND(ROUND(F14,3)*E14,2)),IF(F14="","",ROUND(ROUND(F14,2)*E14,2)))
G15: =IF(OR(D15="%",D15=" &"),IF(F15="","",ROUND(ROUND(F15,3)*E15,2)),IF(F15="","",ROUND(ROUND(F15,2)*E15,2)))
A16: C1.2.2.4 | B16: Submission of a Scheme 2 Full Programme | D16: lump sum | E16: 1 | G16: =IF(OR(D16="%",D16=" &"),IF(F16="","",ROUND(ROUND(F16,3)*E16,2)),IF(F16="","",ROUND(ROUND(F16,2)*E16,2)))
G17: =IF(OR(D17="%",D17=" &"),IF(F17="","",ROUND(ROUND(F17,3)*E17,2)),IF(F17="","",ROUND(ROUND(F17,2)*E17,2)))
A18: C1.2.2.5 | B18: Reviewing and updating a Scheme 2 programme every month | D18: month | E18: 24 | G18: =IF(OR(D18="%",D18=" &"),IF(F18="","",ROUND(ROUND(F18,3)*E18,2)),IF(F18="","",ROUND(ROUND(F18,2)*E18,2)))
G19: =IF(OR(D19="%",D19=" &"),IF(F19="","",ROUND(ROUND(F19,3)*E19,2)),IF(F19="","",ROUND(ROUND(F19,2)*E19,2)))
A20: C1.2.2.6 | B20: Preparation and submission of all information and reports specified in the Contract Documentation | D20: month | E20: 24 | G20: =IF(OR(D20="%",D20=" &"),IF(F20="","",ROUND(ROUND(F20,3)*E20,2)),IF(F20="","",ROUND(ROUND(F20,2)*E20,2)))
G21: =IF(OR(D21="%",D21=" &"),IF(F21="","",ROUND(ROUND(F21,3)*E21,2)),IF(F21="","",ROUND(ROUND(F21,2)*E21,2)))
A22: C1.2.3 | B22: Routine road maintenance of existing public roads within the Site of the Works or other public roads outside the Site of the Works which are used as detours | G22: =IF(OR(D22="%",D22=" &"),IF(F22="","",ROUND(ROUND(F22,3)*E22,2)),IF(F22="","",ROUND(ROUND(F22,2)*E22,2)))
G23: =IF(OR(D23="%",D23=" &"),IF(F23="","",ROUND(ROUND(F23,3)*E23,2)),IF(F23="","",ROUND(ROUND(F23,2)*E23,2)))
A24: C1.2.3.11 | B24: Other road maintenance work ordered by the Engineer | D24: Prov. Sum | E24: 1 | F24: 1500000 | G24: =IF(OR(D24="%",D24=" &"),IF(F24="","",ROUND(ROUND(F24,3)*E24,2)),IF(F24="","",ROUND(ROUND(F24,2)*E24,2))) -> 1500000
G25: =IF(OR(D25="%",D25=" &"),IF(F25="","",ROUND(ROUND(F25,3)*E25,2)),IF(F25="","",ROUND(ROUND(F25,2)*E25,2)))
A26: C1.2.3.12 | B26: Handling cost, profit and all other charges in respect of item C1.2.3.11 | D26: % | E26: 1500000 | G26: =IF(OR(D26="%",D26=" &"),IF(F26="","",ROUND(ROUND(F26,3)*E26,2)),IF(F26="","",ROUND(ROUND(F26,2)*E26,2)))
G27: =IF(OR(D27="%",D27=" &"),IF(F27="","",ROUND(ROUND(F27,3)*E27,2)),IF(F27="","",ROUND(ROUND(F27,2)*E27,2)))
A28: C1.2.3.13 | B28: Liaison with the routine road maintenance contractor | D28: month | E28: 24 | G28: =IF(OR(D28="%",D28=" &"),IF(F28="","",ROUND(ROUND(F28,3)*E28,2)),IF(F28="","",ROUND(ROUND(F28,2)*E28,2)))
G29: =IF(OR(D29="%",D29=" &"),IF(F29="","",ROUND(ROUND(F29,3)*E29,2)),IF(F29="","",ROUND(ROUND(F29,2)*E29,2)))
A30: C1.2.4 | B30: Stakeholder liaison | D30: month | E30: 24 | G30: =IF(OR(D30="%",D30=" &"),IF(F30="","",ROUND(ROUND(F30,3)*E30,2)),IF(F30="","",ROUND(ROUND(F30,2)*E30,2)))
G31: =IF(OR(D31="%",D31=" &"),IF(F31="","",ROUND(ROUND(F31,3)*E31,2)),IF(F31="","",ROUND(ROUND(F31,2)*E31,2)))
A32: C1.2.5 | B32: Safety: | G32: =IF(OR(D32="%",D32=" &"),IF(F32="","",ROUND(ROUND(F32,3)*E32,2)),IF(F32="","",ROUND(ROUND(F32,2)*E32,2)))
G33: =IF(OR(D33="%",D33=" &"),IF(F33="","",ROUND(ROUND(F33,3)*E33,2)),IF(F33="","",ROUND(ROUND(F33,2)*E33,2)))
A34: C1.2.5.1 | B34: Health and safety plan | D34: lump sum | E34: 1 | G34: =IF(OR(D34="%",D34=" &"),IF(F34="","",ROUND(ROUND(F34,3)*E34,2)),IF(F34="","",ROUND(ROUND(F34,2)*E34,2)))
G35: =IF(OR(D35="%",D35=" &"),IF(F35="","",ROUND(ROUND(F35,3)*E35,2)),IF(F35="","",ROUND(ROUND(F35,2)*E35,2)))
A36: C1.2.5.2 | B36: Implementation of health and safety plan | D36: month | E36: 24 | G36: =IF(OR(D36="%",D36=" &"),IF(F36="","",ROUND(ROUND(F36,3)*E36,2)),IF(F36="","",ROUND(ROUND(F36,2)*E36,2)))
G37: =IF(OR(D37="%",D37=" &"),IF(F37="","",ROUND(ROUND(F37,3)*E37,2)),IF(F37="","",ROUND(ROUND(F37,2)*E37,2)))
A38: C1.2.7 | B38: Road safety audits: | G38: =IF(OR(D38="%",D38=" &"),IF(F38="","",ROUND(ROUND(F38,3)*E38,2)),IF(F38="","",ROUND(ROUND(F38,2)*E38,2)))
G39: =IF(OR(D39="%",D39=" &"),IF(F39="","",ROUND(ROUND(F39,3)*E39,2)),IF(F39="","",ROUND(ROUND(F39,2)*E39,2)))
A40: C1.2.7.1 | B40: Stage 4 work zone traffic management audit | D40: Prov. Sum | E40: 1 | F40: 100000 | G40: =IF(OR(D40="%",D40=" &"),IF(F40="","",ROUND(ROUND(F40,3)*E40,2)),IF(F40="","",ROUND(ROUND(F40,2)*E40,2))) -> 100000
G41: =IF(OR(D41="%",D41=" &"),IF(F41="","",ROUND(ROUND(F41,3)*E41,2)),IF(F41="","",ROUND(ROUND(F41,2)*E41,2)))
A42: C1.2.7.2 | B42: Handling cost, profit and all other charges in respect of item C1.2.7.1 | D42: % | E42: 100000 | G42: =IF(OR(D42="%",D42=" &"),IF(F42="","",ROUND(ROUND(F42,3)*E42,2)),IF(F42="","",ROUND(ROUND(F42,2)*E42,2)))
G43: =IF(OR(D43="%",D43=" &"),IF(F43="","",ROUND(ROUND(F43,3)*E43,2)),IF(F43="","",ROUND(ROUND(F43,2)*E43,2)))
G45: =IF(OR(D45="%",D45=" &"),IF(F45="","",ROUND(ROUND(F45,3)*E45,2)),IF(F45="","",ROUND(ROUND(F45,2)*E45,2)))
G46: =IF(OR(D46="%",D46=" &"),IF(F46="","",ROUND(ROUND(F46,3)*E46,2)),IF(F46="","",ROUND(ROUND(F46,2)*E46,2)))
A47: CARRIED FORWARD / ……. | G47: =SUM(G5:G46) -> 1600000
G48: =IF(OR(D48="%",D48=" &"),IF(F48="","",ROUND(ROUND(F48,3)*E48,2)),IF(F48="","",ROUND(ROUND(F48,2)*E48,2)))
B49: BROUGHT FORWARD / ……. | G49: =G47 -> 1600000
G50: =IF(OR(D50="%",D50=" &"),IF(F50="","",ROUND(ROUND(F50,3)*E50,2)),IF(F50="","",ROUND(ROUND(F50,2)*E50,2)))
A51: C1.2.8 | B51: Dayworks: | G51: =IF(OR(D51="%",D51=" &"),IF(F51="","",ROUND(ROUND(F51,3)*E51,2)),IF(F51="","",ROUND(ROUND(F51,2)*E51,2)))
G52: =IF(OR(D52="%",D52=" &"),IF(F52="","",ROUND(ROUND(F52,3)*E52,2)),IF(F52="","",ROUND(ROUND(F52,2)*E52,2)))
A53: C1.2.8.1 | B53: Personnel: | G53: =IF(OR(D53="%",D53=" &"),IF(F53="","",ROUND(ROUND(F53,3)*E53,2)),IF(F53="","",ROUND(ROUND(F53,2)*E53,2)))
G54: =IF(OR(D54="%",D54=" &"),IF(F54="","",ROUND(ROUND(F54,3)*E54,2)),IF(F54="","",ROUND(ROUND(F54,2)*E54,2)))
B55: (a) | C55: Unskilled labourer | D55: h | E55: 200 | G55: =IF(OR(D55="%",D55=" &"),IF(F55="","",ROUND(ROUND(F55,3)*E55,2)),IF(F55="","",ROUND(ROUND(F55,2)*E55,2)))
G56: =IF(OR(D56="%",D56=" &"),IF(F56="","",ROUND(ROUND(F56,3)*E56,2)),IF(F56="","",ROUND(ROUND(F56,2)*E56,2)))
B57: (b) | C57: Semi-skilled labourer | D57: h | E57: 120 | G57: =IF(OR(D57="%",D57=" &"),IF(F57="","",ROUND(ROUND(F57,3)*E57,2)),IF(F57="","",ROUND(ROUND(F57,2)*E57,2)))
G58: =IF(OR(D58="%",D58=" &"),IF(F58="","",ROUND(ROUND(F58,3)*E58,2)),IF(F58="","",ROUND(ROUND(F58,2)*E58,2)))
B59: (c) | C59: Skilled labourer | D59: h | E59: 120 | G59: =IF(OR(D59="%",D59=" &"),IF(F59="","",ROUND(ROUND(F59,3)*E59,2)),IF(F59="","",ROUND(ROUND(F59,2)*E59,2)))
G60: =IF(OR(D60="%",D60=" &"),IF(F60="","",ROUND(ROUND(F60,3)*E60,2)),IF(F60="","",ROUND(ROUND(F60,2)*E60,2)))
B61: (d) | C61: Gang leader | D61: h | E61: 80 | G61: =IF(OR(D61="%",D61=" &"),IF(F61="","",ROUND(ROUND(F61,3)*E61,2)),IF(F61="","",ROUND(ROUND(F61,2)*E61,2)))
G62: =IF(OR(D62="%",D62=" &"),IF(F62="","",ROUND(ROUND(F62,3)*E62,2)),IF(F62="","",ROUND(ROUND(F62,2)*E62,2)))
B63: (e) | C63: Foreman | D63: h | E63: 50 | G63: =IF(OR(D63="%",D63=" &"),IF(F63="","",ROUND(ROUND(F63,3)*E63,2)),IF(F63="","",ROUND(ROUND(F63,2)*E63,2)))
G64: =IF(OR(D64="%",D64=" &"),IF(F64="","",ROUND(ROUND(F64,3)*E64,2)),IF(F64="","",ROUND(ROUND(F64,2)*E64,2)))
B65: (f) | C65: Skilled artisan | D65: h | E65: 50 | G65: =IF(OR(D65="%",D65=" &"),IF(F65="","",ROUND(ROUND(F65,3)*E65,2)),IF(F65="","",ROUND(ROUND(F65,2)*E65,2)))
G66: =IF(OR(D66="%",D66=" &"),IF(F66="","",ROUND(ROUND(F66,3)*E66,2)),IF(F66="","",ROUND(ROUND(F66,2)*E66,2)))
A67: C1.2.8.2 | B67: Construction equipment: | G67: =IF(OR(D67="%",D67=" &"),IF(F67="","",ROUND(ROUND(F67,3)*E67,2)),IF(F67="","",ROUND(ROUND(F67,2)*E67,2)))
G68: =IF(OR(D68="%",D68=" &"),IF(F68="","",ROUND(ROUND(F68,3)*E68,2)),IF(F68="","",ROUND(ROUND(F68,2)*E68,2)))
B69: (b) | C69: Vibratory roller | G69: =IF(OR(D69="%",D69=" &"),IF(F69="","",ROUND(ROUND(F69,3)*E69,2)),IF(F69="","",ROUND(ROUND(F69,2)*E69,2)))
G70: =IF(OR(D70="%",D70=" &"),IF(F70="","",ROUND(ROUND(F70,3)*E70,2)),IF(F70="","",ROUND(ROUND(F70,2)*E70,2)))
C71: (i) Hand propelled vibratory roller (0.5 ton) | D71: h | E71: 20 | G71: =IF(OR(D71="%",D71=" &"),IF(F71="","",ROUND(ROUND(F71,3)*E71,2)),IF(F71="","",ROUND(ROUND(F71,2)*E71,2)))
G72: =IF(OR(D72="%",D72=" &"),IF(F72="","",ROUND(ROUND(F72,3)*E72,2)),IF(F72="","",ROUND(ROUND(F72,2)*E72,2)))
C73: (ii) Vibratory plate compactor, 2 kW | D73: h | E73: 20 | G73: =IF(OR(D73="%",D73=" &"),IF(F73="","",ROUND(ROUND(F73,3)*E73,2)),IF(F73="","",ROUND(ROUND(F73,2)*E73,2)))
G74: =IF(OR(D74="%",D74=" &"),IF(F74="","",ROUND(ROUND(F74,3)*E74,2)),IF(F74="","",ROUND(ROUND(F74,2)*E74,2)))
C75: (iii) Wacker compactor | D75: h | E75: 20 | G75: =IF(OR(D75="%",D75=" &"),IF(F75="","",ROUND(ROUND(F75,3)*E75,2)),IF(F75="","",ROUND(ROUND(F75,2)*E75,2)))
G76: =IF(OR(D76="%",D76=" &"),IF(F76="","",ROUND(ROUND(F76,3)*E76,2)),IF(F76="","",ROUND(ROUND(F76,2)*E76,2)))
B77: (d) | C77: Front end loader | G77: =IF(OR(D77="%",D77=" &"),IF(F77="","",ROUND(ROUND(F77,3)*E77,2)),IF(F77="","",ROUND(ROUND(F77,2)*E77,2)))
G78: =IF(OR(D78="%",D78=" &"),IF(F78="","",ROUND(ROUND(F78,3)*E78,2)),IF(F78="","",ROUND(ROUND(F78,2)*E78,2)))
C79: (i) Rubber tyred (0 - 60 kW, 8 ton) | D79: h | E79: 80 | G79: =IF(OR(D79="%",D79=" &"),IF(F79="","",ROUND(ROUND(F79,3)*E79,2)),IF(F79="","",ROUND(ROUND(F79,2)*E79,2)))
G80: =IF(OR(D80="%",D80=" &"),IF(F80="","",ROUND(ROUND(F80,3)*E80,2)),IF(F80="","",ROUND(ROUND(F80,2)*E80,2)))
C81: (ii) Rubber tyred (60 - 100 kW, 12 ton) | D81: h | E81: 100 | G81: =IF(OR(D81="%",D81=" &"),IF(F81="","",ROUND(ROUND(F81,3)*E81,2)),IF(F81="","",ROUND(ROUND(F81,2)*E81,2)))
G82: =IF(OR(D82="%",D82=" &"),IF(F82="","",ROUND(ROUND(F82,3)*E82,2)),IF(F82="","",ROUND(ROUND(F82,2)*E82,2)))
B83: (e) | C83: Tractor loader backhoe (55 - 70 kW with 0.5 m³ bucket) | D83: h | E83: 80 | G83: =IF(OR(D83="%",D83=" &"),IF(F83="","",ROUND(ROUND(F83,3)*E83,2)),IF(F83="","",ROUND(ROUND(F83,2)*E83,2)))
G84: =IF(OR(D84="%",D84=" &"),IF(F84="","",ROUND(ROUND(F84,3)*E84,2)),IF(F84="","",ROUND(ROUND(F84,2)*E84,2)))
B85: (f) | C85: Excavator (tracked, 80-200 kW with up to 2 m³ load capacity) | D85: h | E85: 40 | G85: =IF(OR(D85="%",D85=" &"),IF(F85="","",ROUND(ROUND(F85,3)*E85,2)),IF(F85="","",ROUND(ROUND(F85,2)*E85,2)))
G86: =IF(OR(D86="%",D86=" &"),IF(F86="","",ROUND(ROUND(F86,3)*E86,2)),IF(F86="","",ROUND(ROUND(F86,2)*E86,2)))
B87: (h) | C87: Water truck with up to 12 kL capacity | D87: h | E87: 20 | G87: =IF(OR(D87="%",D87=" &"),IF(F87="","",ROUND(ROUND(F87,3)*E87,2)),IF(F87="","",ROUND(ROUND(F87,2)*E87,2)))
G88: =IF(OR(D88="%",D88=" &"),IF(F88="","",ROUND(ROUND(F88,3)*E88,2)),IF(F88="","",ROUND(ROUND(F88,2)*E88,2)))
B89: (i) | C89: Compressor and 2 jackhammers | D89: h | E89: 120 | G89: =IF(OR(D89="%",D89=" &"),IF(F89="","",ROUND(ROUND(F89,3)*E89,2)),IF(F89="","",ROUND(ROUND(F89,2)*E89,2)))
G90: =IF(OR(D90="%",D90=" &"),IF(F90="","",ROUND(ROUND(F90,3)*E90,2)),IF(F90="","",ROUND(ROUND(F90,2)*E90,2)))
B91: (j) | C91: Concrete mixer (>400 kL capacity) | D91: h | E91: 20 | G91: =IF(OR(D91="%",D91=" &"),IF(F91="","",ROUND(ROUND(F91,3)*E91,2)),IF(F91="","",ROUND(ROUND(F91,2)*E91,2)))
G92: =IF(OR(D92="%",D92=" &"),IF(F92="","",ROUND(ROUND(F92,3)*E92,2)),IF(F92="","",ROUND(ROUND(F92,2)*E92,2)))
A93: C1.2.8.3 | B93: Vehicles: | G93: =IF(OR(D93="%",D93=" &"),IF(F93="","",ROUND(ROUND(F93,3)*E93,2)),IF(F93="","",ROUND(ROUND(F93,2)*E93,2)))
G94: =IF(OR(D94="%",D94=" &"),IF(F94="","",ROUND(ROUND(F94,3)*E94,2)),IF(F94="","",ROUND(ROUND(F94,2)*E94,2)))
B95: (a) | C95: Light delivery vehicle (1 ton load capacity) | D95: km | E95: 1500 | G95: =IF(OR(D95="%",D95=" &"),IF(F95="","",ROUND(ROUND(F95,3)*E95,2)),IF(F95="","",ROUND(ROUND(F95,2)*E95,2)))
G96: =IF(OR(D96="%",D96=" &"),IF(F96="","",ROUND(ROUND(F96,3)*E96,2)),IF(F96="","",ROUND(ROUND(F96,2)*E96,2)))
B97: (b) | C97: Flatbed truck (5 ton load capacity) | D97: km | E97: 1000 | G97: =IF(OR(D97="%",D97=" &"),IF(F97="","",ROUND(ROUND(F97,3)*E97,2)),IF(F97="","",ROUND(ROUND(F97,2)*E97,2)))
G98: =IF(OR(D98="%",D98=" &"),IF(F98="","",ROUND(ROUND(F98,3)*E98,2)),IF(F98="","",ROUND(ROUND(F98,2)*E98,2)))
G99: =IF(OR(D99="%",D99=" &"),IF(F99="","",ROUND(ROUND(F99,3)*E99,2)),IF(F99="","",ROUND(ROUND(F99,2)*E99,2)))
G100: =IF(OR(D100="%",D100=" &"),IF(F100="","",ROUND(ROUND(F100,3)*E100,2)),IF(F100="","",ROUND(ROUND(F100,2)*E100,2)))
G101: =IF(OR(D101="%",D101=" &"),IF(F101="","",ROUND(ROUND(F101,3)*E101,2)),IF(F101="","",ROUND(ROUND(F101,2)*E101,2)))
A102: CARRIED FORWARD / ……. | G102: =SUM(G48:G101) -> 1600000
G103: =IF(OR(D103="%",D103=" &"),IF(F103="","",ROUND(ROUND(F103,3)*E103,2)),IF(F103="","",ROUND(ROUND(F103,2)*E103,2)))
...

Sheet A_C1.3
A1: SECTION C1.3 | D1: CONTRACTOR’S SITE ESTABLISHMENT AND GENERAL OBLIGATIONS
A4: ITEM | B4: DESCRIPTION | D4: UNIT | E4: QTY | F4: RATE | G4: AMOUNT
G5: =IF(OR(D5="%",D5=" &"),IF(F5="","",ROUND(ROUND(F5,3)*E5,2)),IF(F5="","",ROUND(ROUND(F5,2)*E5,2)))
A6: C1.3 | B6: =D1 -> CONTRACTOR’S SITE ESTABLISHMENT AND GENERAL OBLIGATIONS | G6: =IF(OR(D6="%",D6=" &"),IF(F6="","",ROUND(ROUND(F6,3)*E6,2)),IF(F6="","",ROUND(ROUND(F6,2)*E6,2)))
G7: =IF(OR(D7="%",D7=" &"),IF(F7="","",ROUND(ROUND(F7,3)*E7,2)),IF(F7="","",ROUND(ROUND(F7,2)*E7,2)))
A8: C1.3.1 | B8: The Contractor's general obligations: | G8: =IF(OR(D8="%",D8=" &"),IF(F8="","",ROUND(ROUND(F8,3)*E8,2)),IF(F8="","",ROUND(ROUND(F8,2)*E8,2)))
G9: =IF(OR(D9="%",D9=" &"),IF(F9="","",ROUND(ROUND(F9,3)*E9,2)),IF(F9="","",ROUND(ROUND(F9,2)*E9,2)))
A10: C1.3.1.1 | B10: Fixed obligations | D10: lump sum | E10: 1 | G10: =IF(OR(D10="%",D10=" &"),IF(F10="","",ROUND(ROUND(F10,3)*E10,2)),IF(F10="","",ROUND(ROUND(F10,2)*E10,2)))
G11: =IF(OR(D11="%",D11=" &"),IF(F11="","",ROUND(ROUND(F11,3)*E11,2)),IF(F11="","",ROUND(ROUND(F11,2)*E11,2)))
A12: C1.3.1.2 | B12: Value-related obligations | D12: lump sum | E12: 1 | G12: =IF(OR(D12="%",D12=" &"),IF(F12="","",ROUND(ROUND(F12,3)*E12,2)),IF(F12="","",ROUND(ROUND(F12,2)*E12,2)))
G13: =IF(OR(D13="%",D13=" &"),IF(F13="","",ROUND(ROUND(F13,3)*E13,2)),IF(F13="","",ROUND(ROUND(F13,2)*E13,2)))
A14: PC1.3.1.3 | B14: Time-related obligations: | G14: =IF(OR(D14="%",D14=" &"),IF(F14="","",ROUND(ROUND(F14,3)*E14,2)),IF(F14="","",ROUND(ROUND(F14,2)*E14,2)))
G15: =IF(OR(D15="%",D15=" &"),IF(F15="","",ROUND(ROUND(F15,3)*E15,2)),IF(F15="","",ROUND(ROUND(F15,2)*E15,2)))
B16: (a) | C16: Mobilisation period | D16: month | E16: 3 | G16: =IF(OR(D16="%",D16=" &"),IF(F16="","",ROUND(ROUND(F16,3)*E16,2)),IF(F16="","",ROUND(ROUND(F16,2)*E16,2)))
G17: =IF(OR(D17="%",D17=" &"),IF(F17="","",ROUND(ROUND(F17,3)*E17,2)),IF(F17="","",ROUND(ROUND(F17,2)*E17,2)))
B18: (b) | C18: Execution of the works | D18: month | E18: 21 | G18: =IF(OR(D18="%",D18=" &"),IF(F18="","",ROUND(ROUND(F18,3)*E18,2)),IF(F18="","",ROUND(ROUND(F18,2)*E18,2)))
G19: =IF(OR(D19="%",D19=" &"),IF(F19="","",ROUND(ROUND(F19,3)*E19,2)),IF(F19="","",ROUND(ROUND(F19,2)*E19,2)))
A20: PC1.3.1.4 | B20: Suspension cost: | G20: =IF(OR(D20="%",D20=" &"),IF(F20="","",ROUND(ROUND(F20,3)*E20,2)),IF(F20="","",ROUND(ROUND(F20,2)*E20,2)))
G21: =IF(OR(D21="%",D21=" &"),IF(F21="","",ROUND(ROUND(F21,3)*E21,2)),IF(F21="","",ROUND(ROUND(F21,2)*E21,2)))
B22: (a) | C22: De-establishment | D22: No. | E22: 1 | G22: =IF(OR(D22="%",D22=" &"),IF(F22="","",ROUND(ROUND(F22,3)*E22,2)),IF(F22="","",ROUND(ROUND(F22,2)*E22,2)))
G23: =IF(OR(D23="%",D23=" &"),IF(F23="","",ROUND(ROUND(F23,3)*E23,2)),IF(F23="","",ROUND(ROUND(F23,2)*E23,2)))
B24: (b) | C24: Re-establishment | D24: No. | E24: 1 | G24: =IF(OR(D24="%",D24=" &"),IF(F24="","",ROUND(ROUND(F24,3)*E24,2)),IF(F24="","",ROUND(ROUND(F24,2)*E24,2)))
G25: =IF(OR(D25="%",D25=" &"),IF(F25="","",ROUND(ROUND(F25,3)*E25,2)),IF(F25="","",ROUND(ROUND(F25,2)*E25,2)))
B26: (c) | C26: Suspension period | D26: month | E26: 2 | G26: =IF(OR(D26="%",D26=" &"),IF(F26="","",ROUND(ROUND(F26,3)*E26,2)),IF(F26="","",ROUND(ROUND(F26,2)*E26,2)))
G27: =IF(OR(D27="%",D27=" &"),IF(F27="","",ROUND(ROUND(F27,3)*E27,2)),IF(F27="","",ROUND(ROUND(F27,2)*E27,2)))
B28: (d) | C28: Engineer's cost | D28: PC Sum | E28: 1 | F28: 1000000 | G28: =IF(OR(D28="%",D28=" &"),IF(F28="","",ROUND(ROUND(F28,3)*E28,2)),IF(F28="","",ROUND(ROUND(F28,2)*E28,2))) -> 1000000
G29: =IF(OR(D29="%",D29=" &"),IF(F29="","",ROUND(ROUND(F29,3)*E29,2)),IF(F29="","",ROUND(ROUND(F29,2)*E29,2)))
A30: C1.3.2 | B30: Contract sign boards | D30: m2 | E30: 75 | G30: =IF(OR(D30="%",D30=" &"),IF(F30="","",ROUND(ROUND(F30,3)*E30,2)),IF(F30="","",ROUND(ROUND(F30,2)*E30,2)))
G31: =IF(OR(D31="%",D31=" &"),IF(F31="","",ROUND(ROUND(F31,3)*E31,2)),IF(F31="","",ROUND(ROUND(F31,2)*E31,2)))
G32: =IF(OR(D32="%",D32=" &"),IF(F32="","",ROUND(ROUND(F32,3)*E32,2)),IF(F32="","",ROUND(ROUND(F32,2)*E32,2)))
G33: =IF(OR(D33="%",D33=" &"),IF(F33="","",ROUND(ROUND(F33,3)*E33,2)),IF(F33="","",ROUND(ROUND(F33,2)*E33,2)))
G34: =IF(OR(D34="%",D34=" &"),IF(F34="","",ROUND(ROUND(F34,3)*E34,2)),IF(F34="","",ROUND(ROUND(F34,2)*E34,2)))
G35: =IF(OR(D35="%",D35=" &"),IF(F35="","",ROUND(ROUND(F35,3)*E35,2)),IF(F35="","",ROUND(ROUND(F35,2)*E35,2)))
G36: =IF(OR(D36="%",D36=" &"),IF(F36="","",ROUND(ROUND(F36,3)*E36,2)),IF(F36="","",ROUND(ROUND(F36,2)*E36,2)))
G37: =IF(OR(D37="%",D37=" &"),IF(F37="","",ROUND(ROUND(F37,3)*E37,2)),IF(F37="","",ROUND(ROUND(F37,2)*E37,2)))
G38: =IF(OR(D38="%",D38=" &"),IF(F38="","",ROUND(ROUND(F38,3)*E38,2)),IF(F38="","",ROUND(ROUND(F38,2)*E38,2)))
G39: =IF(OR(D39="%",D39=" &"),IF(F39="","",ROUND(ROUND(F39,3)*E39,2)),IF(F39="","",ROUND(ROUND(F39,2)*E39,2)))
G40: =IF(OR(D40="%",D40=" &"),IF(F40="","",ROUND(ROUND(F40,3)*E40,2)),IF(F40="","",ROUND(ROUND(F40,2)*E40,2)))
G41: =IF(OR(D41="%",D41=" &"),IF(F41="","",ROUND(ROUND(F41,3)*E41,2)),IF(F41="","",ROUND(ROUND(F41,2)*E41,2)))
G42: =IF(OR(D42="%",D42=" &"),IF(F42="","",ROUND(ROUND(F42,3)*E42,2)),IF(F42="","",ROUND(ROUND(F42,2)*E42,2)))
... G57: =IF(OR(D57="%",D57=" &"),IF(F57="","",ROUND(ROUND(F57,3)*E57,2)),IF(F57="","",ROUND(ROUND(F57,2)*E57,2)))
A58: TOTAL CARRIED TO SUMMARY | G58: =SUM(G5:G57) -> 1000000

Sheet A_C1.4
A1: SECTION C1.4 | D1: FACILITIES FOR THE ENGINEER
A4: ITEM | B4: DESCRIPTION | D4: UNIT | E4: QTY | F4: RATE | G4: AMOUNT
G5: =IF(OR(D5="%",D5=" &"),IF(F5="","",ROUND(ROUND(F5,3)*E5,2)),IF(F5="","",ROUND(ROUND(F5,2)*E5,2)))
A6: C1.4 | B6: =D1 -> FACILITIES FOR THE ENGINEER | G6: =IF(OR(D6="%",D6=" &"),IF(F6="","",ROUND(ROUND(F6,3)*E6,2)),IF(F6="","",ROUND(ROUND(F6,2)*E6,2)))
G7: =IF(OR(D7="%",D7=" &"),IF(F7="","",ROUND(ROUND(F7,3)*E7,2)),IF(F7="","",ROUND(ROUND(F7,2)*E7,2)))
A8: C1.4.1 | B8: Site accommodation: | G8: =IF(OR(D8="%",D8=" &"),IF(F8="","",ROUND(ROUND(F8,3)*E8,2)),IF(F8="","",ROUND(ROUND(F8,2)*E8,2)))
G9: =IF(OR(D9="%",D9=" &"),IF(F9="","",ROUND(ROUND(F9,3)*E9,2)),IF(F9="","",ROUND(ROUND(F9,2)*E9,2)))
A10: C1.4.1.1 | B10: Offices and conference room | D10: m2 | E10: 250 | G10: =IF(OR(D10="%",D10=" &"),IF(F10="","",ROUND(ROUND(F10,3)*E10,2)),IF(F10="","",ROUND(ROUND(F10,2)*E10,2)))
G11: =IF(OR(D11="%",D11=" &"),IF(F11="","",ROUND(ROUND(F11,3)*E11,2)),IF(F11="","",ROUND(ROUND(F11,2)*E11,2)))
A12: C1.4.1.3 | B12: Open concrete working floors and verandas | D12: m2 | E12: 20 | G12: =IF(OR(D12="%",D12=" &"),IF(F12="","",ROUND(ROUND(F12,3)*E12,2)),IF(F12="","",ROUND(ROUND(F12,2)*E12,2)))
G13: =IF(OR(D13="%",D13=" &"),IF(F13="","",ROUND(ROUND(F13,3)*E13,2)),IF(F13="","",ROUND(ROUND(F13,2)*E13,2)))
A14: C1.4.1.4 | B14: Roofs over open concrete working floors and verandas | D14: m2 | E14: 20 | G14: =IF(OR(D14="%",D14=" &"),IF(F14="","",ROUND(ROUND(F14,3)*E14,2)),IF(F14="","",ROUND(ROUND(F14,2)*E14,2)))
G15: =IF(OR(D15="%",D15=" &"),IF(F15="","",ROUND(ROUND(F15,3)*E15,2)),IF(F15="","",ROUND(ROUND(F15,2)*E15,2)))
A16: C1.4.1.6 | B16: Car ports | D16: No. | E16: 10 | G16: =IF(OR(D16="%",D16=" &"),IF(F16="","",ROUND(ROUND(F16,3)*E16,2)),IF(F16="","",ROUND(ROUND(F16,2)*E16,2)))
G17: =IF(OR(D17="%",D17=" &"),IF(F17="","",ROUND(ROUND(F17,3)*E17,2)),IF(F17="","",ROUND(ROUND(F17,2)*E17,2)))
A18: C1.4.1.7 | B18: Ablution unit (equipped as specified) | D18: No. | E18: 6 | G18: =IF(OR(D18="%",D18=" &"),IF(F18="","",ROUND(ROUND(F18,3)*E18,2)),IF(F18="","",ROUND(ROUND(F18,2)*E18,2)))
G19: =IF(OR(D19="%",D19=" &"),IF(F19="","",ROUND(ROUND(F19,3)*E19,2)),IF(F19="","",ROUND(ROUND(F19,2)*E19,2)))
A20: C1.4.1.8 | B20: Change room with a shower | D20: No. | E20: 3 | G20: =IF(OR(D20="%",D20=" &"),IF(F20="","",ROUND(ROUND(F20,3)*E20,2)),IF(F20="","",ROUND(ROUND(F20,2)*E20,2)))
G21: =IF(OR(D21="%",D21=" &"),IF(F21="","",ROUND(ROUND(F21,3)*E21,2)),IF(F21="","",ROUND(ROUND(F21,2)*E21,2)))
A22: C1.4.1.9 | B22: Kitchen unit (equipped as specified) | D22: No. | E22: 3 | G22: =IF(OR(D22="%",D22=" &"),IF(F22="","",ROUND(ROUND(F22,3)*E22,2)),IF(F22="","",ROUND(ROUND(F22,2)*E22,2)))
G23: =IF(OR(D23="%",D23=" &"),IF(F23="","",ROUND(ROUND(F23,3)*E23,2)),IF(F23="","",ROUND(ROUND(F23,2)*E23,2)))
A24: C1.4.2 | B24: Items measured by area: | G24: =IF(OR(D24="%",D24=" &"),IF(F24="","",ROUND(ROUND(F24,3)*E24,2)),IF(F24="","",ROUND(ROUND(F24,2)*E24,2)))
G25: =IF(OR(D25="%",D25=" &"),IF(F25="","",ROUND(ROUND(F25,3)*E25,2)),IF(F25="","",ROUND(ROUND(F25,2)*E25,2)))
A26: C1.4.2.1 | B26: Shelving as specified, complete with brackets | D26: m2 | E26: 30 | G26: =IF(OR(D26="%",D26=" &"),IF(F26="","",ROUND(ROUND(F26,3)*E26,2)),IF(F26="","",ROUND(ROUND(F26,2)*E26,2)))
G27: =IF(OR(D27="%",D27=" &"),IF(F27="","",ROUND(ROUND(F27,3)*E27,2)),IF(F27="","",ROUND(ROUND(F27,2)*E27,2)))
A28: C1.4.2.7 | B28: Venetian blinds | D28: m2 | E28: 30 | G28: =IF(OR(D28="%",D28=" &"),IF(F28="","",ROUND(ROUND(F28,3)*E28,2)),IF(F28="","",ROUND(ROUND(F28,2)*E28,2)))
G29: =IF(OR(D29="%",D29=" &"),IF(F29="","",ROUND(ROUND(F29,3)*E29,2)),IF(F29="","",ROUND(ROUND(F29,2)*E29,2)))
A30: C1.4.2.8 | B30: Notice boards | D30: m2 | E30: 15 | G30: =IF(OR(D30="%",D30=" &"),IF(F30="","",ROUND(ROUND(F30,3)*E30,2)),IF(F30="","",ROUND(ROUND(F30,2)*E30,2)))
G31: =IF(OR(D31="%",D31=" &"),IF(F31="","",ROUND(ROUND(F31,3)*E31,2)),IF(F31="","",ROUND(ROUND(F31,2)*E31,2)))
A32: C1.4.2.9 | B32: White boards | D32: m2 | E32: 15 | G32: =IF(OR(D32="%",D32=" &"),IF(F32="","",ROUND(ROUND(F32,3)*E32,2)),IF(F32="","",ROUND(ROUND(F32,2)*E32,2)))
G33: =IF(OR(D33="%",D33=" &"),IF(F33="","",ROUND(ROUND(F33,3)*E33,2)),IF(F33="","",ROUND(ROUND(F33,2)*E33,2)))
A34: C1.4.3 | B34: Items measured by number: | G34: =IF(OR(D34="%",D34=" &"),IF(F34="","",ROUND(ROUND(F34,3)*E34,2)),IF(F34="","",ROUND(ROUND(F34,2)*E34,2)))
G35: =IF(OR(D35="%",D35=" &"),IF(F35="","",ROUND(ROUND(F35,3)*E35,2)),IF(F35="","",ROUND(ROUND(F35,2)*E35,2)))
A36: C1.4.3.2 | B36: Office chair | D36: No. | E36: 15 | G36: =IF(OR(D36="%",D36=" &"),IF(F36="","",ROUND(ROUND(F36,3)*E36,2)),IF(F36="","",ROUND(ROUND(F36,2)*E36,2)))
G37: =IF(OR(D37="%",D37=" &"),IF(F37="","",ROUND(ROUND(F37,3)*E37,2)),IF(F37="","",ROUND(ROUND(F37,2)*E37,2)))
A38: C1.4.3.5 | B38: Office desk with 3 drawers (at least one lockable drawer) | D38: No. | E38: 5 | G38: =IF(OR(D38="%",D38=" &"),IF(F38="","",ROUND(ROUND(F38,3)*E38,2)),IF(F38="","",ROUND(ROUND(F38,2)*E38,2)))
G39: =IF(OR(D39="%",D39=" &"),IF(F39="","",ROUND(ROUND(F39,3)*E39,2)),IF(F39="","",ROUND(ROUND(F39,2)*E39,2)))
A40: C1.4.3.7 | B40: Drawing table | D40: No. | E40: 3 | G40: =IF(OR(D40="%",D40=" &"),IF(F40="","",ROUND(ROUND(F40,3)*E40,2)),IF(F40="","",ROUND(ROUND(F40,2)*E40,2)))
G41: =IF(OR(D41="%",D41=" &"),IF(F41="","",ROUND(ROUND(F41,3)*E41,2)),IF(F41="","",ROUND(ROUND(F41,2)*E41,2)))
A42: C1.4.3.8 | B42: Conference table | D42: No. | E42: 2 | G42: =IF(OR(D42="%",D42=" &"),IF(F42="","",ROUND(ROUND(F42,3)*E42,2)),IF(F42="","",ROUND(ROUND(F42,2)*E42,2)))
G43: =IF(OR(D43="%",D43=" &"),IF(F43="","",ROUND(ROUND(F43,3)*E43,2)),IF(F43="","",ROUND(ROUND(F43,2)*E43,2)))
A44: C1.4.3.9 | B44: Bookcase | D44: No. | E44: 5 | G44: =IF(OR(D44="%",D44=" &"),IF(F44="","",ROUND(ROUND(F44,3)*E44,2)),IF(F44="","",ROUND(ROUND(F44,2)*E44,2)))
G45: =IF(OR(D45="%",D45=" &"),IF(F45="","",ROUND(ROUND(F45,3)*E45,2)),IF(F45="","",ROUND(ROUND(F45,2)*E45,2)))
A46: C1.4.3.13 | B46: 220/250 volt power outlet plug point | D46: No. | E46: 40 | G46: =IF(OR(D46="%",D46=" &"),IF(F46="","",ROUND(ROUND(F46,3)*E46,2)),IF(F46="","",ROUND(ROUND(F46,2)*E46,2)))
G47: =IF(OR(D47="%",D47=" &"),IF(F47="","",ROUND(ROUND(F47,3)*E47,2)),IF(F47="","",ROUND(ROUND(F47,2)*E47,2)))
A48: C1.4.3.16 | B48: Single 1500 mm, 22 watt LED tube ceiling light | D48: No. | E48: 20 | G48: =IF(OR(D48="%",D48=" &"),IF(F48="","",ROUND(ROUND(F48,3)*E48,2)),IF(F48="","",ROUND(ROUND(F48,2)*E48,2)))
G49: =IF(OR(D49="%",D49=" &"),IF(F49="","",ROUND(ROUND(F49,3)*E49,2)),IF(F49="","",ROUND(ROUND(F49,2)*E49,2)))
A50: C1.4.3.17 | B50: 11 watt compact flourescent bulb ceiling light | D50: No. | E50: 20 | G50: =IF(OR(D50="%",D50=" &"),IF(F50="","",ROUND(ROUND(F50,3)*E50,2)),IF(F50="","",ROUND(ROUND(F50,2)*E50,2)))
G51: =IF(OR(D51="%",D51=" &"),IF(F51="","",ROUND(ROUND(F51,3)*E51,2)),IF(F51="","",ROUND(ROUND(F51,2)*E51,2)))
A52: C1.4.3.18 | B52: 7 watt LED bulb ceiling light | D52: No. | E52: 20 | G52: =IF(OR(D52="%",D52=" &"),IF(F52="","",ROUND(ROUND(F52,3)*E52,2)),IF(F52="","",ROUND(ROUND(F52,2)*E52,2)))
G53: =IF(OR(D53="%",D53=" &"),IF(F53="","",ROUND(ROUND(F53,3)*E53,2)),IF(F53="","",ROUND(ROUND(F53,2)*E53,2)))
A54: C1.4.3.19 | B54: Wash-hand basin | D54: No. | E54: 6 | G54: =IF(OR(D54="%",D54=" &"),IF(F54="","",ROUND(ROUND(F54,3)*E54,2)),IF(F54="","",ROUND(ROUND(F54,2)*E54,2)))
G55: =IF(OR(D55="%",D55=" &"),IF(F55="","",ROUND(ROUND(F55,3)*E55,2)),IF(F55="","",ROUND(ROUND(F55,2)*E55,2)))
G56: =IF(OR(D56="%",D56=" &"),IF(F56="","",ROUND(ROUND(F56,3)*E56,2)),IF(F56="","",ROUND(ROUND(F56,2)*E56,2)))
A57: CARRIED FORWARD / ……. | G57: =SUM(G5:G56) -> 0
G58: =IF(OR(D58="%",D58=" &"),IF(F58="","",ROUND(ROUND(F58,3)*E58,2)),IF(F58="","",ROUND(ROUND(F58,2)*E58,2)))
B59: BROUGHT FORWARD / ……. | G59: =G57 -> 0
G60: =IF(OR(D60="%",D60=" &"),IF(F60="","",ROUND(ROUND(F60,3)*E60,2)),IF(F60="","",ROUND(ROUND(F60,2)*E60,2)))
A61: C1.4.3.23 | B61: Fire extinguisher 9,0 kg, dry powder type | D61: No. | E61: 10 | G61: =IF(OR(D61="%",D61=" &"),IF(F61="","",ROUND(ROUND(F61,3)*E61,2)),IF(F61="","",ROUND(ROUND(F61,2)*E61,2)))
G62: =IF(OR(D62="%",D62=" &"),IF(F62="","",ROUND(ROUND(F62,3)*E62,2)),IF(F62="","",ROUND(ROUND(F62,2)*E62,2)))
A63: C1.4.3.24 | B63: Air-conditioning unit | D63: No. | E63: 5 | G63: =IF(OR(D63="%",D63=" &"),IF(F63="","",ROUND(ROUND(F63,3)*E63,2)),IF(F63="","",ROUND(ROUND(F63,2)*E63,2)))
G64: =IF(OR(D64="%",D64=" &"),IF(F64="","",ROUND(ROUND(F64,3)*E64,2)),IF(F64="","",ROUND(ROUND(F64,2)*E64,2)))
A65: C1.4.3.25 | B65: Heater | D65: No. | E65: 5 | G65: =IF(OR(D65="%",D65=" &"),IF(F65="","",ROUND(ROUND(F65,3)*E65,2)),IF(F65="","",ROUND(ROUND(F65,2)*E65,2)))
G66: =IF(OR(D66="%",D66=" &"),IF(F66="","",ROUND(ROUND(F66,3)*E66,2)),IF(F66="","",ROUND(ROUND(F66,2)*E66,2)))
A67: C1.4.3.28 | B67: UPS / voltage stabiliser | D67: No. | E67: 3 | G67: =IF(OR(D67="%",D67=" &"),IF(F67="","",ROUND(ROUND(F67,3)*E67,2)),IF(F67="","",ROUND(ROUND(F67,2)*E67,2)))
G68: =IF(OR(D68="%",D68=" &"),IF(F68="","",ROUND(ROUND(F68,3)*E68,2)),IF(F68="","",ROUND(ROUND(F68,2)*E68,2)))
A69: C1.4.3.29 | B69: A3 / A4 colour printer, copier, scanner | D69: No. | E69: 3 | G69: =IF(OR(D69="%",D69=" &"),IF(F69="","",ROUND(ROUND(F69,3)*E69,2)),IF(F69="","",ROUND(ROUND(F69,2)*E69,2)))
G70: =IF(OR(D70="%",D70=" &"),IF(F70="","",ROUND(ROUND(F70,3)*E70,2)),IF(F70="","",ROUND(ROUND(F70,2)*E70,2)))
A71: C1.4.3.31 | B71: Rain gauge | D71: No. | E71: 5 | G71: =IF(OR(D71="%",D71=" &"),IF(F71="","",ROUND(ROUND(F71,3)*E71,2)),IF(F71="","",ROUND(ROUND(F71,2)*E71,2)))
G72: =IF(OR(D72="%",D72=" &"),IF(F72="","",ROUND(ROUND(F72,3)*E72,2)),IF(F72="","",ROUND(ROUND(F72,2)*E72,2)))
A73: C1.4.3.32 | B73: Minimum / maximum atmospheric temperature gauge | D73: No. | E73: 3 | G73: =IF(OR(D73="%",D73=" &"),IF(F73="","",ROUND(ROUND(F73,3)*E73,2)),IF(F73="","",ROUND(ROUND(F73,2)*E73,2)))
G74: =IF(OR(D74="%",D74=" &"),IF(F74="","",ROUND(ROUND(F74,3)*E74,2)),IF(F74="","",ROUND(ROUND(F74,2)*E74,2)))
A75: C1.4.3.34 | B75: Mobile outdoor weather station | D75: No. | E75: 3 | G75: =IF(OR(D75="%",D75=" &"),IF(F75="","",ROUND(ROUND(F75,3)*E75,2)),IF(F75="","",ROUND(ROUND(F75,2)*E75,2)))
G76: =IF(OR(D76="%",D76=" &"),IF(F76="","",ROUND(ROUND(F76,3)*E76,2)),IF(F76="","",ROUND(ROUND(F76,2)*E76,2)))
A77: C1.4.3.36 | B77: Measuring wheel | D77: No. | E77: 2 | G77: =IF(OR(D77="%",D77=" &"),IF(F77="","",ROUND(ROUND(F77,3)*E77,2)),IF(F77="","",ROUND(ROUND(F77,2)*E77,2)))
G78: =IF(OR(D78="%",D78=" &"),IF(F78="","",ROUND(ROUND(F78,3)*E78,2)),IF(F78="","",ROUND(ROUND(F78,2)*E78,2)))
A79: C1.4.3.37 | B79: First aid kit | D79: No. | E79: 5 | G79: =IF(OR(D79="%",D79=" &"),IF(F79="","",ROUND(ROUND(F79,3)*E79,2)),IF(F79="","",ROUND(ROUND(F79,2)*E79,2)))
G80: =IF(OR(D80="%",D80=" &"),IF(F80="","",ROUND(ROUND(F80,3)*E80,2)),IF(F80="","",ROUND(ROUND(F80,2)*E80,2)))
A81: C.1.4.4 | B81: Prime cost items | G81: =IF(OR(D81="%",D81=" &"),IF(F81="","",ROUND(ROUND(F81,3)*E81,2)),IF(F81="","",ROUND(ROUND(F81,2)*E81,2)))
G82: =IF(OR(D82="%",D82=" &"),IF(F82="","",ROUND(ROUND(F82,3)*E82,2)),IF(F82="","",ROUND(ROUND(F82,2)*E82,2)))
A83: C1.4.4.5 | B83: The provision of internet connectivity and WiFi data for Engineer’s site staff | D83: PC Sum | E83: 1 | F83: 75000 | G83: =IF(OR(D83="%",D83=" &"),IF(F83="","",ROUND(ROUND(F83,3)*E83,2)),IF(F83="","",ROUND(ROUND(F83,2)*E83,2))) -> 75000
G84: =IF(OR(D84="%",D84=" &"),IF(F84="","",ROUND(ROUND(F84,3)*E84,2)),IF(F84="","",ROUND(ROUND(F84,2)*E84,2)))
A85: C1.4.4.6 | B85: Handling costs and profit in respect of item C1.4.4.5 | D85: % | E85: 75000 | G85: =IF(OR(D85="%",D85=" &"),IF(F85="","",ROUND(ROUND(F85,3)*E85,2)),IF(F85="","",ROUND(ROUND(F85,2)*E85,2)))
G86: =IF(OR(D86="%",D86=" &"),IF(F86="","",ROUND(ROUND(F86,3)*E86,2)),IF(F86="","",ROUND(ROUND(F86,2)*E86,2)))
A87: C1.4.4.7 | B87: The provision of paper and ink for a combination colour printer/copier/scanner | D87: PC Sum | E87: 1 | F87: 50000 | G87: =IF(OR(D87="%",D87=" &"),IF(F87="","",ROUND(ROUND(F87,3)*E87,2)),IF(F87="","",ROUND(ROUND(F87,2)*E87,2))) -> 50000
G88: =IF(OR(D88="%",D88=" &"),IF(F88="","",ROUND(ROUND(F88,3)*E88,2)),IF(F88="","",ROUND(ROUND(F88,2)*E88,2)))
A89: C1.4.4.8 | B89: Handling costs and profit in respect of item C1.4.4.7 | D89: % | E89: 50000 | G89: =IF(OR(D89="%",D89=" &"),IF(F89="","",ROUND(ROUND(F89,3)*E89,2)),IF(F89="","",ROUND(ROUND(F89,2)*E89,2)))
G90: =IF(OR(D90="%",D90=" &"),IF(F90="","",ROUND(ROUND(F90,3)*E90,2)),IF(F90="","",ROUND(ROUND(F90,2)*E90,2)))
A91: C1.4.4.9 | B91: The provision of a complete 220/250 volt single phase electrical power installation, including all poles, insulators, wiring, switchboards, mains connections, meters etc. | D91: PC Sum | E91: 1 | F91: 25000 | G91: =IF(OR(D91="%",D91=" &"),IF(F91="","",ROUND(ROUND(F91,3)*E91,2)),IF(F91="","",ROUND(ROUND(F91,2)*E91,2))) -> 25000
G92: =IF(OR(D92="%",D92=" &"),IF(F92="","",ROUND(ROUND(F92,3)*E92,2)),IF(F92="","",ROUND(ROUND(F92,2)*E92,2)))
A93: C1.4.4.10 | B93: Handling costs and profit in respect of item C1.4.4.9 | D93: % | E93: 25000 | G93: =IF(OR(D93="%",D93=" &"),IF(F93="","",ROUND(ROUND(F93,3)*E93,2)),IF(F93="","",ROUND(ROUND(F93,2)*E93,2)))
G94: =IF(OR(D94="%",D94=" &"),IF(F94="","",ROUND(ROUND(F94,3)*E94,2)),IF(F94="","",ROUND(ROUND(F94,2)*E94,2)))
A95: C1.4.5 | B95: Services at site offices, laboratories and site accommodation: | G95: =IF(OR(D95="%",D95=" &"),IF(F95="","",ROUND(ROUND(F95,3)*E95,2)),IF(F95="","",ROUND(ROUND(F95,2)*E95,2)))
G96: =IF(OR(D96="%",D96=" &"),IF(F96="","",ROUND(ROUND(F96,3)*E96,2)),IF(F96="","",ROUND(ROUND(F96,2)*E96,2)))
A97: C1.4.5.1 | B97: Fixed costs | D97: lump sum | E97: 1 | G97: =IF(OR(D97="%",D97=" &"),IF(F97="","",ROUND(ROUND(F97,3)*E97,2)),IF(F97="","",ROUND(ROUND(F97,2)*E97,2)))
G98: =IF(OR(D98="%",D98=" &"),IF(F98="","",ROUND(ROUND(F98,3)*E98,2)),IF(F98="","",ROUND(ROUND(F98,2)*E98,2)))
A99: C1.4.5.2 | B99: Running costs | D99: month | E99: 24 | G99: =IF(OR(D99="%",D99=" &"),IF(F99="","",ROUND(ROUND(F99,3)*E99,2)),IF(F99="","",ROUND(ROUND(F99,2)*E99,2)))
G100: =IF(OR(D100="%",D100=" &"),IF(F100="","",ROUND(ROUND(F100,3)*E100,2)),IF(F100="","",ROUND(ROUND(F100,2)*E100,2)))
G101: =IF(OR(D101="%",D101=" &"),IF(F101="","",ROUND(ROUND(F101,3)*E101,2)),IF(F101="","",ROUND(ROUND(F101,2)*E101,2)))
A102: CARRIED FORWARD / ……. | G102: =SUM(G58:G101) -> 150000
...

Sheet A_C11.4
A1: SECTION C11.4 | D1: ROAD RESTRAINT SYSTEMS
A4: ITEM | B4: DESCRIPTION | D4: UNIT | E4: QTY | F4: RATE | G4: AMOUNT
G5: =IF(OR(D5="%",D5=" &"),IF(F5="","",ROUND(ROUND(F5,3)*E5,2)),IF(F5="","",ROUND(ROUND(F5,2)*E5,2)))
A6: C11.4 | B6: =D1 -> ROAD RESTRAINT SYSTEMS | G6: =IF(OR(D6="%",D6=" &"),IF(F6="","",ROUND(ROUND(F6,3)*E6,2)),IF(F6="","",ROUND(ROUND(F6,2)*E6,2)))
G7: =IF(OR(D7="%",D7=" &"),IF(F7="","",ROUND(ROUND(F7,3)*E7,2)),IF(F7="","",ROUND(ROUND(F7,2)*E7,2)))
A8: C11.4.1 | B8: Erecting of guardrails at 3,81 m spacing | G8: =IF(OR(D8="%",D8=" &"),IF(F8="","",ROUND(ROUND(F8,3)*E8,2)),IF(F8="","",ROUND(ROUND(F8,2)*E8,2)))
G9: =IF(OR(D9="%",D9=" &"),IF(F9="","",ROUND(ROUND(F9,3)*E9,2)),IF(F9="","",ROUND(ROUND(F9,2)*E9,2)))
A10: C11.4.1.1 | B10: Complete galvanized system compliant to SANS 1350: | G10: =IF(OR(D10="%",D10=" &"),IF(F10="","",ROUND(ROUND(F10,3)*E10,2)),IF(F10="","",ROUND(ROUND(F10,2)*E10,2)))
G11: =IF(OR(D11="%",D11=" &"),IF(F11="","",ROUND(ROUND(F11,3)*E11,2)),IF(F11="","",ROUND(ROUND(F11,2)*E11,2)))
B12: (a) | C12: On timber posts (drg no. TD-R-GR-001 and TD-R-GR-002) | D12: m | E12: 500 | G12: =IF(OR(D12="%",D12=" &"),IF(F12="","",ROUND(ROUND(F12,3)*E12,2)),IF(F12="","",ROUND(ROUND(F12,2)*E12,2)))
G13: =IF(OR(D13="%",D13=" &"),IF(F13="","",ROUND(ROUND(F13,3)*E13,2)),IF(F13="","",ROUND(ROUND(F13,2)*E13,2)))
B14: (b) | C14: On steel posts used at specific locations (drg no. TD-R-GR-001 and TD-R-GR-002) | D14: m | E14: 50 | G14: =IF(OR(D14="%",D14=" &"),IF(F14="","",ROUND(ROUND(F14,3)*E14,2)),IF(F14="","",ROUND(ROUND(F14,2)*E14,2)))
G15: =IF(OR(D15="%",D15=" &"),IF(F15="","",ROUND(ROUND(F15,3)*E15,2)),IF(F15="","",ROUND(ROUND(F15,2)*E15,2)))
A16: C11.4.1.2 | B16: Terminal sections for 3,81 guardrails comprising of: | G16: =IF(OR(D16="%",D16=" &"),IF(F16="","",ROUND(ROUND(F16,3)*E16,2)),IF(F16="","",ROUND(ROUND(F16,2)*E16,2)))
G17: =IF(OR(D17="%",D17=" &"),IF(F17="","",ROUND(ROUND(F17,3)*E17,2)),IF(F17="","",ROUND(ROUND(F17,2)*E17,2)))
B18: (b) | C18: Bullnoses to SANS 1350 | D18: No. | E18: 2 | G18: =IF(OR(D18="%",D18=" &"),IF(F18="","",ROUND(ROUND(F18,3)*E18,2)),IF(F18="","",ROUND(ROUND(F18,2)*E18,2)))
G19: =IF(OR(D19="%",D19=" &"),IF(F19="","",ROUND(ROUND(F19,3)*E19,2)),IF(F19="","",ROUND(ROUND(F19,2)*E19,2)))
B20: (e) | C20: End treatments where double guardrail sections are specified (drg no. TD-R-GR-100 and TD-R-GR-101) | D20: No. | E20: 2 | G20: =IF(OR(D20="%",D20=" &"),IF(F20="","",ROUND(ROUND(F20,3)*E20,2)),IF(F20="","",ROUND(ROUND(F20,2)*E20,2)))
G21: =IF(OR(D21="%",D21=" &"),IF(F21="","",ROUND(ROUND(F21,3)*E21,2)),IF(F21="","",ROUND(ROUND(F21,2)*E21,2)))
A22: C11.4.5 | B22: Additional guardrail posts for 3,81 m systems: | G22: =IF(OR(D22="%",D22=" &"),IF(F22="","",ROUND(ROUND(F22,3)*E22,2)),IF(F22="","",ROUND(ROUND(F22,2)*E22,2)))
G23: =IF(OR(D23="%",D23=" &"),IF(F23="","",ROUND(ROUND(F23,3)*E23,2)),IF(F23="","",ROUND(ROUND(F23,2)*E23,2)))
A24: C11.4.5.1 | B24: Timber | D24: No. | E24: 100 | G24: =IF(OR(D24="%",D24=" &"),IF(F24="","",ROUND(ROUND(F24,3)*E24,2)),IF(F24="","",ROUND(ROUND(F24,2)*E24,2)))
G25: =IF(OR(D25="%",D25=" &"),IF(F25="","",ROUND(ROUND(F25,3)*E25,2)),IF(F25="","",ROUND(ROUND(F25,2)*E25,2)))
A26: C11.4.5.2 | B26: Steel (drg no. TD-R-GR-002) | D26: No. | E26: 25 | G26: =IF(OR(D26="%",D26=" &"),IF(F26="","",ROUND(ROUND(F26,3)*E26,2)),IF(F26="","",ROUND(ROUND(F26,2)*E26,2)))
G27: =IF(OR(D27="%",D27=" &"),IF(F27="","",ROUND(ROUND(F27,3)*E27,2)),IF(F27="","",ROUND(ROUND(F27,2)*E27,2)))
A28: C11.4.6 | B28: Reflective plates | G28: =IF(OR(D28="%",D28=" &"),IF(F28="","",ROUND(ROUND(F28,3)*E28,2)),IF(F28="","",ROUND(ROUND(F28,2)*E28,2)))
G29: =IF(OR(D29="%",D29=" &"),IF(F29="","",ROUND(ROUND(F29,3)*E29,2)),IF(F29="","",ROUND(ROUND(F29,2)*E29,2)))
A30: C11.4.6.1 | B30: Steel plates | D30: No. | E30: 100 | G30: =IF(OR(D30="%",D30=" &"),IF(F30="","",ROUND(ROUND(F30,3)*E30,2)),IF(F30="","",ROUND(ROUND(F30,2)*E30,2)))
G31: =IF(OR(D31="%",D31=" &"),IF(F31="","",ROUND(ROUND(F31,3)*E31,2)),IF(F31="","",ROUND(ROUND(F31,2)*E31,2)))
A32: C11.4.7 | B32: Removing existing guardrails | D32: m | E32: 500 | G32: =IF(OR(D32="%",D32=" &"),IF(F32="","",ROUND(ROUND(F32,3)*E32,2)),IF(F32="","",ROUND(ROUND(F32,2)*E32,2)))
G33: =IF(OR(D33="%",D33=" &"),IF(F33="","",ROUND(ROUND(F33,3)*E33,2)),IF(F33="","",ROUND(ROUND(F33,2)*E33,2)))
A34: C11.4.12 | B34: Extra over items C11.4.1 and C11.4.2 for drilling and blasting holes for guardrail posts | D34: No. | E34: 10 | G34: =IF(OR(D34="%",D34=" &"),IF(F34="","",ROUND(ROUND(F34,3)*E34,2)),IF(F34="","",ROUND(ROUND(F34,2)*E34,2)))
G35: =IF(OR(D35="%",D35=" &"),IF(F35="","",ROUND(ROUND(F35,3)*E35,2)),IF(F35="","",ROUND(ROUND(F35,2)*E35,2)))
A36: C11.4.13 | B36: Steel base plates for guardrail posts on structures | D36: No. | E36: 25 | G36: =IF(OR(D36="%",D36=" &"),IF(F36="","",ROUND(ROUND(F36,3)*E36,2)),IF(F36="","",ROUND(ROUND(F36,2)*E36,2)))
G37: =IF(OR(D37="%",D37=" &"),IF(F37="","",ROUND(ROUND(F37,3)*E37,2)),IF(F37="","",ROUND(ROUND(F37,2)*E37,2)))
A38: C11.4.14 | B38: Nailing of gang nail plates on top of timber guardrail posts | D38: No. | E38: 250 | G38: =IF(OR(D38="%",D38=" &"),IF(F38="","",ROUND(ROUND(F38,3)*E38,2)),IF(F38="","",ROUND(ROUND(F38,2)*E38,2)))
G39: =IF(OR(D39="%",D39=" &"),IF(F39="","",ROUND(ROUND(F39,3)*E39,2)),IF(F39="","",ROUND(ROUND(F39,2)*E39,2)))
A40: C11.4.15 | B40: Disposal of existing guardrails | G40: =IF(OR(D40="%",D40=" &"),IF(F40="","",ROUND(ROUND(F40,3)*E40,2)),IF(F40="","",ROUND(ROUND(F40,2)*E40,2)))
G41: =IF(OR(D41="%",D41=" &"),IF(F41="","",ROUND(ROUND(F41,3)*E41,2)),IF(F41="","",ROUND(ROUND(F41,2)*E41,2)))
A42: C11.4.15.1 | B42: Straight or curved longitudinal guardrails | D42: m | E42: 500 | G42: =IF(OR(D42="%",D42=" &"),IF(F42="","",ROUND(ROUND(F42,3)*E42,2)),IF(F42="","",ROUND(ROUND(F42,2)*E42,2)))
G43: =IF(OR(D43="%",D43=" &"),IF(F43="","",ROUND(ROUND(F43,3)*E43,2)),IF(F43="","",ROUND(ROUND(F43,2)*E43,2)))
A44: C11.4.15.3 | B44: End treatments with double guardrails | D44: m | E44: 50 | G44: =IF(OR(D44="%",D44=" &"),IF(F44="","",ROUND(ROUND(F44,3)*E44,2)),IF(F44="","",ROUND(ROUND(F44,2)*E44,2)))
G45: =IF(OR(D45="%",D45=" &"),IF(F45="","",ROUND(ROUND(F45,3)*E45,2)),IF(F45="","",ROUND(ROUND(F45,2)*E45,2)))
G46: =IF(OR(D46="%",D46=" &"),IF(F46="","",ROUND(ROUND(F46,3)*E46,2)),IF(F46="","",ROUND(ROUND(F46,2)*E46,2)))
G47: =IF(OR(D47="%",D47=" &"),IF(F47="","",ROUND(ROUND(F47,3)*E47,2)),IF(F47="","",ROUND(ROUND(F47,2)*E47,2)))
A48: TOTAL CARRIED TO SUMMARY | G48: =SUM(G5:G47) -> 0

Sheet A_C11.5
A1: SECTION C11.5 | D1: FENCING
A4: ITEM | B4: DESCRIPTION | D4: UNIT | E4: QTY | F4: RATE | G4: AMOUNT
G5: =IF(OR(D5="%",D5=" &"),IF(F5="","",ROUND(ROUND(F5,3)*E5,2)),IF(F5="","",ROUND(ROUND(F5,2)*E5,2)))
A6: C11.5 | B6: =D1 -> FENCING | G6: =IF(OR(D6="%",D6=" &"),IF(F6="","",ROUND(ROUND(F6,3)*E6,2)),IF(F6="","",ROUND(ROUND(F6,2)*E6,2)))
G7: =IF(OR(D7="%",D7=" &"),IF(F7="","",ROUND(ROUND(F7,3)*E7,2)),IF(F7="","",ROUND(ROUND(F7,2)*E7,2)))
A8: C11.5.1 | B8: Supply and erect new fencing material for new fences and for supplementing material in existing fences which are being repaired or removed: | G8: =IF(OR(D8="%",D8=" &"),IF(F8="","",ROUND(ROUND(F8,3)*E8,2)),IF(F8="","",ROUND(ROUND(F8,2)*E8,2)))
G9: =IF(OR(D9="%",D9=" &"),IF(F9="","",ROUND(ROUND(F9,3)*E9,2)),IF(F9="","",ROUND(ROUND(F9,2)*E9,2)))
A10: C11.5.1.1 | B10: Zinc-coated barbed wire (high tensile grade SANS 675, 3,2 mm x 2,5 mm oval shaped, fully galvanised) | D10: km | E10: 25 | G10: =IF(OR(D10="%",D10=" &"),IF(F10="","",ROUND(ROUND(F10,3)*E10,2)),IF(F10="","",ROUND(ROUND(F10,2)*E10,2)))
G11: =IF(OR(D11="%",D11=" &"),IF(F11="","",ROUND(ROUND(F11,3)*E11,2)),IF(F11="","",ROUND(ROUND(F11,2)*E11,2)))
A12: C11.5.1.2 | B12: Zinc-coated smooth wire (high tensile grade SANS 675, 3,0 mm Ø, fully galvanised) | D12: km | E12: 5 | G12: =IF(OR(D12="%",D12=" &"),IF(F12="","",ROUND(ROUND(F12,3)*E12,2)),IF(F12="","",ROUND(ROUND(F12,2)*E12,2)))
G13: =IF(OR(D13="%",D13=" &"),IF(F13="","",ROUND(ROUND(F13,3)*E13,2)),IF(F13="","",ROUND(ROUND(F13,2)*E13,2)))
A14: C11.5.1.4 | B14: Wire netting | D14: m2 | E14: 1500 | G14: =IF(OR(D14="%",D14=" &"),IF(F14="","",ROUND(ROUND(F14,3)*E14,2)),IF(F14="","",ROUND(ROUND(F14,2)*E14,2)))
G15: =IF(OR(D15="%",D15=" &"),IF(F15="","",ROUND(ROUND(F15,3)*E15,2)),IF(F15="","",ROUND(ROUND(F15,2)*E15,2)))
A16: C11.5.1.7 | B16: Standards | G16: =IF(OR(D16="%",D16=" &"),IF(F16="","",ROUND(ROUND(F16,3)*E16,2)),IF(F16="","",ROUND(ROUND(F16,2)*E16,2)))
G17: =IF(OR(D17="%",D17=" &"),IF(F17="","",ROUND(ROUND(F17,3)*E17,2)),IF(F17="","",ROUND(ROUND(F17,2)*E17,2)))
B18: (a) | C18: Timber (2,000 mm x 100 mm Ø, notched) | D18: No. | E18: 50 | G18: =IF(OR(D18="%",D18=" &"),IF(F18="","",ROUND(ROUND(F18,3)*E18,2)),IF(F18="","",ROUND(ROUND(F18,2)*E18,2)))
G19: =IF(OR(D19="%",D19=" &"),IF(F19="","",ROUND(ROUND(F19,3)*E19,2)),IF(F19="","",ROUND(ROUND(F19,2)*E19,2)))
B20: (b) | C20: Steel (1,850 mm x 2,5 kg/m "Y" section complete with holes at 50 mm centers, fully galvanised) | D20: No. | E20: 130 | G20: =IF(OR(D20="%",D20=" &"),IF(F20="","",ROUND(ROUND(F20,3)*E20,2)),IF(F20="","",ROUND(ROUND(F20,2)*E20,2)))
G21: =IF(OR(D21="%",D21=" &"),IF(F21="","",ROUND(ROUND(F21,3)*E21,2)),IF(F21="","",ROUND(ROUND(F21,2)*E21,2)))
A22: C11.5.1.8 | B22: Droppers | G22: =IF(OR(D22="%",D22=" &"),IF(F22="","",ROUND(ROUND(F22,3)*E22,2)),IF(F22="","",ROUND(ROUND(F22,2)*E22,2)))
G23: =IF(OR(D23="%",D23=" &"),IF(F23="","",ROUND(ROUND(F23,3)*E23,2)),IF(F23="","",ROUND(ROUND(F23,2)*E23,2)))
B24: (a) | C24: Timber (1,400 mm x 136 mm Ø, notched) | D24: No. | E24: 450 | G24: =IF(OR(D24="%",D24=" &"),IF(F24="","",ROUND(ROUND(F24,3)*E24,2)),IF(F24="","",ROUND(ROUND(F24,2)*E24,2)))
G25: =IF(OR(D25="%",D25=" &"),IF(F25="","",ROUND(ROUND(F25,3)*E25,2)),IF(F25="","",ROUND(ROUND(F25,2)*E25,2)))
B26: (b) | C26: Steel (1,200 mm x 0.56 mm kg/m ridgeback pattern, fully galvanised) | D26: No. | E26: 500 | G26: =IF(OR(D26="%",D26=" &"),IF(F26="","",ROUND(ROUND(F26,3)*E26,2)),IF(F26="","",ROUND(ROUND(F26,2)*E26,2)))
G27: =IF(OR(D27="%",D27=" &"),IF(F27="","",ROUND(ROUND(F27,3)*E27,2)),IF(F27="","",ROUND(ROUND(F27,2)*E27,2)))
B28: (c) | C28: Steel (1,400 mm x 0.56 mm kg/m ridgeback pattern, fully galvanised) | D28: No. | E28: 500 | G28: =IF(OR(D28="%",D28=" &"),IF(F28="","",ROUND(ROUND(F28,3)*E28,2)),IF(F28="","",ROUND(ROUND(F28,2)*E28,2)))
G29: =IF(OR(D29="%",D29=" &"),IF(F29="","",ROUND(ROUND(F29,3)*E29,2)),IF(F29="","",ROUND(ROUND(F29,2)*E29,2)))
A30: C11.5.1.9 | B30: Straining posts, stays and anchors: | G30: =IF(OR(D30="%",D30=" &"),IF(F30="","",ROUND(ROUND(F30,3)*E30,2)),IF(F30="","",ROUND(ROUND(F30,2)*E30,2)))
G31: =IF(OR(D31="%",D31=" &"),IF(F31="","",ROUND(ROUND(F31,3)*E31,2)),IF(F31="","",ROUND(ROUND(F31,2)*E31,2)))
B32: (a) | C32: Vertical | G32: =IF(OR(D32="%",D32=" &"),IF(F32="","",ROUND(ROUND(F32,3)*E32,2)),IF(F32="","",ROUND(ROUND(F32,2)*E32,2)))
G33: =IF(OR(D33="%",D33=" &"),IF(F33="","",ROUND(ROUND(F33,3)*E33,2)),IF(F33="","",ROUND(ROUND(F33,2)*E33,2)))
C34: (i) Steel straining posts | G34: =IF(OR(D34="%",D34=" &"),IF(F34="","",ROUND(ROUND(F34,3)*E34,2)),IF(F34="","",ROUND(ROUND(F34,2)*E34,2)))
C35: (2,130 mm x 100 mm Ø x 3 mm mild steel tubing, fully galvanised) | D35: No. | E35: 20 | G35: =IF(OR(D35="%",D35=" &"),IF(F35="","",ROUND(ROUND(F35,3)*E35,2)),IF(F35="","",ROUND(ROUND(F35,2)*E35,2)))
G36: =IF(OR(D36="%",D36=" &"),IF(F36="","",ROUND(ROUND(F36,3)*E36,2)),IF(F36="","",ROUND(ROUND(F36,2)*E36,2)))
C37: (ii) Timber straining posts | G37: =IF(OR(D37="%",D37=" &"),IF(F37="","",ROUND(ROUND(F37,3)*E37,2)),IF(F37="","",ROUND(ROUND(F37,2)*E37,2)))
C38: (2,100 mm x 125 mm Ø, notched) | D38: No. | E38: 20 | G38: =IF(OR(D38="%",D38=" &"),IF(F38="","",ROUND(ROUND(F38,3)*E38,2)),IF(F38="","",ROUND(ROUND(F38,2)*E38,2)))
G39: =IF(OR(D39="%",D39=" &"),IF(F39="","",ROUND(ROUND(F39,3)*E39,2)),IF(F39="","",ROUND(ROUND(F39,2)*E39,2)))
B40: (b) | C40: Inclined | G40: =IF(OR(D40="%",D40=" &"),IF(F40="","",ROUND(ROUND(F40,3)*E40,2)),IF(F40="","",ROUND(ROUND(F40,2)*E40,2)))
G41: =IF(OR(D41="%",D41=" &"),IF(F41="","",ROUND(ROUND(F41,3)*E41,2)),IF(F41="","",ROUND(ROUND(F41,2)*E41,2)))
C42: (i) Steel stays and anchors | G42: =IF(OR(D42="%",D42=" &"),IF(F42="","",ROUND(ROUND(F42,3)*E42,2)),IF(F42="","",ROUND(ROUND(F42,2)*E42,2)))
C43: (2,130 mm x 60 mm Ø x 3 mm mild steel tubing, fully galvanised) | D43: No. | E43: 20 | G43: =IF(OR(D43="%",D43=" &"),IF(F43="","",ROUND(ROUND(F43,3)*E43,2)),IF(F43="","",ROUND(ROUND(F43,2)*E43,2)))
G44: =IF(OR(D44="%",D44=" &"),IF(F44="","",ROUND(ROUND(F44,3)*E44,2)),IF(F44="","",ROUND(ROUND(F44,2)*E44,2)))
G45: =IF(OR(D45="%",D45=" &"),IF(F45="","",ROUND(ROUND(F45,3)*E45,2)),IF(F45="","",ROUND(ROUND(F45,2)*E45,2)))
G46: =IF(OR(D46="%",D46=" &"),IF(F46="","",ROUND(ROUND(F46,3)*E46,2)),IF(F46="","",ROUND(ROUND(F46,2)*E46,2)))
A47: CARRIED FORWARD / ……. | G47: =SUM(G5:G46) -> 0
G48: =IF(OR(D48="%",D48=" &"),IF(F48="","",ROUND(ROUND(F48,3)*E48,2)),IF(F48="","",ROUND(ROUND(F48,2)*E48,2)))
B49: BROUGHT FORWARD / ……. | G49: =G47 -> 0
G50: =IF(OR(D50="%",D50=" &"),IF(F50="","",ROUND(ROUND(F50,3)*E50,2)),IF(F50="","",ROUND(ROUND(F50,2)*E50,2)))
A51: C11.5.1.9 | C51: (iii) Wire stays and anchors | G51: =IF(OR(D51="%",D51=" &"),IF(F51="","",ROUND(ROUND(F51,3)*E51,2)),IF(F51="","",ROUND(ROUND(F51,2)*E51,2)))
C52: (mild steel SANS 675, 4,0 mm Ø, fully galvanised, 4 strands doubled and twisted) | D52: No. | E52: 10 | G52: =IF(OR(D52="%",D52=" &"),IF(F52="","",ROUND(ROUND(F52,3)*E52,2)),IF(F52="","",ROUND(ROUND(F52,2)*E52,2)))
G53: =IF(OR(D53="%",D53=" &"),IF(F53="","",ROUND(ROUND(F53,3)*E53,2)),IF(F53="","",ROUND(ROUND(F53,2)*E53,2)))
B54: (c) | C54: Horizontal | G54: =IF(OR(D54="%",D54=" &"),IF(F54="","",ROUND(ROUND(F54,3)*E54,2)),IF(F54="","",ROUND(ROUND(F54,2)*E54,2)))
G55: =IF(OR(D55="%",D55=" &"),IF(F55="","",ROUND(ROUND(F55,3)*E55,2)),IF(F55="","",ROUND(ROUND(F55,2)*E55,2)))
C56: (ii) Timber straining posts | G56: =IF(OR(D56="%",D56=" &"),IF(F56="","",ROUND(ROUND(F56,3)*E56,2)),IF(F56="","",ROUND(ROUND(F56,2)*E56,2)))
C57: (2,000 mm x 100 mm Ø, notched) | D57: No. | E57: 10 | G57: =IF(OR(D57="%",D57=" &"),IF(F57="","",ROUND(ROUND(F57,3)*E57,2)),IF(F57="","",ROUND(ROUND(F57,2)*E57,2)))
G58: =IF(OR(D58="%",D58=" &"),IF(F58="","",ROUND(ROUND(F58,3)*E58,2)),IF(F58="","",ROUND(ROUND(F58,2)*E58,2)))
A59: C11.5.4 | B59: Dismantling existing fences and gates: | G59: =IF(OR(D59="%",D59=" &"),IF(F59="","",ROUND(ROUND(F59,3)*E59,2)),IF(F59="","",ROUND(ROUND(F59,2)*E59,2)))
G60: =IF(OR(D60="%",D60=" &"),IF(F60="","",ROUND(ROUND(F60,3)*E60,2)),IF(F60="","",ROUND(ROUND(F60,2)*E60,2)))
A61: C11.5.4.1 | B61: Fences: | G61: =IF(OR(D61="%",D61=" &"),IF(F61="","",ROUND(ROUND(F61,3)*E61,2)),IF(F61="","",ROUND(ROUND(F61,2)*E61,2)))
G62: =IF(OR(D62="%",D62=" &"),IF(F62="","",ROUND(ROUND(F62,3)*E62,2)),IF(F62="","",ROUND(ROUND(F62,2)*E62,2)))
B63: (a) | C63: Stock-proof fences | D63: km | E63: 1.5 | G63: =IF(OR(D63="%",D63=" &"),IF(F63="","",ROUND(ROUND(F63,3)*E63,2)),IF(F63="","",ROUND(ROUND(F63,2)*E63,2)))
G64: =IF(OR(D64="%",D64=" &"),IF(F64="","",ROUND(ROUND(F64,3)*E64,2)),IF(F64="","",ROUND(ROUND(F64,2)*E64,2)))
B65: (b) | C65: Vermin-proof fences | D65: km | E65: 1.5 | G65: =IF(OR(D65="%",D65=" &"),IF(F65="","",ROUND(ROUND(F65,3)*E65,2)),IF(F65="","",ROUND(ROUND(F65,2)*E65,2)))
G66: =IF(OR(D66="%",D66=" &"),IF(F66="","",ROUND(ROUND(F66,3)*E66,2)),IF(F66="","",ROUND(ROUND(F66,2)*E66,2)))
A67: C11.5.9 | B67: Repairing existing fences: | G67: =IF(OR(D67="%",D67=" &"),IF(F67="","",ROUND(ROUND(F67,3)*E67,2)),IF(F67="","",ROUND(ROUND(F67,2)*E67,2)))
G68: =IF(OR(D68="%",D68=" &"),IF(F68="","",ROUND(ROUND(F68,3)*E68,2)),IF(F68="","",ROUND(ROUND(F68,2)*E68,2)))
A69: C11.5.9.1 | B69: Stock-proof fences | D69: km | E69: 1.5 | G69: =IF(OR(D69="%",D69=" &"),IF(F69="","",ROUND(ROUND(F69,3)*E69,2)),IF(F69="","",ROUND(ROUND(F69,2)*E69,2)))
G70: =IF(OR(D70="%",D70=" &"),IF(F70="","",ROUND(ROUND(F70,3)*E70,2)),IF(F70="","",ROUND(ROUND(F70,2)*E70,2)))
A71: C11.5.9.2 | B71: Vermin-proof fences | D71: km | E71: 1.5 | G71: =IF(OR(D71="%",D71=" &"),IF(F71="","",ROUND(ROUND(F71,3)*E71,2)),IF(F71="","",ROUND(ROUND(F71,2)*E71,2)))
G72: =IF(OR(D72="%",D72=" &"),IF(F72="","",ROUND(ROUND(F72,3)*E72,2)),IF(F72="","",ROUND(ROUND(F72,2)*E72,2)))
A73: C11.5.10 | B73: Disposal of existing fencing materials: | G73: =IF(OR(D73="%",D73=" &"),IF(F73="","",ROUND(ROUND(F73,3)*E73,2)),IF(F73="","",ROUND(ROUND(F73,2)*E73,2)))
G74: =IF(OR(D74="%",D74=" &"),IF(F74="","",ROUND(ROUND(F74,3)*E74,2)),IF(F74="","",ROUND(ROUND(F74,2)*E74,2)))
A75: C11.5.10.1 | B75: Stock-proof fences | D75: km | E75: 2 | G75: =IF(OR(D75="%",D75=" &"),IF(F75="","",ROUND(ROUND(F75,3)*E75,2)),IF(F75="","",ROUND(ROUND(F75,2)*E75,2)))
G76: =IF(OR(D76="%",D76=" &"),IF(F76="","",ROUND(ROUND(F76,3)*E76,2)),IF(F76="","",ROUND(ROUND(F76,2)*E76,2)))
A77: C11.5.10.2 | B77: Vermin-proof fences | D77: km | E77: 1 | G77: =IF(OR(D77="%",D77=" &"),IF(F77="","",ROUND(ROUND(F77,3)*E77,2)),IF(F77="","",ROUND(ROUND(F77,2)*E77,2)))
G78: =IF(OR(D78="%",D78=" &"),IF(F78="","",ROUND(ROUND(F78,3)*E78,2)),IF(F78="","",ROUND(ROUND(F78,2)*E78,2)))
G79: =IF(OR(D79="%",D79=" &"),IF(F79="","",ROUND(ROUND(F79,3)*E79,2)),IF(F79="","",ROUND(ROUND(F79,2)*E79,2)))
G93: =IF(OR(D93="%",D93=" &"),IF(F93="","",ROUND(ROUND(F93,3)*E93,2)),IF(F93="","",ROUND(ROUND(F93,2)*E93,2)))
G94: =IF(OR(D94="%",D94=" &"),IF(F94="","",ROUND(ROUND(F94,3)*E94,2)),IF(F94="","",ROUND(ROUND(F94,2)*E94,2)))
G95: =IF(OR(D95="%",D95=" &"),IF(F95="","",ROUND(ROUND(F95,3)*E95,2)),IF(F95="","",ROUND(ROUND(F95,2)*E95,2)))
G96: =IF(OR(D96="%",D96=" &"),IF(F96="","",ROUND(ROUND(F96,3)*E96,2)),IF(F96="","",ROUND(ROUND(F96,2)*E96,2)))
G97: =IF(OR(D97="%",D97=" &"),IF(F97="","",ROUND(ROUND(F97,3)*E97,2)),IF(F97="","",ROUND(ROUND(F97,2)*E97,2)))
G98: =IF(OR(D98="%",D98=" &"),IF(F98="","",ROUND(ROUND(F98,3)*E98,2)),IF(F98="","",ROUND(ROUND(F98,2)*E98,2)))
G99: =IF(OR(D99="%",D99=" &"),IF(F99="","",ROUND(ROUND(F99,3)*E99,2)),IF(F99="","",ROUND(ROUND(F99,2)*E99,2)))
A100: TOTAL CARRIED TO SUMMARY | G100: =SUM(G48:G99) -> 0

Sheet A_C20.1
A1: SECTION C20.1 | D1: TESTING MATERIALS AND JUDGEMENT OF WORKMANSHIP
A4: ITEM | B4: DESCRIPTION | D4: UNIT | E4: QTY | F4: RATE | G4: AMOUNT
G5: =IF(OR(D5="%",D5=" &"),IF(F5="","",ROUND(ROUND(F5,3)*E5,2)),IF(F5="","",ROUND(ROUND(F5,2)*E5,2)))
A6: C20.1 | B6: =D1 -> TESTING MATERIALS AND JUDGEMENT OF WORKMANSHIP | G6: =IF(OR(D6="%",D6=" &"),IF(F6="","",ROUND(ROUND(F6,3)*E6,2)),IF(F6="","",ROUND(ROUND(F6,2)*E6,2)))
G7: =IF(OR(D7="%",D7=" &"),IF(F7="","",ROUND(ROUND(F7,3)*E7,2)),IF(F7="","",ROUND(ROUND(F7,2)*E7,2)))
A8: PC20.1.6 | B8: Other special tests requested by the Engineer: | G8: =IF(OR(D8="%",D8=" &"),IF(F8="","",ROUND(ROUND(F8,3)*E8,2)),IF(F8="","",ROUND(ROUND(F8,2)*E8,2)))
G9: =IF(OR(D9="%",D9=" &"),IF(F9="","",ROUND(ROUND(F9,3)*E9,2)),IF(F9="","",ROUND(ROUND(F9,2)*E9,2)))
A10: PC20.1.6.1 | B10: Tests requested by the Engineer | D10: PC Sum | E10: 1 | F10: 500000 | G10: =IF(OR(D10="%",D10=" &"),IF(F10="","",ROUND(ROUND(F10,3)*E10,2)),IF(F10="","",ROUND(ROUND(F10,2)*E10,2))) -> 500000
G11: =IF(OR(D11="%",D11=" &"),IF(F11="","",ROUND(ROUND(F11,3)*E11,2)),IF(F11="","",ROUND(ROUND(F11,2)*E11,2)))
A12: PC20.1.6.2 | B12: Handling costs and profit in respect of item PC20.1.6.1 | D12: % | E12: 500000 | G12: =IF(OR(D12="%",D12=" &"),IF(F12="","",ROUND(ROUND(F12,3)*E12,2)),IF(F12="","",ROUND(ROUND(F12,2)*E12,2)))
G13: =IF(OR(D13="%",D13=" &"),IF(F13="","",ROUND(ROUND(F13,3)*E13,2)),IF(F13="","",ROUND(ROUND(F13,2)*E13,2)))
G14: =IF(OR(D14="%",D14=" &"),IF(F14="","",ROUND(ROUND(F14,3)*E14,2)),IF(F14="","",ROUND(ROUND(F14,2)*E14,2)))
G15: =IF(OR(D15="%",D15=" &"),IF(F15="","",ROUND(ROUND(F15,3)*E15,2)),IF(F15="","",ROUND(ROUND(F15,2)*E15,2)))
G16: =IF(OR(D16="%",D16=" &"),IF(F16="","",ROUND(ROUND(F16,3)*E16,2)),IF(F16="","",ROUND(ROUND(F16,2)*E16,2)))
G17: =IF(OR(D17="%",D17=" &"),IF(F17="","",ROUND(ROUND(F17,3)*E17,2)),IF(F17="","",ROUND(ROUND(F17,2)*E17,2)))
G18: =IF(OR(D18="%",D18=" &"),IF(F18="","",ROUND(ROUND(F18,3)*E18,2)),IF(F18="","",ROUND(ROUND(F18,2)*E18,2)))
G19: =IF(OR(D19="%",D19=" &"),IF(F19="","",ROUND(ROUND(F19,3)*E19,2)),IF(F19="","",ROUND(ROUND(F19,2)*E19,2)))
G20: =IF(OR(D20="%",D20=" &"),IF(F20="","",ROUND(ROUND(F20,3)*E20,2)),IF(F20="","",ROUND(ROUND(F20,2)*E20,2)))
G21: =IF(OR(D21="%",D21=" &"),IF(F21="","",ROUND(ROUND(F21,3)*E21,2)),IF(F21="","",ROUND(ROUND(F21,2)*E21,2)))
G22: =IF(OR(D22="%",D22=" &"),IF(F22="","",ROUND(ROUND(F22,3)*E22,2)),IF(F22="","",ROUND(ROUND(F22,2)*E22,2)))
G23: =IF(OR(D23="%",D23=" &"),IF(F23="","",ROUND(ROUND(F23,3)*E23,2)),IF(F23="","",ROUND(ROUND(F23,2)*E23,2)))
G24: =IF(OR(D24="%",D24=" &"),IF(F24="","",ROUND(ROUND(F24,3)*E24,2)),IF(F24="","",ROUND(ROUND(F24,2)*E24,2)))
... G55: =IF(OR(D55="%",D55=" &"),IF(F55="","",ROUND(ROUND(F55,3)*E55,2)),IF(F55="","",ROUND(ROUND(F55,2)*E55,2)))
A56: TOTAL CARRIED TO SUMMARY | G56: =SUM(G5:G55) -> 500000

Sheet B1_C1.5
A1: SECTION C1.5 | D1: ACCOMMODATION OF TRAFFIC
A4: ITEM | B4: DESCRIPTION | D4: UNIT | E4: QTY | F4: RATE | G4: AMOUNT
G5: =IF(OR(D5="%",D5=" &"),IF(F5="","",ROUND(ROUND(F5,3)*E5,2)),IF(F5="","",ROUND(ROUND(F5,2)*E5,2)))
A6: C1.5 | B6: =D1 -> ACCOMMODATION OF TRAFFIC | G6: =IF(OR(D6="%",D6=" &"),IF(F6="","",ROUND(ROUND(F6,3)*E6,2)),IF(F6="","",ROUND(ROUND(F6,2)*E6,2)))
G7: =IF(OR(D7="%",D7=" &"),IF(F7="","",ROUND(ROUND(F7,3)*E7,2)),IF(F7="","",ROUND(ROUND(F7,2)*E7,2)))
A8: C1.5.2 | B8: Accommodation of vehicular traffic | D8: month | E8: 14 | G8: =IF(OR(D8="%",D8=" &"),IF(F8="","",ROUND(ROUND(F8,3)*E8,2)),IF(F8="","",ROUND(ROUND(F8,2)*E8,2)))
G9: =IF(OR(D9="%",D9=" &"),IF(F9="","",ROUND(ROUND(F9,3)*E9,2)),IF(F9="","",ROUND(ROUND(F9,2)*E9,2)))
A10: C1.5.3 | B10: Liaison with traffic authorities | D10: month | E10: 14 | G10: =IF(OR(D10="%",D10=" &"),IF(F10="","",ROUND(ROUND(F10,3)*E10,2)),IF(F10="","",ROUND(ROUND(F10,2)*E10,2)))
G11: =IF(OR(D11="%",D11=" &"),IF(F11="","",ROUND(ROUND(F11,3)*E11,2)),IF(F11="","",ROUND(ROUND(F11,2)*E11,2)))
A12: C1.5.7 | B12: Temporary traffic control facilities | G12: =IF(OR(D12="%",D12=" &"),IF(F12="","",ROUND(ROUND(F12,3)*E12,2)),IF(F12="","",ROUND(ROUND(F12,2)*E12,2)))
G13: =IF(OR(D13="%",D13=" &"),IF(F13="","",ROUND(ROUND(F13,3)*E13,2)),IF(F13="","",ROUND(ROUND(F13,2)*E13,2)))
A14: C1.5.7.1 | B14: Delineators including mounting bases and ballast: | G14: =IF(OR(D14="%",D14=" &"),IF(F14="","",ROUND(ROUND(F14,3)*E14,2)),IF(F14="","",ROUND(ROUND(F14,2)*E14,2)))
G15: =IF(OR(D15="%",D15=" &"),IF(F15="","",ROUND(ROUND(F15,3)*E15,2)),IF(F15="","",ROUND(ROUND(F15,2)*E15,2)))
B16: (c) | C16: Reboundable delineators, single sided (200 x 800 mm, minimum 16 kg base) | D16: No. | E16: 100 | G16: =IF(OR(D16="%",D16=" &"),IF(F16="","",ROUND(ROUND(F16,3)*E16,2)),IF(F16="","",ROUND(ROUND(F16,2)*E16,2)))
G17: =IF(OR(D17="%",D17=" &"),IF(F17="","",ROUND(ROUND(F17,3)*E17,2)),IF(F17="","",ROUND(ROUND(F17,2)*E17,2)))
B18: (d) | C18: Reboundable delineators, double sided (200 x 800 mm, minimum 16 kg base) | D18: No. | E18: 200 | G18: =IF(OR(D18="%",D18=" &"),IF(F18="","",ROUND(ROUND(F18,3)*E18,2)),IF(F18="","",ROUND(ROUND(F18,2)*E18,2)))
G19: =IF(OR(D19="%",D19=" &"),IF(F19="","",ROUND(ROUND(F19,3)*E19,2)),IF(F19="","",ROUND(ROUND(F19,2)*E19,2)))
A20: C1.5.7.2 | B20: Traffic cones, minimum height 750 mm | D20: No. | E20: 50 | G20: =IF(OR(D20="%",D20=" &"),IF(F20="","",ROUND(ROUND(F20,3)*E20,2)),IF(F20="","",ROUND(ROUND(F20,2)*E20,2)))
G21: =IF(OR(D21="%",D21=" &"),IF(F21="","",ROUND(ROUND(F21,3)*E21,2)),IF(F21="","",ROUND(ROUND(F21,2)*E21,2)))
A22: C1.5.7.3 | B22: Flagmen | D22: man-shift | E22: 6000 | G22: =IF(OR(D22="%",D22=" &"),IF(F22="","",ROUND(ROUND(F22,3)*E22,2)),IF(F22="","",ROUND(ROUND(F22,2)*E22,2)))
G23: =IF(OR(D23="%",D23=" &"),IF(F23="","",ROUND(ROUND(F23,3)*E23,2)),IF(F23="","",ROUND(ROUND(F23,2)*E23,2)))
A24: C1.5.7.4 | B24: Traffic controllers | D24: man-shift | E24: 3000 | G24: =IF(OR(D24="%",D24=" &"),IF(F24="","",ROUND(ROUND(F24,3)*E24,2)),IF(F24="","",ROUND(ROUND(F24,2)*E24,2)))
G25: =IF(OR(D25="%",D25=" &"),IF(F25="","",ROUND(ROUND(F25,3)*E25,2)),IF(F25="","",ROUND(ROUND(F25,2)*E25,2)))
A26: C1.5.7.5 | B26: Provision of illuminated traffic signs: | G26: =IF(OR(D26="%",D26=" &"),IF(F26="","",ROUND(ROUND(F26,3)*E26,2)),IF(F26="","",ROUND(ROUND(F26,2)*E26,2)))
G27: =IF(OR(D27="%",D27=" &"),IF(F27="","",ROUND(ROUND(F27,3)*E27,2)),IF(F27="","",ROUND(ROUND(F27,2)*E27,2)))
B28: (a) | C28: Sign mounted flashing amber lights (2 lights with the specified power supply) mounted on a backing board which is: | G28: =IF(OR(D28="%",D28=" &"),IF(F28="","",ROUND(ROUND(F28,3)*E28,2)),IF(F28="","",ROUND(ROUND(F28,2)*E28,2)))
G29: =IF(OR(D29="%",D29=" &"),IF(F29="","",ROUND(ROUND(F29,3)*E29,2)),IF(F29="","",ROUND(ROUND(F29,2)*E29,2)))
C30: (ii) 1200 mm wide x 200 mm high | D30: No. | E30: 4 | G30: =IF(OR(D30="%",D30=" &"),IF(F30="","",ROUND(ROUND(F30,3)*E30,2)),IF(F30="","",ROUND(ROUND(F30,2)*E30,2)))
G31: =IF(OR(D31="%",D31=" &"),IF(F31="","",ROUND(ROUND(F31,3)*E31,2)),IF(F31="","",ROUND(ROUND(F31,2)*E31,2)))
B32: (e) | C32: Mobile variable message sign | D32: No. | E32: 2 | G32: =IF(OR(D32="%",D32=" &"),IF(F32="","",ROUND(ROUND(F32,3)*E32,2)),IF(F32="","",ROUND(ROUND(F32,2)*E32,2)))
G33: =IF(OR(D33="%",D33=" &"),IF(F33="","",ROUND(ROUND(F33,3)*E33,2)),IF(F33="","",ROUND(ROUND(F33,2)*E33,2)))
A34: C1.5.7.6 | B34: Maintenance of illuminated traffic signs: | G34: =IF(OR(D34="%",D34=" &"),IF(F34="","",ROUND(ROUND(F34,3)*E34,2)),IF(F34="","",ROUND(ROUND(F34,2)*E34,2)))
G35: =IF(OR(D35="%",D35=" &"),IF(F35="","",ROUND(ROUND(F35,3)*E35,2)),IF(F35="","",ROUND(ROUND(F35,2)*E35,2)))
B36: (a) | C36: Sign mounted flashing amber lights (a pair of two lights mounted on a separate backing board) | D36: month | E36: 14 | G36: =IF(OR(D36="%",D36=" &"),IF(F36="","",ROUND(ROUND(F36,3)*E36,2)),IF(F36="","",ROUND(ROUND(F36,2)*E36,2)))
G37: =IF(OR(D37="%",D37=" &"),IF(F37="","",ROUND(ROUND(F37,3)*E37,2)),IF(F37="","",ROUND(ROUND(F37,2)*E37,2)))
B38: (e) | C38: Mobile variable message sign | D38: month | E38: 14 | G38: =IF(OR(D38="%",D38=" &"),IF(F38="","",ROUND(ROUND(F38,3)*E38,2)),IF(F38="","",ROUND(ROUND(F38,2)*E38,2)))
G39: =IF(OR(D39="%",D39=" &"),IF(F39="","",ROUND(ROUND(F39,3)*E39,2)),IF(F39="","",ROUND(ROUND(F39,2)*E39,2)))
A40: C1.5.7.8 | B40: Traffic control stations | D40: month | E40: 14 | G40: =IF(OR(D40="%",D40=" &"),IF(F40="","",ROUND(ROUND(F40,3)*E40,2)),IF(F40="","",ROUND(ROUND(F40,2)*E40,2)))
G41: =IF(OR(D41="%",D41=" &"),IF(F41="","",ROUND(ROUND(F41,3)*E41,2)),IF(F41="","",ROUND(ROUND(F41,2)*E41,2)))
A42: C1.5.7.9 | B42: Cleaning of traffic control facilities | D42: month | E42: 14 | G42: =IF(OR(D42="%",D42=" &"),IF(F42="","",ROUND(ROUND(F42,3)*E42,2)),IF(F42="","",ROUND(ROUND(F42,2)*E42,2)))
G43: =IF(OR(D43="%",D43=" &"),IF(F43="","",ROUND(ROUND(F43,3)*E43,2)),IF(F43="","",ROUND(ROUND(F43,2)*E43,2)))
A44: C1.5.8 | B44: Traffic safety officer | D44: man-month | E44: 14 | G44: =IF(OR(D44="%",D44=" &"),IF(F44="","",ROUND(ROUND(F44,3)*E44,2)),IF(F44="","",ROUND(ROUND(F44,2)*E44,2)))
G45: =IF(OR(D45="%",D45=" &"),IF(F45="","",ROUND(ROUND(F45,3)*E45,2)),IF(F45="","",ROUND(ROUND(F45,2)*E45,2)))
A46: C1.5.9 | B46: Traffic safety vehicle | D46: month | E46: 14 | G46: =IF(OR(D46="%",D46=" &"),IF(F46="","",ROUND(ROUND(F46,3)*E46,2)),IF(F46="","",ROUND(ROUND(F46,2)*E46,2)))
G47: =IF(OR(D47="%",D47=" &"),IF(F47="","",ROUND(ROUND(F47,3)*E47,2)),IF(F47="","",ROUND(ROUND(F47,2)*E47,2)))
G48: =IF(OR(D48="%",D48=" &"),IF(F48="","",ROUND(ROUND(F48,3)*E48,2)),IF(F48="","",ROUND(ROUND(F48,2)*E48,2)))
G49: =IF(OR(D49="%",D49=" &"),IF(F49="","",ROUND(ROUND(F49,3)*E49,2)),IF(F49="","",ROUND(ROUND(F49,2)*E49,2)))
G50: =IF(OR(D50="%",D50=" &"),IF(F50="","",ROUND(ROUND(F50,3)*E50,2)),IF(F50="","",ROUND(ROUND(F50,2)*E50,2)))
G51: =IF(OR(D51="%",D51=" &"),IF(F51="","",ROUND(ROUND(F51,3)*E51,2)),IF(F51="","",ROUND(ROUND(F51,2)*E51,2)))
A52: CARRIED FORWARD / ……. | G52: =SUM(G5:G51) -> 0
G53: =IF(OR(D53="%",D53=" &"),IF(F53="","",ROUND(ROUND(F53,3)*E53,2)),IF(F53="","",ROUND(ROUND(F53,2)*E53,2)))
B54: BROUGHT FORWARD / ……. | G54: =G52 -> 0
G55: =IF(OR(D55="%",D55=" &"),IF(F55="","",ROUND(ROUND(F55,3)*E55,2)),IF(F55="","",ROUND(ROUND(F55,2)*E55,2)))
A56: C1.5.11 | B56: Provision of safety equipment for visitors | G56: =IF(OR(D56="%",D56=" &"),IF(F56="","",ROUND(ROUND(F56,3)*E56,2)),IF(F56="","",ROUND(ROUND(F56,2)*E56,2)))
G57: =IF(OR(D57="%",D57=" &"),IF(F57="","",ROUND(ROUND(F57,3)*E57,2)),IF(F57="","",ROUND(ROUND(F57,2)*E57,2)))
A58: C1.5.11.1 | B58: Provision of reflective safety vests for visitors | D58: No. | E58: 5 | G58: =IF(OR(D58="%",D58=" &"),IF(F58="","",ROUND(ROUND(F58,3)*E58,2)),IF(F58="","",ROUND(ROUND(F58,2)*E58,2)))
G59: =IF(OR(D59="%",D59=" &"),IF(F59="","",ROUND(ROUND(F59,3)*E59,2)),IF(F59="","",ROUND(ROUND(F59,2)*E59,2)))
A60: C1.5.11.2 | B60: Provision of hard hats for visitors | D60: No. | E60: 5 | G60: =IF(OR(D60="%",D60=" &"),IF(F60="","",ROUND(ROUND(F60,3)*E60,2)),IF(F60="","",ROUND(ROUND(F60,2)*E60,2)))
G61: =IF(OR(D61="%",D61=" &"),IF(F61="","",ROUND(ROUND(F61,3)*E61,2)),IF(F61="","",ROUND(ROUND(F61,2)*E61,2)))
A62: C1.5.12 | B62: Additional traffic accommodation facilities ordered by the Engineer: | G62: =IF(OR(D62="%",D62=" &"),IF(F62="","",ROUND(ROUND(F62,3)*E62,2)),IF(F62="","",ROUND(ROUND(F62,2)*E62,2)))
G63: =IF(OR(D63="%",D63=" &"),IF(F63="","",ROUND(ROUND(F63,3)*E63,2)),IF(F63="","",ROUND(ROUND(F63,2)*E63,2)))
A64: C1.5.12.1 | B64: Provision of additional traffic accommodation facilities | D64: Prov. Sum | E64: 1 | F64: 100000 | G64: =IF(OR(D64="%",D64=" &"),IF(F64="","",ROUND(ROUND(F64,3)*E64,2)),IF(F64="","",ROUND(ROUND(F64,2)*E64,2))) -> 100000
G65: =IF(OR(D65="%",D65=" &"),IF(F65="","",ROUND(ROUND(F65,3)*E65,2)),IF(F65="","",ROUND(ROUND(F65,2)*E65,2)))
A66: C1.5.12.2 | B66: Handling cost, profit and all other charges in respect of item C1.5.12.1 | D66: % | E66: 100000 | G66: =IF(OR(D66="%",D66=" &"),IF(F66="","",ROUND(ROUND(F66,3)*E66,2)),IF(F66="","",ROUND(ROUND(F66,2)*E66,2)))
G67: =IF(OR(D67="%",D67=" &"),IF(F67="","",ROUND(ROUND(F67,3)*E67,2)),IF(F67="","",ROUND(ROUND(F67,2)*E67,2)))
G68: =IF(OR(D68="%",D68=" &"),IF(F68="","",ROUND(ROUND(F68,3)*E68,2)),IF(F68="","",ROUND(ROUND(F68,2)*E68,2)))
A69: C1.5/C11.6 | B69: ROAD SIGNS | G69: =IF(OR(D69="%",D69=" &"),IF(F69="","",ROUND(ROUND(F69,3)*E69,2)),IF(F69="","",ROUND(ROUND(F69,2)*E69,2)))
G70: =IF(OR(D70="%",D70=" &"),IF(F70="","",ROUND(ROUND(F70,3)*E70,2)),IF(F70="","",ROUND(ROUND(F70,2)*E70,2)))
A71: C11.6.1 | B71: Road signboards with painted or coloured semi-matt background. Symbols, lettering and borders in semi- matt black or in Class I retro-reflective material, where the sign board is constructed from: | G71: =IF(OR(D71="%",D71=" &"),IF(F71="","",ROUND(ROUND(F71,3)*E71,2)),IF(F71="","",ROUND(ROUND(F71,2)*E71,2)))
G72: =IF(OR(D72="%",D72=" &"),IF(F72="","",ROUND(ROUND(F72,3)*E72,2)),IF(F72="","",ROUND(ROUND(F72,2)*E72,2)))
A73: PC11.6.1.8 | B73: Regulatory signs, temporary | G73: =IF(OR(D73="%",D73=" &"),IF(F73="","",ROUND(ROUND(F73,3)*E73,2)),IF(F73="","",ROUND(ROUND(F73,2)*E73,2)))
G74: =IF(OR(D74="%",D74=" &"),IF(F74="","",ROUND(ROUND(F74,3)*E74,2)),IF(F74="","",ROUND(ROUND(F74,2)*E74,2)))
B75: (c) | C75: 1200 mm diameter (prepainted galvanized steel, background and symbol retro-reflective Class I) | D75: No. | E75: 40 | G75: =IF(OR(D75="%",D75=" &"),IF(F75="","",ROUND(ROUND(F75,3)*E75,2)),IF(F75="","",ROUND(ROUND(F75,2)*E75,2)))
G76: =IF(OR(D76="%",D76=" &"),IF(F76="","",ROUND(ROUND(F76,3)*E76,2)),IF(F76="","",ROUND(ROUND(F76,2)*E76,2)))
B77: (d) | C77: STOP/RY GO, 1200 mm on a stand (prepainted galvanized steel, background and symbol retro-reflective Class I) | D77: No. | E77: 2 | G77: =IF(OR(D77="%",D77=" &"),IF(F77="","",ROUND(ROUND(F77,3)*E77,2)),IF(F77="","",ROUND(ROUND(F77,2)*E77,2)))
G78: =IF(OR(D78="%",D78=" &"),IF(F78="","",ROUND(ROUND(F78,3)*E78,2)),IF(F78="","",ROUND(ROUND(F78,2)*E78,2)))
A79: PC11.6.1.10 | B79: Warning signs, temporary | G79: =IF(OR(D79="%",D79=" &"),IF(F79="","",ROUND(ROUND(F79,3)*E79,2)),IF(F79="","",ROUND(ROUND(F79,2)*E79,2)))
G80: =IF(OR(D80="%",D80=" &"),IF(F80="","",ROUND(ROUND(F80,3)*E80,2)),IF(F80="","",ROUND(ROUND(F80,2)*E80,2)))
B81: (d) | C81: 1500 mm size (prepainted galvanized steel, background and symbol retro-reflective Class I) | D81: No. | E81: 10 | G81: =IF(OR(D81="%",D81=" &"),IF(F81="","",ROUND(ROUND(F81,3)*E81,2)),IF(F81="","",ROUND(ROUND(F81,2)*E81,2)))
G82: =IF(OR(D82="%",D82=" &"),IF(F82="","",ROUND(ROUND(F82,3)*E82,2)),IF(F82="","",ROUND(ROUND(F82,2)*E82,2)))
B83: (e) | C83: 1200 x 1600 mm (prepainted galvanized steel, background and symbol retro-reflective Class I) | D83: No. | E83: 10 | G83: =IF(OR(D83="%",D83=" &"),IF(F83="","",ROUND(ROUND(F83,3)*E83,2)),IF(F83="","",ROUND(ROUND(F83,2)*E83,2)))
G84: =IF(OR(D84="%",D84=" &"),IF(F84="","",ROUND(ROUND(F84,3)*E84,2)),IF(F84="","",ROUND(ROUND(F84,2)*E84,2)))
A85: PC11.6.1.12 | B85: Supplementary plates to temporary regulatory, warning or guidance signs (prepainted galvanized steel, background and symbol retro-reflective Class I) | D85: m2 | E85: 20 | G85: =IF(OR(D85="%",D85=" &"),IF(F85="","",ROUND(ROUND(F85,3)*E85,2)),IF(F85="","",ROUND(ROUND(F85,2)*E85,2)))
G86: =IF(OR(D86="%",D86=" &"),IF(F86="","",ROUND(ROUND(F86,3)*E86,2)),IF(F86="","",ROUND(ROUND(F86,2)*E86,2)))
G88: =IF(OR(D88="%",D88=" &"),IF(F88="","",ROUND(ROUND(F88,3)*E88,2)),IF(F88="","",ROUND(ROUND(F88,2)*E88,2)))
A89: CARRIED FORWARD / ……. | G89: =SUM(G53:G88) -> 100000
G90: =IF(OR(D90="%",D90=" &"),IF(F90="","",ROUND(ROUND(F90,3)*E90,2)),IF(F90="","",ROUND(ROUND(F90,2)*E90,2)))
B91: BROUGHT FORWARD / ……. | G91: =G89 -> 100000
G92: =IF(OR(D92="%",D92=" &"),IF(F92="","",ROUND(ROUND(F92,3)*E92,2)),IF(F92="","",ROUND(ROUND(F92,2)*E92,2)))
A93: PC11.6.1.13 | B93: Moveable barricade/road sign combination (prepainted galvanized steel, background and symbol retro-reflective Class I, 1200 mm diameter TR103/TR104 and 2400 x 400 mm TW411) | D93: No. | E93: 5 | G93: =IF(OR(D93="%",D93=" &"),IF(F93="","",ROUND(ROUND(F93,3)*E93,2)),IF(F93="","",ROUND(ROUND(F93,2)*E93,2)))
G94: =IF(OR(D94="%",D94=" &"),IF(F94="","",ROUND(ROUND(F94,3)*E94,2)),IF(F94="","",ROUND(ROUND(F94,2)*E94,2)))
A95: PC11.6.1.14 | B95: Guidance signs, temporary | G95: =IF(OR(D95="%",D95=" &"),IF(F95="","",ROUND(ROUND(F95,3)*E95,2)),IF(F95="","",ROUND(ROUND(F95,2)*E95,2)))
G96: =IF(OR(D96="%",D96=" &"),IF(F96="","",ROUND(ROUND(F96,3)*E96,2)),IF(F96="","",ROUND(ROUND(F96,2)*E96,2)))
B97: (a) | C97: 1200 x 1600 mm (prepainted galvanized steel, background and symbol retro-reflective Class I) | D97: No. | E97: 10 | G97: =IF(OR(D97="%",D97=" &"),IF(F97="","",ROUND(ROUND(F97,3)*E97,2)),IF(F97="","",ROUND(ROUND(F97,2)*E97,2)))
G98: =IF(OR(D98="%",D98=" &"),IF(F98="","",ROUND(ROUND(F98,3)*E98,2)),IF(F98="","",ROUND(ROUND(F98,2)*E98,2)))
A99: C11.6.2 | B99: Extra over on item C11.6.1 for using: | G99: =IF(OR(D99="%",D99=" &"),IF(F99="","",ROUND(ROUND(F99,3)*E99,2)),IF(F99="","",ROUND(ROUND(F99,2)*E99,2)))
G100: =IF(OR(D100="%",D100=" &"),IF(F100="","",ROUND(ROUND(F100,3)*E100,2)),IF(F100="","",ROUND(ROUND(F100,2)*E100,2)))
A101: C11.6.2.1 | B101: Background of retro-reflective material: | G101: =IF(OR(D101="%",D101=" &"),IF(F101="","",ROUND(ROUND(F101,3)*E101,2)),IF(F101="","",ROUND(ROUND(F101,2)*E101,2)))
G102: =IF(OR(D102="%",D102=" &"),IF(F102="","",ROUND(ROUND(F102,3)*E102,2)),IF(F102="","",ROUND(ROUND(F102,2)*E102,2)))
B103: (c) | C103: Class IV | D103: m2 | E103: 50 | G103: =IF(OR(D103="%",D103=" &"),IF(F103="","",ROUND(ROUND(F103,3)*E103,2)),IF(F103="","",ROUND(ROUND(F103,2)*E103,2)))
...

Sheet B1_C11.8
A1: SECTION C11.8 | D1: LANDSCAPING AND PLANTING PLANTS
A4: ITEM | B4: DESCRIPTION | D4: UNIT | E4: QTY | F4: RATE | G4: AMOUNT
G5: =IF(OR(D5="%",D5=" &"),IF(F5="","",ROUND(ROUND(F5,3)*E5,2)),IF(F5="","",ROUND(ROUND(F5,2)*E5,2)))
A6: C11.8 | B6: =D1 -> LANDSCAPING AND PLANTING PLANTS | G6: =IF(OR(D6="%",D6=" &"),IF(F6="","",ROUND(ROUND(F6,3)*E6,2)),IF(F6="","",ROUND(ROUND(F6,2)*E6,2)))
G7: =IF(OR(D7="%",D7=" &"),IF(F7="","",ROUND(ROUND(F7,3)*E7,2)),IF(F7="","",ROUND(ROUND(F7,2)*E7,2)))
A8: C11.8.10 | B8: Unspecified work for landscaping | D8: Prov. Sum | E8: 1 | F8: 1000000 | G8: =IF(OR(D8="%",D8=" &"),IF(F8="","",ROUND(ROUND(F8,3)*E8,2)),IF(F8="","",ROUND(ROUND(F8,2)*E8,2))) -> 1000000
G9: =IF(OR(D9="%",D9=" &"),IF(F9="","",ROUND(ROUND(F9,3)*E9,2)),IF(F9="","",ROUND(ROUND(F9,2)*E9,2)))
G10: =IF(OR(D10="%",D10=" &"),IF(F10="","",ROUND(ROUND(F10,3)*E10,2)),IF(F10="","",ROUND(ROUND(F10,2)*E10,2)))
G11: =IF(OR(D11="%",D11=" &"),IF(F11="","",ROUND(ROUND(F11,3)*E11,2)),IF(F11="","",ROUND(ROUND(F11,2)*E11,2)))
G12: =IF(OR(D12="%",D12=" &"),IF(F12="","",ROUND(ROUND(F12,3)*E12,2)),IF(F12="","",ROUND(ROUND(F12,2)*E12,2)))
G13: =IF(OR(D13="%",D13=" &"),IF(F13="","",ROUND(ROUND(F13,3)*E13,2)),IF(F13="","",ROUND(ROUND(F13,2)*E13,2)))
G14: =IF(OR(D14="%",D14=" &"),IF(F14="","",ROUND(ROUND(F14,3)*E14,2)),IF(F14="","",ROUND(ROUND(F14,2)*E14,2)))
G15: =IF(OR(D15="%",D15=" &"),IF(F15="","",ROUND(ROUND(F15,3)*E15,2)),IF(F15="","",ROUND(ROUND(F15,2)*E15,2)))
G16: =IF(OR(D16="%",D16=" &"),IF(F16="","",ROUND(ROUND(F16,3)*E16,2)),IF(F16="","",ROUND(ROUND(F16,2)*E16,2)))
G17: =IF(OR(D17="%",D17=" &"),IF(F17="","",ROUND(ROUND(F17,3)*E17,2)),IF(F17="","",ROUND(ROUND(F17,2)*E17,2)))
G18: =IF(OR(D18="%",D18=" &"),IF(F18="","",ROUND(ROUND(F18,3)*E18,2)),IF(F18="","",ROUND(ROUND(F18,2)*E18,2)))
G19: =IF(OR(D19="%",D19=" &"),IF(F19="","",ROUND(ROUND(F19,3)*E19,2)),IF(F19="","",ROUND(ROUND(F19,2)*E19,2)))
G20: =IF(OR(D20="%",D20=" &"),IF(F20="","",ROUND(ROUND(F20,3)*E20,2)),IF(F20="","",ROUND(ROUND(F20,2)*E20,2)))
... G58: =IF(OR(D58="%",D58=" &"),IF(F58="","",ROUND(ROUND(F58,3)*E58,2)),IF(F58="","",ROUND(ROUND(F58,2)*E58,2)))
A59: TOTAL CARRIED TO SUMMARY | G59: =SUM(G5:G58) -> 1000000

Sheet B1_C11.9
A1: SECTION C11.9 | D1: FINISHING THE ROAD AND ROAD RESERVE AND TREATING OLD ROAD
A4: ITEM | B4: DESCRIPTION | D4: UNIT | E4: QTY | F4: RATE | G4: AMOUNT
G5: =IF(OR(D5="%",D5=" &"),IF(F5="","",ROUND(ROUND(F5,3)*E5,2)),IF(F5="","",ROUND(ROUND(F5,2)*E5,2)))
A6: C11.9 | B6: =D1 -> FINISHING THE ROAD AND ROAD RESERVE AND TREATING OLD ROAD | G6: =IF(OR(D6="%",D6=" &"),IF(F6="","",ROUND(ROUND(F6,3)*E6,2)),IF(F6="","",ROUND(ROUND(F6,2)*E6,2)))
G7: =IF(OR(D7="%",D7=" &"),IF(F7="","",ROUND(ROUND(F7,3)*E7,2)),IF(F7="","",ROUND(ROUND(F7,2)*E7,2)))
A8: C11.9.1 | B8: Finishing the road and road reserve | G8: =IF(OR(D8="%",D8=" &"),IF(F8="","",ROUND(ROUND(F8,3)*E8,2)),IF(F8="","",ROUND(ROUND(F8,2)*E8,2)))
G9: =IF(OR(D9="%",D9=" &"),IF(F9="","",ROUND(ROUND(F9,3)*E9,2)),IF(F9="","",ROUND(ROUND(F9,2)*E9,2)))
A10: PC11.9.1.3 | B10: Slope stabilisation site - Cradock cutting (R390 Section 1, km 6.4 - km 7.4) | D10: lump sum | E10: 1 | G10: =IF(OR(D10="%",D10=" &"),IF(F10="","",ROUND(ROUND(F10,3)*E10,2)),IF(F10="","",ROUND(ROUND(F10,2)*E10,2)))
G11: =IF(OR(D11="%",D11=" &"),IF(F11="","",ROUND(ROUND(F11,3)*E11,2)),IF(F11="","",ROUND(ROUND(F11,2)*E11,2)))
G12: =IF(OR(D12="%",D12=" &"),IF(F12="","",ROUND(ROUND(F12,3)*E12,2)),IF(F12="","",ROUND(ROUND(F12,2)*E12,2)))
G13: =IF(OR(D13="%",D13=" &"),IF(F13="","",ROUND(ROUND(F13,3)*E13,2)),IF(F13="","",ROUND(ROUND(F13,2)*E13,2)))
G14: =IF(OR(D14="%",D14=" &"),IF(F14="","",ROUND(ROUND(F14,3)*E14,2)),IF(F14="","",ROUND(ROUND(F14,2)*E14,2)))
G15: =IF(OR(D15="%",D15=" &"),IF(F15="","",ROUND(ROUND(F15,3)*E15,2)),IF(F15="","",ROUND(ROUND(F15,2)*E15,2)))
G16: =IF(OR(D16="%",D16=" &"),IF(F16="","",ROUND(ROUND(F16,3)*E16,2)),IF(F16="","",ROUND(ROUND(F16,2)*E16,2)))
G17: =IF(OR(D17="%",D17=" &"),IF(F17="","",ROUND(ROUND(F17,3)*E17,2)),IF(F17="","",ROUND(ROUND(F17,2)*E17,2)))
G18: =IF(OR(D18="%",D18=" &"),IF(F18="","",ROUND(ROUND(F18,3)*E18,2)),IF(F18="","",ROUND(ROUND(F18,2)*E18,2)))
G19: =IF(OR(D19="%",D19=" &"),IF(F19="","",ROUND(ROUND(F19,3)*E19,2)),IF(F19="","",ROUND(ROUND(F19,2)*E19,2)))
G20: =IF(OR(D20="%",D20=" &"),IF(F20="","",ROUND(ROUND(F20,3)*E20,2)),IF(F20="","",ROUND(ROUND(F20,2)*E20,2)))
G21: =IF(OR(D21="%",D21=" &"),IF(F21="","",ROUND(ROUND(F21,3)*E21,2)),IF(F21="","",ROUND(ROUND(F21,2)*E21,2)))
G22: =IF(OR(D22="%",D22=" &"),IF(F22="","",ROUND(ROUND(F22,3)*E22,2)),IF(F22="","",ROUND(ROUND(F22,2)*E22,2)))
... G56: =IF(OR(D56="%",D56=" &"),IF(F56="","",ROUND(ROUND(F56,3)*E56,2)),IF(F56="","",ROUND(ROUND(F56,2)*E56,2)))
A57: TOTAL CARRIED TO SUMMARY | G57: =SUM(G5:G56) -> 0

Sheet B1_C12.2
A1: SECTION C12.2 | D1: GROUND ANCHORS
A4: ITEM | B4: DESCRIPTION | D4: UNIT | E4: QTY | F4: RATE | G4: AMOUNT
G5: =IF(OR(D5="%",D5=" &"),IF(F5="","",ROUND(ROUND(F5,3)*E5,2)),IF(F5="","",ROUND(ROUND(F5,2)*E5,2)))
A6: C12.2 | B6: =D1 -> GROUND ANCHORS | G6: =IF(OR(D6="%",D6=" &"),IF(F6="","",ROUND(ROUND(F6,3)*E6,2)),IF(F6="","",ROUND(ROUND(F6,2)*E6,2)))
G7: =IF(OR(D7="%",D7=" &"),IF(F7="","",ROUND(ROUND(F7,3)*E7,2)),IF(F7="","",ROUND(ROUND(F7,2)*E7,2)))
A8: C12.2.13 | B8: Establishment on the site for drilling of rockbolts, dowels, soil nails or mechanical anchors | G8: =IF(OR(D8="%",D8=" &"),IF(F8="","",ROUND(ROUND(F8,3)*E8,2)),IF(F8="","",ROUND(ROUND(F8,2)*E8,2)))
G9: =IF(OR(D9="%",D9=" &"),IF(F9="","",ROUND(ROUND(F9,3)*E9,2)),IF(F9="","",ROUND(ROUND(F9,2)*E9,2)))
A10: C12.2.13.1 | B10: Galvanised hot-rolled, high-tensile steel bars with continuous coarse-thread complying with SANS 920, 25 mm dia. and 32 mm dia. with a yield stress greater than 500 MPa | D10: lump sum | E10: 1 | G10: =IF(OR(D10="%",D10=" &"),IF(F10="","",ROUND(ROUND(F10,3)*E10,2)),IF(F10="","",ROUND(ROUND(F10,2)*E10,2)))
G11: =IF(OR(D11="%",D11=" &"),IF(F11="","",ROUND(ROUND(F11,3)*E11,2)),IF(F11="","",ROUND(ROUND(F11,2)*E11,2)))
A12: C12.2.13.2 | B12: Micro pile according to SANS 54199 with a tension load design value of Rd = 183 kN. Hollow steel bar with 30 mm O.D. and 11 mm I.D. and continuous reinforcing thread complying with SANS 920 made from grade S460NH steel according to EN 10210 (Self-Drilling Anchor) | D12: lump sum | E12: 1 | G12: =IF(OR(D12="%",D12=" &"),IF(F12="","",ROUND(ROUND(F12,3)*E12,2)),IF(F12="","",ROUND(ROUND(F12,2)*E12,2)))
G13: =IF(OR(D13="%",D13=" &"),IF(F13="","",ROUND(ROUND(F13,3)*E13,2)),IF(F13="","",ROUND(ROUND(F13,2)*E13,2)))
A14: C12.2.14 | B14: Move to and set up at each rockbolt, dowel, soil nail or mechanical anchor position | D14: No. | E14: 3035 | G14: =IF(OR(D14="%",D14=" &"),IF(F14="","",ROUND(ROUND(F14,3)*E14,2)),IF(F14="","",ROUND(ROUND(F14,2)*E14,2)))
G15: =IF(OR(D15="%",D15=" &"),IF(F15="","",ROUND(ROUND(F15,3)*E15,2)),IF(F15="","",ROUND(ROUND(F15,2)*E15,2)))
A16: C12.2.15 | B16: Install, grout and protect soil nails or rock bolts | G16: =IF(OR(D16="%",D16=" &"),IF(F16="","",ROUND(ROUND(F16,3)*E16,2)),IF(F16="","",ROUND(ROUND(F16,2)*E16,2)))
G17: =IF(OR(D17="%",D17=" &"),IF(F17="","",ROUND(ROUND(F17,3)*E17,2)),IF(F17="","",ROUND(ROUND(F17,2)*E17,2)))
A18: C12.2.15.1 | B18: Galvanised hot-rolled, high-tensile steel bars with continuous coarse-thread complying with SANS 920, 25 mm dia. with a yield stress greater than 500 MPa | G18: =IF(OR(D18="%",D18=" &"),IF(F18="","",ROUND(ROUND(F18,3)*E18,2)),IF(F18="","",ROUND(ROUND(F18,2)*E18,2)))
G19: =IF(OR(D19="%",D19=" &"),IF(F19="","",ROUND(ROUND(F19,3)*E19,2)),IF(F19="","",ROUND(ROUND(F19,2)*E19,2)))
B20: (a) | C20: Spot rock dowel with 2 m dowel length | D20: No. | E20: 20 | G20: =IF(OR(D20="%",D20=" &"),IF(F20="","",ROUND(ROUND(F20,3)*E20,2)),IF(F20="","",ROUND(ROUND(F20,2)*E20,2)))
G21: =IF(OR(D21="%",D21=" &"),IF(F21="","",ROUND(ROUND(F21,3)*E21,2)),IF(F21="","",ROUND(ROUND(F21,2)*E21,2)))
B22: (b) | C22: 5 m dowel length, anchorage for summit / toe cable to new rockfall netting | D22: No. | E22: 300 | G22: =IF(OR(D22="%",D22=" &"),IF(F22="","",ROUND(ROUND(F22,3)*E22,2)),IF(F22="","",ROUND(ROUND(F22,2)*E22,2)))
G23: =IF(OR(D23="%",D23=" &"),IF(F23="","",ROUND(ROUND(F23,3)*E23,2)),IF(F23="","",ROUND(ROUND(F23,2)*E23,2)))
B24: (c) | C24: 3 m dowel length, stabilise and reinforcing of shotcrete bands (dolerite) | D24: No. | E24: 180 | G24: =IF(OR(D24="%",D24=" &"),IF(F24="","",ROUND(ROUND(F24,3)*E24,2)),IF(F24="","",ROUND(ROUND(F24,2)*E24,2)))
G25: =IF(OR(D25="%",D25=" &"),IF(F25="","",ROUND(ROUND(F25,3)*E25,2)),IF(F25="","",ROUND(ROUND(F25,2)*E25,2)))
B26: (d) | C26: 5 m dowel length, stabilise and reinforcing of shotcrete bands (mudstone/siltstone) | D26: No. | E26: 905 | G26: =IF(OR(D26="%",D26=" &"),IF(F26="","",ROUND(ROUND(F26,3)*E26,2)),IF(F26="","",ROUND(ROUND(F26,2)*E26,2)))
G27: =IF(OR(D27="%",D27=" &"),IF(F27="","",ROUND(ROUND(F27,3)*E27,2)),IF(F27="","",ROUND(ROUND(F27,2)*E27,2)))
A28: C12.2.15.2 | B28: Galvanised hot-rolled, high-tensile steel bars with continuous coarse-thread complying with SANS 920, 32 mm dia. with a yield stress greater than 500 MPa | G28: =IF(OR(D28="%",D28=" &"),IF(F28="","",ROUND(ROUND(F28,3)*E28,2)),IF(F28="","",ROUND(ROUND(F28,2)*E28,2)))
G29: =IF(OR(D29="%",D29=" &"),IF(F29="","",ROUND(ROUND(F29,3)*E29,2)),IF(F29="","",ROUND(ROUND(F29,2)*E29,2)))
B30: (a) | C30: 10 m dowel length, anchorage for new rockfall netting | D30: No. | E30: 540 | G30: =IF(OR(D30="%",D30=" &"),IF(F30="","",ROUND(ROUND(F30,3)*E30,2)),IF(F30="","",ROUND(ROUND(F30,2)*E30,2)))
G31: =IF(OR(D31="%",D31=" &"),IF(F31="","",ROUND(ROUND(F31,3)*E31,2)),IF(F31="","",ROUND(ROUND(F31,2)*E31,2)))
B32: (b) | C32: 15 m dowel length, anchorage for new rockfall netting | D32: No. | E32: 810 | G32: =IF(OR(D32="%",D32=" &"),IF(F32="","",ROUND(ROUND(F32,3)*E32,2)),IF(F32="","",ROUND(ROUND(F32,2)*E32,2)))
G33: =IF(OR(D33="%",D33=" &"),IF(F33="","",ROUND(ROUND(F33,3)*E33,2)),IF(F33="","",ROUND(ROUND(F33,2)*E33,2)))
G34: =IF(OR(D34="%",D34=" &"),IF(F34="","",ROUND(ROUND(F34,3)*E34,2)),IF(F34="","",ROUND(ROUND(F34,2)*E34,2)))
A35: CARRIED FORWARD / ……. | G35: =SUM(G5:G34) -> 0
G36: =IF(OR(D36="%",D36=" &"),IF(F36="","",ROUND(ROUND(F36,3)*E36,2)),IF(F36="","",ROUND(ROUND(F36,2)*E36,2)))
B37: BROUGHT FORWARD / ……. | G37: =G35 -> 0
G38: =IF(OR(D38="%",D38=" &"),IF(F38="","",ROUND(ROUND(F38,3)*E38,2)),IF(F38="","",ROUND(ROUND(F38,2)*E38,2)))
A39: PC12.2.20 | B39: Install and grout Self-Drilling Anchors | G39: =IF(OR(D39="%",D39=" &"),IF(F39="","",ROUND(ROUND(F39,3)*E39,2)),IF(F39="","",ROUND(ROUND(F39,2)*E39,2)))
G40: =IF(OR(D40="%",D40=" &"),IF(F40="","",ROUND(ROUND(F40,3)*E40,2)),IF(F40="","",ROUND(ROUND(F40,2)*E40,2)))
A41: PC12.2.20.1 | B41: Micro pile according to SANS 54199 with a tension load design value of Rd = 183 kN. Hollow steel bar with 30 mm O.D. and 11 mm I.D. and continuous reinforcing thread complying with SANS 920 made from grade S460NH steel according to EN 10210 (Self-Drilling Anchor) | G41: =IF(OR(D41="%",D41=" &"),IF(F41="","",ROUND(ROUND(F41,3)*E41,2)),IF(F41="","",ROUND(ROUND(F41,2)*E41,2)))
G42: =IF(OR(D42="%",D42=" &"),IF(F42="","",ROUND(ROUND(F42,3)*E42,2)),IF(F42="","",ROUND(ROUND(F42,2)*E42,2)))
B43: (a) | C43: 5 m length | D43: No. | E43: 140 | G43: =IF(OR(D43="%",D43=" &"),IF(F43="","",ROUND(ROUND(F43,3)*E43,2)),IF(F43="","",ROUND(ROUND(F43,2)*E43,2)))
G44: =IF(OR(D44="%",D44=" &"),IF(F44="","",ROUND(ROUND(F44,3)*E44,2)),IF(F44="","",ROUND(ROUND(F44,2)*E44,2)))
B45: (b) | C45: 10 m length | D45: No. | E45: 55 | G45: =IF(OR(D45="%",D45=" &"),IF(F45="","",ROUND(ROUND(F45,3)*E45,2)),IF(F45="","",ROUND(ROUND(F45,2)*E45,2)))
G46: =IF(OR(D46="%",D46=" &"),IF(F46="","",ROUND(ROUND(F46,3)*E46,2)),IF(F46="","",ROUND(ROUND(F46,2)*E46,2)))
B47: (c) | C47: 15 m length | D47: No. | E47: 85 | G47: =IF(OR(D47="%",D47=" &"),IF(F47="","",ROUND(ROUND(F47,3)*E47,2)),IF(F47="","",ROUND(ROUND(F47,2)*E47,2)))
G48: =IF(OR(D48="%",D48=" &"),IF(F48="","",ROUND(ROUND(F48,3)*E48,2)),IF(F48="","",ROUND(ROUND(F48,2)*E48,2)))
G49: =IF(OR(D49="%",D49=" &"),IF(F49="","",ROUND(ROUND(F49,3)*E49,2)),IF(F49="","",ROUND(ROUND(F49,2)*E49,2)))
G50: =IF(OR(D50="%",D50=" &"),IF(F50="","",ROUND(ROUND(F50,3)*E50,2)),IF(F50="","",ROUND(ROUND(F50,2)*E50,2)))
G51: =IF(OR(D51="%",D51=" &"),IF(F51="","",ROUND(ROUND(F51,3)*E51,2)),IF(F51="","",ROUND(ROUND(F51,2)*E51,2)))
G52: =IF(OR(D52="%",D52=" &"),IF(F52="","",ROUND(ROUND(F52,3)*E52,2)),IF(F52="","",ROUND(ROUND(F52,2)*E52,2)))
G53: =IF(OR(D53="%",D53=" &"),IF(F53="","",ROUND(ROUND(F53,3)*E53,2)),IF(F53="","",ROUND(ROUND(F53,2)*E53,2)))
G54: =IF(OR(D54="%",D54=" &"),IF(F54="","",ROUND(ROUND(F54,3)*E54,2)),IF(F54="","",ROUND(ROUND(F54,2)*E54,2)))
G55: =IF(OR(D55="%",D55=" &"),IF(F55="","",ROUND(ROUND(F55,3)*E55,2)),IF(F55="","",ROUND(ROUND(F55,2)*E55,2)))
G56: =IF(OR(D56="%",D56=" &"),IF(F56="","",ROUND(ROUND(F56,3)*E56,2)),IF(F56="","",ROUND(ROUND(F56,2)*E56,2)))
G57: =IF(OR(D57="%",D57=" &"),IF(F57="","",ROUND(ROUND(F57,3)*E57,2)),IF(F57="","",ROUND(ROUND(F57,2)*E57,2)))
G58: =IF(OR(D58="%",D58=" &"),IF(F58="","",ROUND(ROUND(F58,3)*E58,2)),IF(F58="","",ROUND(ROUND(F58,2)*E58,2)))
G59: =IF(OR(D59="%",D59=" &"),IF(F59="","",ROUND(ROUND(F59,3)*E59,2)),IF(F59="","",ROUND(ROUND(F59,2)*E59,2)))
... G83: =IF(OR(D83="%",D83=" &"),IF(F83="","",ROUND(ROUND(F83,3)*E83,2)),IF(F83="","",ROUND(ROUND(F83,2)*E83,2)))
A84: TOTAL CARRIED TO SUMMARY | G84: =SUM(G36:G83) -> 0

Sheet B1_C12.5
A1: SECTION C12.5 | D1: SHOTCRETE
A4: ITEM | B4: DESCRIPTION | D4: UNIT | E4: QTY | F4: RATE | G4: AMOUNT
G5: =IF(OR(D5="%",D5=" &"),IF(F5="","",ROUND(ROUND(F5,3)*E5,2)),IF(F5="","",ROUND(ROUND(F5,2)*E5,2)))
A6: C12.5 | B6: =D1 -> SHOTCRETE | G6: =IF(OR(D6="%",D6=" &"),IF(F6="","",ROUND(ROUND(F6,3)*E6,2)),IF(F6="","",ROUND(ROUND(F6,2)*E6,2)))
G7: =IF(OR(D7="%",D7=" &"),IF(F7="","",ROUND(ROUND(F7,3)*E7,2)),IF(F7="","",ROUND(ROUND(F7,2)*E7,2)))
A8: C12.5.1 | B8: Establishment on site | D8: lump sum | E8: 1 | G8: =IF(OR(D8="%",D8=" &"),IF(F8="","",ROUND(ROUND(F8,3)*E8,2)),IF(F8="","",ROUND(ROUND(F8,2)*E8,2)))
G9: =IF(OR(D9="%",D9=" &"),IF(F9="","",ROUND(ROUND(F9,3)*E9,2)),IF(F9="","",ROUND(ROUND(F9,2)*E9,2)))
A10: C12.5.2 | B10: Surface preparation for shotcreting | D10: m2 | E10: 5550 | G10: =IF(OR(D10="%",D10=" &"),IF(F10="","",ROUND(ROUND(F10,3)*E10,2)),IF(F10="","",ROUND(ROUND(F10,2)*E10,2)))
G11: =IF(OR(D11="%",D11=" &"),IF(F11="","",ROUND(ROUND(F11,3)*E11,2)),IF(F11="","",ROUND(ROUND(F11,2)*E11,2)))
A12: C12.5.3 | B12: Supply and installation of reinforcement: | G12: =IF(OR(D12="%",D12=" &"),IF(F12="","",ROUND(ROUND(F12,3)*E12,2)),IF(F12="","",ROUND(ROUND(F12,2)*E12,2)))
G13: =IF(OR(D13="%",D13=" &"),IF(F13="","",ROUND(ROUND(F13,3)*E13,2)),IF(F13="","",ROUND(ROUND(F13,2)*E13,2)))
A14: C12.5.3.2 | B14: Fibre (polypropylene fibres at 7 kg/m³) | D14: kg | E14: 6050 | G14: =IF(OR(D14="%",D14=" &"),IF(F14="","",ROUND(ROUND(F14,3)*E14,2)),IF(F14="","",ROUND(ROUND(F14,2)*E14,2)))
G15: =IF(OR(D15="%",D15=" &"),IF(F15="","",ROUND(ROUND(F15,3)*E15,2)),IF(F15="","",ROUND(ROUND(F15,2)*E15,2)))
A16: C12.5.4 | B16: Shotcrete (100 mm total thickness): Dolerite | G16: =IF(OR(D16="%",D16=" &"),IF(F16="","",ROUND(ROUND(F16,3)*E16,2)),IF(F16="","",ROUND(ROUND(F16,2)*E16,2)))
G17: =IF(OR(D17="%",D17=" &"),IF(F17="","",ROUND(ROUND(F17,3)*E17,2)),IF(F17="","",ROUND(ROUND(F17,2)*E17,2)))
A18: C12.5.4.1 | B18: Flash / base coat (unreinforced) (50 mm thick) | D18: m2 | E18: 1050 | G18: =IF(OR(D18="%",D18=" &"),IF(F18="","",ROUND(ROUND(F18,3)*E18,2)),IF(F18="","",ROUND(ROUND(F18,2)*E18,2)))
G19: =IF(OR(D19="%",D19=" &"),IF(F19="","",ROUND(ROUND(F19,3)*E19,2)),IF(F19="","",ROUND(ROUND(F19,2)*E19,2)))
A20: C12.5.4.3 | B20: Final coat (50 mm thick, pigment to reflect the surrounding natural rock colour, SU finish) | D20: m2 | E20: 1050 | G20: =IF(OR(D20="%",D20=" &"),IF(F20="","",ROUND(ROUND(F20,3)*E20,2)),IF(F20="","",ROUND(ROUND(F20,2)*E20,2)))
G21: =IF(OR(D21="%",D21=" &"),IF(F21="","",ROUND(ROUND(F21,3)*E21,2)),IF(F21="","",ROUND(ROUND(F21,2)*E21,2)))
A22: C12.5.4 | B22: Shotcrete (150 mm total thickness): Mudstone/Siltstone | G22: =IF(OR(D22="%",D22=" &"),IF(F22="","",ROUND(ROUND(F22,3)*E22,2)),IF(F22="","",ROUND(ROUND(F22,2)*E22,2)))
G23: =IF(OR(D23="%",D23=" &"),IF(F23="","",ROUND(ROUND(F23,3)*E23,2)),IF(F23="","",ROUND(ROUND(F23,2)*E23,2)))
A24: C12.5.4.1 | B24: Flash / base coat (unreinforced) (50 mm thick) | D24: m2 | E24: 4500 | G24: =IF(OR(D24="%",D24=" &"),IF(F24="","",ROUND(ROUND(F24,3)*E24,2)),IF(F24="","",ROUND(ROUND(F24,2)*E24,2)))
G25: =IF(OR(D25="%",D25=" &"),IF(F25="","",ROUND(ROUND(F25,3)*E25,2)),IF(F25="","",ROUND(ROUND(F25,2)*E25,2)))
A26: C12.5.4.2 | B26: Intermediate coat (50 mm thick, 1 layer) | D26: m2 | E26: 4500 | G26: =IF(OR(D26="%",D26=" &"),IF(F26="","",ROUND(ROUND(F26,3)*E26,2)),IF(F26="","",ROUND(ROUND(F26,2)*E26,2)))
G27: =IF(OR(D27="%",D27=" &"),IF(F27="","",ROUND(ROUND(F27,3)*E27,2)),IF(F27="","",ROUND(ROUND(F27,2)*E27,2)))
A28: C12.5.4.3 | B28: Final coat (50 mm thick, pigment to reflect the surrounding natural rock colour, SU finish) | D28: m2 | E28: 4500 | G28: =IF(OR(D28="%",D28=" &"),IF(F28="","",ROUND(ROUND(F28,3)*E28,2)),IF(F28="","",ROUND(ROUND(F28,2)*E28,2)))
G29: =IF(OR(D29="%",D29=" &"),IF(F29="","",ROUND(ROUND(F29,3)*E29,2)),IF(F29="","",ROUND(ROUND(F29,2)*E29,2)))
A30: C12.5.5 | B30: Removal to spoil of material trimmed from slope | D30: m3-km | E30: 27750 | G30: =IF(OR(D30="%",D30=" &"),IF(F30="","",ROUND(ROUND(F30,3)*E30,2)),IF(F30="","",ROUND(ROUND(F30,2)*E30,2)))
G31: =IF(OR(D31="%",D31=" &"),IF(F31="","",ROUND(ROUND(F31,3)*E31,2)),IF(F31="","",ROUND(ROUND(F31,2)*E31,2)))
A32: C12.5.6 | B32: Edge finishing of shotcrete | D32: m | E32: 1000 | G32: =IF(OR(D32="%",D32=" &"),IF(F32="","",ROUND(ROUND(F32,3)*E32,2)),IF(F32="","",ROUND(ROUND(F32,2)*E32,2)))
G33: =IF(OR(D33="%",D33=" &"),IF(F33="","",ROUND(ROUND(F33,3)*E33,2)),IF(F33="","",ROUND(ROUND(F33,2)*E33,2)))
A34: C12.5.7 | B34: Geopipe collectors and weepholes: | G34: =IF(OR(D34="%",D34=" &"),IF(F34="","",ROUND(ROUND(F34,3)*E34,2)),IF(F34="","",ROUND(ROUND(F34,2)*E34,2)))
G35: =IF(OR(D35="%",D35=" &"),IF(F35="","",ROUND(ROUND(F35,3)*E35,2)),IF(F35="","",ROUND(ROUND(F35,2)*E35,2)))
A36: C12.5.7.1 | B36: 50 mm diameter U-PVC weephole piping (170 mm, extending ±20 mm out of shotcrete) | D36: No. | E36: 1000 | G36: =IF(OR(D36="%",D36=" &"),IF(F36="","",ROUND(ROUND(F36,3)*E36,2)),IF(F36="","",ROUND(ROUND(F36,2)*E36,2)))
G37: =IF(OR(D37="%",D37=" &"),IF(F37="","",ROUND(ROUND(F37,3)*E37,2)),IF(F37="","",ROUND(ROUND(F37,2)*E37,2)))
A38: C12.5.8 | B38: Geocomposite / geosynthetic drain as specified | D38: m | E38: 2500 | G38: =IF(OR(D38="%",D38=" &"),IF(F38="","",ROUND(ROUND(F38,3)*E38,2)),IF(F38="","",ROUND(ROUND(F38,2)*E38,2)))
G39: =IF(OR(D39="%",D39=" &"),IF(F39="","",ROUND(ROUND(F39,3)*E39,2)),IF(F39="","",ROUND(ROUND(F39,2)*E39,2)))
G40: =IF(OR(D40="%",D40=" &"),IF(F40="","",ROUND(ROUND(F40,3)*E40,2)),IF(F40="","",ROUND(ROUND(F40,2)*E40,2)))
G41: =IF(OR(D41="%",D41=" &"),IF(F41="","",ROUND(ROUND(F41,3)*E41,2)),IF(F41="","",ROUND(ROUND(F41,2)*E41,2)))
G42: =IF(OR(D42="%",D42=" &"),IF(F42="","",ROUND(ROUND(F42,3)*E42,2)),IF(F42="","",ROUND(ROUND(F42,2)*E42,2)))
G43: =IF(OR(D43="%",D43=" &"),IF(F43="","",ROUND(ROUND(F43,3)*E43,2)),IF(F43="","",ROUND(ROUND(F43,2)*E43,2)))
G44: =IF(OR(D44="%",D44=" &"),IF(F44="","",ROUND(ROUND(F44,3)*E44,2)),IF(F44="","",ROUND(ROUND(F44,2)*E44,2)))
G45: =IF(OR(D45="%",D45=" &"),IF(F45="","",ROUND(ROUND(F45,3)*E45,2)),IF(F45="","",ROUND(ROUND(F45,2)*E45,2)))
G46: =IF(OR(D46="%",D46=" &"),IF(F46="","",ROUND(ROUND(F46,3)*E46,2)),IF(F46="","",ROUND(ROUND(F46,2)*E46,2)))
G47: =IF(OR(D47="%",D47=" &"),IF(F47="","",ROUND(ROUND(F47,3)*E47,2)),IF(F47="","",ROUND(ROUND(F47,2)*E47,2)))
G48: =IF(OR(D48="%",D48=" &"),IF(F48="","",ROUND(ROUND(F48,3)*E48,2)),IF(F48="","",ROUND(ROUND(F48,2)*E48,2)))
G49: =IF(OR(D49="%",D49=" &"),IF(F49="","",ROUND(ROUND(F49,3)*E49,2)),IF(F49="","",ROUND(ROUND(F49,2)*E49,2)))
G50: =IF(OR(D50="%",D50=" &"),IF(F50="","",ROUND(ROUND(F50,3)*E50,2)),IF(F50="","",ROUND(ROUND(F50,2)*E50,2)))
... G53: =IF(OR(D53="%",D53=" &"),IF(F53="","",ROUND(ROUND(F53,3)*E53,2)),IF(F53="","",ROUND(ROUND(F53,2)*E53,2)))
A54: TOTAL CARRIED TO SUMMARY | G54: =SUM(G5:G53) -> 0

Sheet B1_C12.8
A1: SECTION C12.8 | D1: GROUND DRAINAGE
A4: ITEM | B4: DESCRIPTION | D4: UNIT | E4: QTY | F4: RATE | G4: AMOUNT
G5: =IF(OR(D5="%",D5=" &"),IF(F5="","",ROUND(ROUND(F5,3)*E5,2)),IF(F5="","",ROUND(ROUND(F5,2)*E5,2)))
A6: C12.8 | B6: =D1 -> GROUND DRAINAGE | G6: =IF(OR(D6="%",D6=" &"),IF(F6="","",ROUND(ROUND(F6,3)*E6,2)),IF(F6="","",ROUND(ROUND(F6,2)*E6,2)))
G7: =IF(OR(D7="%",D7=" &"),IF(F7="","",ROUND(ROUND(F7,3)*E7,2)),IF(F7="","",ROUND(ROUND(F7,2)*E7,2)))
A8: C12.8.1 | B8: Establishment on site for | G8: =IF(OR(D8="%",D8=" &"),IF(F8="","",ROUND(ROUND(F8,3)*E8,2)),IF(F8="","",ROUND(ROUND(F8,2)*E8,2)))
G9: =IF(OR(D9="%",D9=" &"),IF(F9="","",ROUND(ROUND(F9,3)*E9,2)),IF(F9="","",ROUND(ROUND(F9,2)*E9,2)))
A10: C12.8.1.2 | B10: Horizontal drains | D10: lump sum | E10: 1 | G10: =IF(OR(D10="%",D10=" &"),IF(F10="","",ROUND(ROUND(F10,3)*E10,2)),IF(F10="","",ROUND(ROUND(F10,2)*E10,2)))
G11: =IF(OR(D11="%",D11=" &"),IF(F11="","",ROUND(ROUND(F11,3)*E11,2)),IF(F11="","",ROUND(ROUND(F11,2)*E11,2)))
A12: C12.8.2 | B12: Provision of access to drain positions | G12: =IF(OR(D12="%",D12=" &"),IF(F12="","",ROUND(ROUND(F12,3)*E12,2)),IF(F12="","",ROUND(ROUND(F12,2)*E12,2)))
G13: =IF(OR(D13="%",D13=" &"),IF(F13="","",ROUND(ROUND(F13,3)*E13,2)),IF(F13="","",ROUND(ROUND(F13,2)*E13,2)))
A14: C12.8.2.1 | B14: Horizontal drains | D14: lump sum | E14: 1 | G14: =IF(OR(D14="%",D14=" &"),IF(F14="","",ROUND(ROUND(F14,3)*E14,2)),IF(F14="","",ROUND(ROUND(F14,2)*E14,2)))
G15: =IF(OR(D15="%",D15=" &"),IF(F15="","",ROUND(ROUND(F15,3)*E15,2)),IF(F15="","",ROUND(ROUND(F15,2)*E15,2)))
A16: C12.8.3 | B16: Moving to, and setting up the equipment for drilling the holes at each well /horizontal/ sand drain position | G16: =IF(OR(D16="%",D16=" &"),IF(F16="","",ROUND(ROUND(F16,3)*E16,2)),IF(F16="","",ROUND(ROUND(F16,2)*E16,2)))
G17: =IF(OR(D17="%",D17=" &"),IF(F17="","",ROUND(ROUND(F17,3)*E17,2)),IF(F17="","",ROUND(ROUND(F17,2)*E17,2)))
A18: C12.8.3.1 | B18: Horizontal drains | D18: No. | E18: 195 | G18: =IF(OR(D18="%",D18=" &"),IF(F18="","",ROUND(ROUND(F18,3)*E18,2)),IF(F18="","",ROUND(ROUND(F18,2)*E18,2)))
G19: =IF(OR(D19="%",D19=" &"),IF(F19="","",ROUND(ROUND(F19,3)*E19,2)),IF(F19="","",ROUND(ROUND(F19,2)*E19,2)))
A20: C12.8.6 | B20: Drilling holes for horizontal drains (15° above horizontal and 100 mm dia.) to the required depth (20 m) | D20: m | E20: 3900 | G20: =IF(OR(D20="%",D20=" &"),IF(F20="","",ROUND(ROUND(F20,3)*E20,2)),IF(F20="","",ROUND(ROUND(F20,2)*E20,2)))
G21: =IF(OR(D21="%",D21=" &"),IF(F21="","",ROUND(ROUND(F21,3)*E21,2)),IF(F21="","",ROUND(ROUND(F21,2)*E21,2)))
G22: =IF(OR(D22="%",D22=" &"),IF(F22="","",ROUND(ROUND(F22,3)*E22,2)),IF(F22="","",ROUND(ROUND(F22,2)*E22,2)))
G23: =IF(OR(D23="%",D23=" &"),IF(F23="","",ROUND(ROUND(F23,3)*E23,2)),IF(F23="","",ROUND(ROUND(F23,2)*E23,2)))
G24: =IF(OR(D24="%",D24=" &"),IF(F24="","",ROUND(ROUND(F24,3)*E24,2)),IF(F24="","",ROUND(ROUND(F24,2)*E24,2)))
G25: =IF(OR(D25="%",D25=" &"),IF(F25="","",ROUND(ROUND(F25,3)*E25,2)),IF(F25="","",ROUND(ROUND(F25,2)*E25,2)))
G26: =IF(OR(D26="%",D26=" &"),IF(F26="","",ROUND(ROUND(F26,3)*E26,2)),IF(F26="","",ROUND(ROUND(F26,2)*E26,2)))
G27: =IF(OR(D27="%",D27=" &"),IF(F27="","",ROUND(ROUND(F27,3)*E27,2)),IF(F27="","",ROUND(ROUND(F27,2)*E27,2)))
G28: =IF(OR(D28="%",D28=" &"),IF(F28="","",ROUND(ROUND(F28,3)*E28,2)),IF(F28="","",ROUND(ROUND(F28,2)*E28,2)))
G29: =IF(OR(D29="%",D29=" &"),IF(F29="","",ROUND(ROUND(F29,3)*E29,2)),IF(F29="","",ROUND(ROUND(F29,2)*E29,2)))
G30: =IF(OR(D30="%",D30=" &"),IF(F30="","",ROUND(ROUND(F30,3)*E30,2)),IF(F30="","",ROUND(ROUND(F30,2)*E30,2)))
G31: =IF(OR(D31="%",D31=" &"),IF(F31="","",ROUND(ROUND(F31,3)*E31,2)),IF(F31="","",ROUND(ROUND(F31,2)*E31,2)))
G32: =IF(OR(D32="%",D32=" &"),IF(F32="","",ROUND(ROUND(F32,3)*E32,2)),IF(F32="","",ROUND(ROUND(F32,2)*E32,2)))
... G54: =IF(OR(D54="%",D54=" &"),IF(F54="","",ROUND(ROUND(F54,3)*E54,2)),IF(F54="","",ROUND(ROUND(F54,2)*E54,2)))
A55: TOTAL CARRIED TO SUMMARY | G55: =SUM(G5:G54) -> 0

Sheet B1_C12.9
A1: SECTION C12.9 | D1: SLOPE PROTECTION MEASURES
A4: ITEM | B4: DESCRIPTION | D4: UNIT | E4: QTY | F4: RATE | G4: AMOUNT
G5: =IF(OR(D5="%",D5=" &"),IF(F5="","",ROUND(ROUND(F5,3)*E5,2)),IF(F5="","",ROUND(ROUND(F5,2)*E5,2)))
A6: C12.9 | B6: =D1 -> SLOPE PROTECTION MEASURES | G6: =IF(OR(D6="%",D6=" &"),IF(F6="","",ROUND(ROUND(F6,3)*E6,2)),IF(F6="","",ROUND(ROUND(F6,2)*E6,2)))
G7: =IF(OR(D7="%",D7=" &"),IF(F7="","",ROUND(ROUND(F7,3)*E7,2)),IF(F7="","",ROUND(ROUND(F7,2)*E7,2)))
A8: C12.9.1 | B8: Barring down of rock surfaces within vertical height intervals | G8: =IF(OR(D8="%",D8=" &"),IF(F8="","",ROUND(ROUND(F8,3)*E8,2)),IF(F8="","",ROUND(ROUND(F8,2)*E8,2)))
G9: =IF(OR(D9="%",D9=" &"),IF(F9="","",ROUND(ROUND(F9,3)*E9,2)),IF(F9="","",ROUND(ROUND(F9,2)*E9,2)))
B10: (a) | C10: Not exceeding 2 m above toe level | D10: m2 | E10: 3000 | G10: =IF(OR(D10="%",D10=" &"),IF(F10="","",ROUND(ROUND(F10,3)*E10,2)),IF(F10="","",ROUND(ROUND(F10,2)*E10,2)))
G11: =IF(OR(D11="%",D11=" &"),IF(F11="","",ROUND(ROUND(F11,3)*E11,2)),IF(F11="","",ROUND(ROUND(F11,2)*E11,2)))
B12: (b) | C12: Exceeding 2 m but not exceeding 5 m above toe level | D12: m2 | E12: 5500 | G12: =IF(OR(D12="%",D12=" &"),IF(F12="","",ROUND(ROUND(F12,3)*E12,2)),IF(F12="","",ROUND(ROUND(F12,2)*E12,2)))
G13: =IF(OR(D13="%",D13=" &"),IF(F13="","",ROUND(ROUND(F13,3)*E13,2)),IF(F13="","",ROUND(ROUND(F13,2)*E13,2)))
B14: (c) | C14: Exceeding 5 m above toe level | D14: m2 | E14: 19500 | G14: =IF(OR(D14="%",D14=" &"),IF(F14="","",ROUND(ROUND(F14,3)*E14,2)),IF(F14="","",ROUND(ROUND(F14,2)*E14,2)))
G15: =IF(OR(D15="%",D15=" &"),IF(F15="","",ROUND(ROUND(F15,3)*E15,2)),IF(F15="","",ROUND(ROUND(F15,2)*E15,2)))
A16: C12.9.2 | B16: Cleaning of rock surfaces by high pressure air and water jetting equipment within the vertical height intervals | G16: =IF(OR(D16="%",D16=" &"),IF(F16="","",ROUND(ROUND(F16,3)*E16,2)),IF(F16="","",ROUND(ROUND(F16,2)*E16,2)))
G17: =IF(OR(D17="%",D17=" &"),IF(F17="","",ROUND(ROUND(F17,3)*E17,2)),IF(F17="","",ROUND(ROUND(F17,2)*E17,2)))
B18: (a) | C18: Not exceeding 2 m above toe level | D18: m2 | E18: 3000 | G18: =IF(OR(D18="%",D18=" &"),IF(F18="","",ROUND(ROUND(F18,3)*E18,2)),IF(F18="","",ROUND(ROUND(F18,2)*E18,2)))
G19: =IF(OR(D19="%",D19=" &"),IF(F19="","",ROUND(ROUND(F19,3)*E19,2)),IF(F19="","",ROUND(ROUND(F19,2)*E19,2)))
B20: (b) | C20: Exceeding 2 m but not exceeding 5 m above toe level | D20: m2 | E20: 5500 | G20: =IF(OR(D20="%",D20=" &"),IF(F20="","",ROUND(ROUND(F20,3)*E20,2)),IF(F20="","",ROUND(ROUND(F20,2)*E20,2)))
G21: =IF(OR(D21="%",D21=" &"),IF(F21="","",ROUND(ROUND(F21,3)*E21,2)),IF(F21="","",ROUND(ROUND(F21,2)*E21,2)))
B22: (c) | C22: Exceeding 5 m above toe level | D22: m2 | E22: 19500 | G22: =IF(OR(D22="%",D22=" &"),IF(F22="","",ROUND(ROUND(F22,3)*E22,2)),IF(F22="","",ROUND(ROUND(F22,2)*E22,2)))
G23: =IF(OR(D23="%",D23=" &"),IF(F23="","",ROUND(ROUND(F23,3)*E23,2)),IF(F23="","",ROUND(ROUND(F23,2)*E23,2)))
A24: PC12.9.13 | B24: Demolition and removal of rock boulders through non-explosive chemical methods | D24: m3 | E24: 20 | G24: =IF(OR(D24="%",D24=" &"),IF(F24="","",ROUND(ROUND(F24,3)*E24,2)),IF(F24="","",ROUND(ROUND(F24,2)*E24,2)))
G25: =IF(OR(D25="%",D25=" &"),IF(F25="","",ROUND(ROUND(F25,3)*E25,2)),IF(F25="","",ROUND(ROUND(F25,2)*E25,2)))
A26: C12.9.3 | B26: Disposal of barred down and accumulated debris | D26: m3-km | E26: 350500 | G26: =IF(OR(D26="%",D26=" &"),IF(F26="","",ROUND(ROUND(F26,3)*E26,2)),IF(F26="","",ROUND(ROUND(F26,2)*E26,2)))
G27: =IF(OR(D27="%",D27=" &"),IF(F27="","",ROUND(ROUND(F27,3)*E27,2)),IF(F27="","",ROUND(ROUND(F27,2)*E27,2)))
A28: C12.9.4 | B28: Supply and install wire mesh rockfall netting | G28: =IF(OR(D28="%",D28=" &"),IF(F28="","",ROUND(ROUND(F28,3)*E28,2)),IF(F28="","",ROUND(ROUND(F28,2)*E28,2)))
G29: =IF(OR(D29="%",D29=" &"),IF(F29="","",ROUND(ROUND(F29,3)*E29,2)),IF(F29="","",ROUND(ROUND(F29,2)*E29,2)))
A30: C12.9.4.1 | B30: Mesh revetment system with rhomboid high-tensile netting weave pattern (80 mm and 130 mm minimum aperture dimension) with a minimum static tensile strength of 250 kN/m using minimum 4.0 mm dia. Wire with a minimum tensile strength of 1750 MPa (95% Zn / 5% Al - min. 150 g/m2) within vertical height intervals: | G30: =IF(OR(D30="%",D30=" &"),IF(F30="","",ROUND(ROUND(F30,3)*E30,2)),IF(F30="","",ROUND(ROUND(F30,2)*E30,2)))
G31: =IF(OR(D31="%",D31=" &"),IF(F31="","",ROUND(ROUND(F31,3)*E31,2)),IF(F31="","",ROUND(ROUND(F31,2)*E31,2)))
B32: (c) | C32: Exceeding 5 m above toe level | D32: m2 | E32: 11150 | G32: =IF(OR(D32="%",D32=" &"),IF(F32="","",ROUND(ROUND(F32,3)*E32,2)),IF(F32="","",ROUND(ROUND(F32,2)*E32,2)))
G33: =IF(OR(D33="%",D33=" &"),IF(F33="","",ROUND(ROUND(F33,3)*E33,2)),IF(F33="","",ROUND(ROUND(F33,2)*E33,2)))
A34: PC12.9.14 | B34: Supply and installation / erection of anchor cable support for wire mesh rockfall netting | G34: =IF(OR(D34="%",D34=" &"),IF(F34="","",ROUND(ROUND(F34,3)*E34,2)),IF(F34="","",ROUND(ROUND(F34,2)*E34,2)))
G35: =IF(OR(D35="%",D35=" &"),IF(F35="","",ROUND(ROUND(F35,3)*E35,2)),IF(F35="","",ROUND(ROUND(F35,2)*E35,2)))
B36: (a) | C36: 20 mm dia. cable: horizontal summit anchor cable including all ancillary items necessary to interrupt / tie-off at the specified intervals (galvanised - Class A as per EN 10244-2) | D36: m | E36: 390 | G36: =IF(OR(D36="%",D36=" &"),IF(F36="","",ROUND(ROUND(F36,3)*E36,2)),IF(F36="","",ROUND(ROUND(F36,2)*E36,2)))
G37: =IF(OR(D37="%",D37=" &"),IF(F37="","",ROUND(ROUND(F37,3)*E37,2)),IF(F37="","",ROUND(ROUND(F37,2)*E37,2)))
B38: (b) | C38: 20 mm dia. cable: horizontal bottom anchor cable including all ancillary items necessary to interrupt / tie-off at the specified intervals (galvanised - Class A as per EN 10244-2) | D38: m | E38: 390 | G38: =IF(OR(D38="%",D38=" &"),IF(F38="","",ROUND(ROUND(F38,3)*E38,2)),IF(F38="","",ROUND(ROUND(F38,2)*E38,2)))
G39: =IF(OR(D39="%",D39=" &"),IF(F39="","",ROUND(ROUND(F39,3)*E39,2)),IF(F39="","",ROUND(ROUND(F39,2)*E39,2)))
G40: =IF(OR(D40="%",D40=" &"),IF(F40="","",ROUND(ROUND(F40,3)*E40,2)),IF(F40="","",ROUND(ROUND(F40,2)*E40,2)))
G41: =IF(OR(D41="%",D41=" &"),IF(F41="","",ROUND(ROUND(F41,3)*E41,2)),IF(F41="","",ROUND(ROUND(F41,2)*E41,2)))
A42: CARRIED FORWARD / ……. | G42: =SUM(G5:G41) -> 0
G43: =IF(OR(D43="%",D43=" &"),IF(F43="","",ROUND(ROUND(F43,3)*E43,2)),IF(F43="","",ROUND(ROUND(F43,2)*E43,2)))
B44: BROUGHT FORWARD / ……. | G44: =G42 -> 0
G45: =IF(OR(D45="%",D45=" &"),IF(F45="","",ROUND(ROUND(F45,3)*E45,2)),IF(F45="","",ROUND(ROUND(F45,2)*E45,2)))
B46: (c) | C46: 8 mm dia. cable: diagonal pattern cable including all ancillary items necessary to interrupt / tie-off at the specified intervals (galvanised - Class A as per EN 10244-2) | D46: m | E46: 7500 | G46: =IF(OR(D46="%",D46=" &"),IF(F46="","",ROUND(ROUND(F46,3)*E46,2)),IF(F46="","",ROUND(ROUND(F46,2)*E46,2)))
G47: =IF(OR(D47="%",D47=" &"),IF(F47="","",ROUND(ROUND(F47,3)*E47,2)),IF(F47="","",ROUND(ROUND(F47,2)*E47,2)))
A48: C12.9.5 | B48: Supply and Installation/erection of catch fencing | D48: m | E48: 800 | G48: =IF(OR(D48="%",D48=" &"),IF(F48="","",ROUND(ROUND(F48,3)*E48,2)),IF(F48="","",ROUND(ROUND(F48,2)*E48,2)))
G49: =IF(OR(D49="%",D49=" &"),IF(F49="","",ROUND(ROUND(F49,3)*E49,2)),IF(F49="","",ROUND(ROUND(F49,2)*E49,2)))
G50: =IF(OR(D50="%",D50=" &"),IF(F50="","",ROUND(ROUND(F50,3)*E50,2)),IF(F50="","",ROUND(ROUND(F50,2)*E50,2)))
G51: =IF(OR(D51="%",D51=" &"),IF(F51="","",ROUND(ROUND(F51,3)*E51,2)),IF(F51="","",ROUND(ROUND(F51,2)*E51,2)))
G52: =IF(OR(D52="%",D52=" &"),IF(F52="","",ROUND(ROUND(F52,3)*E52,2)),IF(F52="","",ROUND(ROUND(F52,2)*E52,2)))
G53: =IF(OR(D53="%",D53=" &"),IF(F53="","",ROUND(ROUND(F53,3)*E53,2)),IF(F53="","",ROUND(ROUND(F53,2)*E53,2)))
G54: =IF(OR(D54="%",D54=" &"),IF(F54="","",ROUND(ROUND(F54,3)*E54,2)),IF(F54="","",ROUND(ROUND(F54,2)*E54,2)))
G55: =IF(OR(D55="%",D55=" &"),IF(F55="","",ROUND(ROUND(F55,3)*E55,2)),IF(F55="","",ROUND(ROUND(F55,2)*E55,2)))
G56: =IF(OR(D56="%",D56=" &"),IF(F56="","",ROUND(ROUND(F56,3)*E56,2)),IF(F56="","",ROUND(ROUND(F56,2)*E56,2)))
G57: =IF(OR(D57="%",D57=" &"),IF(F57="","",ROUND(ROUND(F57,3)*E57,2)),IF(F57="","",ROUND(ROUND(F57,2)*E57,2)))
G58: =IF(OR(D58="%",D58=" &"),IF(F58="","",ROUND(ROUND(F58,3)*E58,2)),IF(F58="","",ROUND(ROUND(F58,2)*E58,2)))
G59: =IF(OR(D59="%",D59=" &"),IF(F59="","",ROUND(ROUND(F59,3)*E59,2)),IF(F59="","",ROUND(ROUND(F59,2)*E59,2)))
G60: =IF(OR(D60="%",D60=" &"),IF(F60="","",ROUND(ROUND(F60,3)*E60,2)),IF(F60="","",ROUND(ROUND(F60,2)*E60,2)))
... G92: =IF(OR(D92="%",D92=" &"),IF(F92="","",ROUND(ROUND(F92,3)*E92,2)),IF(F92="","",ROUND(ROUND(F92,2)*E92,2)))
A93: TOTAL CARRIED TO SUMMARY | G93: =SUM(G43:G92) -> 0

Sheet B2_C1.5
A1: SECTION C1.5 | D1: ACCOMMODATION OF TRAFFIC
A4: ITEM | B4: DESCRIPTION | D4: UNIT | E4: QTY | F4: RATE | G4: AMOUNT
G5: =IF(OR(D5="%",D5=" &"),IF(F5="","",ROUND(ROUND(F5,3)*E5,2)),IF(F5="","",ROUND(ROUND(F5,2)*E5,2)))
A6: C1.5 | B6: =D1 -> ACCOMMODATION OF TRAFFIC | G6: =IF(OR(D6="%",D6=" &"),IF(F6="","",ROUND(ROUND(F6,3)*E6,2)),IF(F6="","",ROUND(ROUND(F6,2)*E6,2)))
G7: =IF(OR(D7="%",D7=" &"),IF(F7="","",ROUND(ROUND(F7,3)*E7,2)),IF(F7="","",ROUND(ROUND(F7,2)*E7,2)))
A8: C1.5.2 | B8: Accommodation of vehicular traffic | D8: month | E8: 7 | G8: =IF(OR(D8="%",D8=" &"),IF(F8="","",ROUND(ROUND(F8,3)*E8,2)),IF(F8="","",ROUND(ROUND(F8,2)*E8,2)))
G9: =IF(OR(D9="%",D9=" &"),IF(F9="","",ROUND(ROUND(F9,3)*E9,2)),IF(F9="","",ROUND(ROUND(F9,2)*E9,2)))
A10: C1.5.3 | B10: Liaison with traffic authorities | D10: month | E10: 7 | G10: =IF(OR(D10="%",D10=" &"),IF(F10="","",ROUND(ROUND(F10,3)*E10,2)),IF(F10="","",ROUND(ROUND(F10,2)*E10,2)))
G11: =IF(OR(D11="%",D11=" &"),IF(F11="","",ROUND(ROUND(F11,3)*E11,2)),IF(F11="","",ROUND(ROUND(F11,2)*E11,2)))
A12: C1.5.7 | B12: Temporary traffic control facilities | G12: =IF(OR(D12="%",D12=" &"),IF(F12="","",ROUND(ROUND(F12,3)*E12,2)),IF(F12="","",ROUND(ROUND(F12,2)*E12,2)))
G13: =IF(OR(D13="%",D13=" &"),IF(F13="","",ROUND(ROUND(F13,3)*E13,2)),IF(F13="","",ROUND(ROUND(F13,2)*E13,2)))
A14: C1.5.7.1 | B14: Delineators including mounting bases and ballast: | G14: =IF(OR(D14="%",D14=" &"),IF(F14="","",ROUND(ROUND(F14,3)*E14,2)),IF(F14="","",ROUND(ROUND(F14,2)*E14,2)))
G15: =IF(OR(D15="%",D15=" &"),IF(F15="","",ROUND(ROUND(F15,3)*E15,2)),IF(F15="","",ROUND(ROUND(F15,2)*E15,2)))
B16: (c) | C16: Reboundable delineators, single sided (200 x 800 mm, minimum 16 kg base) | D16: No. | E16: 100 | G16: =IF(OR(D16="%",D16=" &"),IF(F16="","",ROUND(ROUND(F16,3)*E16,2)),IF(F16="","",ROUND(ROUND(F16,2)*E16,2)))
G17: =IF(OR(D17="%",D17=" &"),IF(F17="","",ROUND(ROUND(F17,3)*E17,2)),IF(F17="","",ROUND(ROUND(F17,2)*E17,2)))
B18: (d) | C18: Reboundable delineators, double sided (200 x 800 mm, minimum 16 kg base) | D18: No. | E18: 200 | G18: =IF(OR(D18="%",D18=" &"),IF(F18="","",ROUND(ROUND(F18,3)*E18,2)),IF(F18="","",ROUND(ROUND(F18,2)*E18,2)))
G19: =IF(OR(D19="%",D19=" &"),IF(F19="","",ROUND(ROUND(F19,3)*E19,2)),IF(F19="","",ROUND(ROUND(F19,2)*E19,2)))
A20: C1.5.7.2 | B20: Traffic cones, minimum height 750 mm | D20: No. | E20: 50 | G20: =IF(OR(D20="%",D20=" &"),IF(F20="","",ROUND(ROUND(F20,3)*E20,2)),IF(F20="","",ROUND(ROUND(F20,2)*E20,2)))
G21: =IF(OR(D21="%",D21=" &"),IF(F21="","",ROUND(ROUND(F21,3)*E21,2)),IF(F21="","",ROUND(ROUND(F21,2)*E21,2)))
A22: C1.5.7.3 | B22: Flagmen | D22: man-shift | E22: 1500 | G22: =IF(OR(D22="%",D22=" &"),IF(F22="","",ROUND(ROUND(F22,3)*E22,2)),IF(F22="","",ROUND(ROUND(F22,2)*E22,2)))
G23: =IF(OR(D23="%",D23=" &"),IF(F23="","",ROUND(ROUND(F23,3)*E23,2)),IF(F23="","",ROUND(ROUND(F23,2)*E23,2)))
A24: C1.5.7.5 | B24: Provision of illuminated traffic signs: | G24: =IF(OR(D24="%",D24=" &"),IF(F24="","",ROUND(ROUND(F24,3)*E24,2)),IF(F24="","",ROUND(ROUND(F24,2)*E24,2)))
G25: =IF(OR(D25="%",D25=" &"),IF(F25="","",ROUND(ROUND(F25,3)*E25,2)),IF(F25="","",ROUND(ROUND(F25,2)*E25,2)))
B26: (a) | C26: Sign mounted flashing amber lights (2 lights with the specified power supply) mounted on a backing board which is: | G26: =IF(OR(D26="%",D26=" &"),IF(F26="","",ROUND(ROUND(F26,3)*E26,2)),IF(F26="","",ROUND(ROUND(F26,2)*E26,2)))
G27: =IF(OR(D27="%",D27=" &"),IF(F27="","",ROUND(ROUND(F27,3)*E27,2)),IF(F27="","",ROUND(ROUND(F27,2)*E27,2)))
C28: (ii) 1200 mm wide x 200 mm high | D28: No. | E28: 8 | G28: =IF(OR(D28="%",D28=" &"),IF(F28="","",ROUND(ROUND(F28,3)*E28,2)),IF(F28="","",ROUND(ROUND(F28,2)*E28,2)))
G29: =IF(OR(D29="%",D29=" &"),IF(F29="","",ROUND(ROUND(F29,3)*E29,2)),IF(F29="","",ROUND(ROUND(F29,2)*E29,2)))
B30: (e) | C30: Mobile variable message sign | D30: No. | E30: 2 | G30: =IF(OR(D30="%",D30=" &"),IF(F30="","",ROUND(ROUND(F30,3)*E30,2)),IF(F30="","",ROUND(ROUND(F30,2)*E30,2)))
G31: =IF(OR(D31="%",D31=" &"),IF(F31="","",ROUND(ROUND(F31,3)*E31,2)),IF(F31="","",ROUND(ROUND(F31,2)*E31,2)))
A32: C1.5.7.6 | B32: Maintenance of illuminated traffic signs: | G32: =IF(OR(D32="%",D32=" &"),IF(F32="","",ROUND(ROUND(F32,3)*E32,2)),IF(F32="","",ROUND(ROUND(F32,2)*E32,2)))
G33: =IF(OR(D33="%",D33=" &"),IF(F33="","",ROUND(ROUND(F33,3)*E33,2)),IF(F33="","",ROUND(ROUND(F33,2)*E33,2)))
B34: (a) | C34: Sign mounted flashing amber lights (a pair of two lights mounted on a separate backing board) | D34: month | E34: 7 | G34: =IF(OR(D34="%",D34=" &"),IF(F34="","",ROUND(ROUND(F34,3)*E34,2)),IF(F34="","",ROUND(ROUND(F34,2)*E34,2)))
G35: =IF(OR(D35="%",D35=" &"),IF(F35="","",ROUND(ROUND(F35,3)*E35,2)),IF(F35="","",ROUND(ROUND(F35,2)*E35,2)))
B36: (e) | C36: Mobile variable message sign | D36: month | E36: 7 | G36: =IF(OR(D36="%",D36=" &"),IF(F36="","",ROUND(ROUND(F36,3)*E36,2)),IF(F36="","",ROUND(ROUND(F36,2)*E36,2)))
G37: =IF(OR(D37="%",D37=" &"),IF(F37="","",ROUND(ROUND(F37,3)*E37,2)),IF(F37="","",ROUND(ROUND(F37,2)*E37,2)))
A38: C1.5.7.8 | B38: Traffic control stations | D38: month | E38: 7 | G38: =IF(OR(D38="%",D38=" &"),IF(F38="","",ROUND(ROUND(F38,3)*E38,2)),IF(F38="","",ROUND(ROUND(F38,2)*E38,2)))
G39: =IF(OR(D39="%",D39=" &"),IF(F39="","",ROUND(ROUND(F39,3)*E39,2)),IF(F39="","",ROUND(ROUND(F39,2)*E39,2)))
A40: C1.5.7.9 | B40: Cleaning of traffic control facilities | D40: month | E40: 7 | G40: =IF(OR(D40="%",D40=" &"),IF(F40="","",ROUND(ROUND(F40,3)*E40,2)),IF(F40="","",ROUND(ROUND(F40,2)*E40,2)))
G41: =IF(OR(D41="%",D41=" &"),IF(F41="","",ROUND(ROUND(F41,3)*E41,2)),IF(F41="","",ROUND(ROUND(F41,2)*E41,2)))
A42: C1.5.8 | B42: Traffic safety officer | D42: man-month | E42: 7 | G42: =IF(OR(D42="%",D42=" &"),IF(F42="","",ROUND(ROUND(F42,3)*E42,2)),IF(F42="","",ROUND(ROUND(F42,2)*E42,2)))
G43: =IF(OR(D43="%",D43=" &"),IF(F43="","",ROUND(ROUND(F43,3)*E43,2)),IF(F43="","",ROUND(ROUND(F43,2)*E43,2)))
A44: C1.5.9 | B44: Traffic safety vehicle | D44: month | E44: 7 | G44: =IF(OR(D44="%",D44=" &"),IF(F44="","",ROUND(ROUND(F44,3)*E44,2)),IF(F44="","",ROUND(ROUND(F44,2)*E44,2)))
G45: =IF(OR(D45="%",D45=" &"),IF(F45="","",ROUND(ROUND(F45,3)*E45,2)),IF(F45="","",ROUND(ROUND(F45,2)*E45,2)))
G46: =IF(OR(D46="%",D46=" &"),IF(F46="","",ROUND(ROUND(F46,3)*E46,2)),IF(F46="","",ROUND(ROUND(F46,2)*E46,2)))
G47: =IF(OR(D47="%",D47=" &"),IF(F47="","",ROUND(ROUND(F47,3)*E47,2)),IF(F47="","",ROUND(ROUND(F47,2)*E47,2)))
G48: =IF(OR(D48="%",D48=" &"),IF(F48="","",ROUND(ROUND(F48,3)*E48,2)),IF(F48="","",ROUND(ROUND(F48,2)*E48,2)))
G49: =IF(OR(D49="%",D49=" &"),IF(F49="","",ROUND(ROUND(F49,3)*E49,2)),IF(F49="","",ROUND(ROUND(F49,2)*E49,2)))
G50: =IF(OR(D50="%",D50=" &"),IF(F50="","",ROUND(ROUND(F50,3)*E50,2)),IF(F50="","",ROUND(ROUND(F50,2)*E50,2)))
G51: =IF(OR(D51="%",D51=" &"),IF(F51="","",ROUND(ROUND(F51,3)*E51,2)),IF(F51="","",ROUND(ROUND(F51,2)*E51,2)))
A52: CARRIED FORWARD / ……. | G52: =SUM(G5:G51) -> 0
G53: =IF(OR(D53="%",D53=" &"),IF(F53="","",ROUND(ROUND(F53,3)*E53,2)),IF(F53="","",ROUND(ROUND(F53,2)*E53,2)))
B54: BROUGHT FORWARD / ……. | G54: =G52 -> 0
G55: =IF(OR(D55="%",D55=" &"),IF(F55="","",ROUND(ROUND(F55,3)*E55,2)),IF(F55="","",ROUND(ROUND(F55,2)*E55,2)))
A56: C1.5.11 | B56: Provision of safety equipment for visitors | G56: =IF(OR(D56="%",D56=" &"),IF(F56="","",ROUND(ROUND(F56,3)*E56,2)),IF(F56="","",ROUND(ROUND(F56,2)*E56,2)))
G57: =IF(OR(D57="%",D57=" &"),IF(F57="","",ROUND(ROUND(F57,3)*E57,2)),IF(F57="","",ROUND(ROUND(F57,2)*E57,2)))
A58: C1.5.11.1 | B58: Provision of reflective safety vests for visitors | D58: No. | E58: 5 | G58: =IF(OR(D58="%",D58=" &"),IF(F58="","",ROUND(ROUND(F58,3)*E58,2)),IF(F58="","",ROUND(ROUND(F58,2)*E58,2)))
G59: =IF(OR(D59="%",D59=" &"),IF(F59="","",ROUND(ROUND(F59,3)*E59,2)),IF(F59="","",ROUND(ROUND(F59,2)*E59,2)))
A60: C1.5.11.2 | B60: Provision of hard hats for visitors | D60: No. | E60: 5 | G60: =IF(OR(D60="%",D60=" &"),IF(F60="","",ROUND(ROUND(F60,3)*E60,2)),IF(F60="","",ROUND(ROUND(F60,2)*E60,2)))
G61: =IF(OR(D61="%",D61=" &"),IF(F61="","",ROUND(ROUND(F61,3)*E61,2)),IF(F61="","",ROUND(ROUND(F61,2)*E61,2)))
A62: C1.5.12 | B62: Additional traffic accommodation facilities ordered by the Engineer: | G62: =IF(OR(D62="%",D62=" &"),IF(F62="","",ROUND(ROUND(F62,3)*E62,2)),IF(F62="","",ROUND(ROUND(F62,2)*E62,2)))
G63: =IF(OR(D63="%",D63=" &"),IF(F63="","",ROUND(ROUND(F63,3)*E63,2)),IF(F63="","",ROUND(ROUND(F63,2)*E63,2)))
A64: C1.5.12.1 | B64: Provision of additional traffic accommodation facilities | D64: Prov. Sum | E64: 1 | F64: 50000 | G64: =IF(OR(D64="%",D64=" &"),IF(F64="","",ROUND(ROUND(F64,3)*E64,2)),IF(F64="","",ROUND(ROUND(F64,2)*E64,2))) -> 50000
G65: =IF(OR(D65="%",D65=" &"),IF(F65="","",ROUND(ROUND(F65,3)*E65,2)),IF(F65="","",ROUND(ROUND(F65,2)*E65,2)))
A66: C1.5.12.2 | B66: Handling cost, profit and all other charges in respect of item C1.5.12.1 | D66: % | E66: 50000 | G66: =IF(OR(D66="%",D66=" &"),IF(F66="","",ROUND(ROUND(F66,3)*E66,2)),IF(F66="","",ROUND(ROUND(F66,2)*E66,2)))
G67: =IF(OR(D67="%",D67=" &"),IF(F67="","",ROUND(ROUND(F67,3)*E67,2)),IF(F67="","",ROUND(ROUND(F67,2)*E67,2)))
G68: =IF(OR(D68="%",D68=" &"),IF(F68="","",ROUND(ROUND(F68,3)*E68,2)),IF(F68="","",ROUND(ROUND(F68,2)*E68,2)))
A69: C1.5/C11.6 | B69: ROAD SIGNS | G69: =IF(OR(D69="%",D69=" &"),IF(F69="","",ROUND(ROUND(F69,3)*E69,2)),IF(F69="","",ROUND(ROUND(F69,2)*E69,2)))
G70: =IF(OR(D70="%",D70=" &"),IF(F70="","",ROUND(ROUND(F70,3)*E70,2)),IF(F70="","",ROUND(ROUND(F70,2)*E70,2)))
A71: C11.6.1 | B71: Road signboards with painted or coloured semi-matt background. Symbols, lettering and borders in semi- matt black or in Class I retro-reflective material, where the sign board is constructed from: | G71: =IF(OR(D71="%",D71=" &"),IF(F71="","",ROUND(ROUND(F71,3)*E71,2)),IF(F71="","",ROUND(ROUND(F71,2)*E71,2)))
G72: =IF(OR(D72="%",D72=" &"),IF(F72="","",ROUND(ROUND(F72,3)*E72,2)),IF(F72="","",ROUND(ROUND(F72,2)*E72,2)))
A73: PC11.6.1.8 | B73: Regulatory signs, temporary | G73: =IF(OR(D73="%",D73=" &"),IF(F73="","",ROUND(ROUND(F73,3)*E73,2)),IF(F73="","",ROUND(ROUND(F73,2)*E73,2)))
G74: =IF(OR(D74="%",D74=" &"),IF(F74="","",ROUND(ROUND(F74,3)*E74,2)),IF(F74="","",ROUND(ROUND(F74,2)*E74,2)))
B75: (c) | C75: 1200 mm diameter (prepainted galvanized steel, background and symbol retro-reflective Class I) | D75: No. | E75: 40 | G75: =IF(OR(D75="%",D75=" &"),IF(F75="","",ROUND(ROUND(F75,3)*E75,2)),IF(F75="","",ROUND(ROUND(F75,2)*E75,2)))
G76: =IF(OR(D76="%",D76=" &"),IF(F76="","",ROUND(ROUND(F76,3)*E76,2)),IF(F76="","",ROUND(ROUND(F76,2)*E76,2)))
A77: PC11.6.1.10 | B77: Warning signs, temporary | G77: =IF(OR(D77="%",D77=" &"),IF(F77="","",ROUND(ROUND(F77,3)*E77,2)),IF(F77="","",ROUND(ROUND(F77,2)*E77,2)))
G78: =IF(OR(D78="%",D78=" &"),IF(F78="","",ROUND(ROUND(F78,3)*E78,2)),IF(F78="","",ROUND(ROUND(F78,2)*E78,2)))
B79: (d) | C79: 1500 mm size (prepainted galvanized steel, background and symbol retro-reflective Class I) | D79: No. | E79: 10 | G79: =IF(OR(D79="%",D79=" &"),IF(F79="","",ROUND(ROUND(F79,3)*E79,2)),IF(F79="","",ROUND(ROUND(F79,2)*E79,2)))
G80: =IF(OR(D80="%",D80=" &"),IF(F80="","",ROUND(ROUND(F80,3)*E80,2)),IF(F80="","",ROUND(ROUND(F80,2)*E80,2)))
B81: (e) | C81: 1200 x 1600 mm (prepainted galvanized steel, background and symbol retro-reflective Class I) | D81: No. | E81: 10 | G81: =IF(OR(D81="%",D81=" &"),IF(F81="","",ROUND(ROUND(F81,3)*E81,2)),IF(F81="","",ROUND(ROUND(F81,2)*E81,2)))
G82: =IF(OR(D82="%",D82=" &"),IF(F82="","",ROUND(ROUND(F82,3)*E82,2)),IF(F82="","",ROUND(ROUND(F82,2)*E82,2)))
A83: PC11.6.1.12 | B83: Supplementary plates to temporary regulatory, warning or guidance signs (prepainted galvanized steel, background and symbol retro-reflective Class I) | D83: m2 | E83: 20 | G83: =IF(OR(D83="%",D83=" &"),IF(F83="","",ROUND(ROUND(F83,3)*E83,2)),IF(F83="","",ROUND(ROUND(F83,2)*E83,2)))
G84: =IF(OR(D84="%",D84=" &"),IF(F84="","",ROUND(ROUND(F84,3)*E84,2)),IF(F84="","",ROUND(ROUND(F84,2)*E84,2)))
G85: =IF(OR(D85="%",D85=" &"),IF(F85="","",ROUND(ROUND(F85,3)*E85,2)),IF(F85="","",ROUND(ROUND(F85,2)*E85,2)))
G86: =IF(OR(D86="%",D86=" &"),IF(F86="","",ROUND(ROUND(F86,3)*E86,2)),IF(F86="","",ROUND(ROUND(F86,2)*E86,2)))
G87: =IF(OR(D87="%",D87=" &"),IF(F87="","",ROUND(ROUND(F87,3)*E87,2)),IF(F87="","",ROUND(ROUND(F87,2)*E87,2)))
G88: =IF(OR(D88="%",D88=" &"),IF(F88="","",ROUND(ROUND(F88,3)*E88,2)),IF(F88="","",ROUND(ROUND(F88,2)*E88,2)))
G89: =IF(OR(D89="%",D89=" &"),IF(F89="","",ROUND(ROUND(F89,3)*E89,2)),IF(F89="","",ROUND(ROUND(F89,2)*E89,2)))
G90: =IF(OR(D90="%",D90=" &"),IF(F90="","",ROUND(ROUND(F90,3)*E90,2)),IF(F90="","",ROUND(ROUND(F90,2)*E90,2)))
A91: CARRIED FORWARD / ……. | G91: =SUM(G53:G90) -> 50000
G92: =IF(OR(D92="%",D92=" &"),IF(F92="","",ROUND(ROUND(F92,3)*E92,2)),IF(F92="","",ROUND(ROUND(F92,2)*E92,2)))
B93: BROUGHT FORWARD / ……. | G93: =G91 -> 50000
G94: =IF(OR(D94="%",D94=" &"),IF(F94="","",ROUND(ROUND(F94,3)*E94,2)),IF(F94="","",ROUND(ROUND(F94,2)*E94,2)))
A95: PC11.6.1.13 | B95: Moveable barricade/road sign combination (prepainted galvanized steel, background and symbol retro-reflective Class I, 1200 mm diameter TR103/TR104 and 2400 x 400 mm TW411) | D95: No. | E95: 5 | G95: =IF(OR(D95="%",D95=" &"),IF(F95="","",ROUND(ROUND(F95,3)*E95,2)),IF(F95="","",ROUND(ROUND(F95,2)*E95,2)))
G96: =IF(OR(D96="%",D96=" &"),IF(F96="","",ROUND(ROUND(F96,3)*E96,2)),IF(F96="","",ROUND(ROUND(F96,2)*E96,2)))
A97: PC11.6.1.14 | B97: Guidance signs, temporary | G97: =IF(OR(D97="%",D97=" &"),IF(F97="","",ROUND(ROUND(F97,3)*E97,2)),IF(F97="","",ROUND(ROUND(F97,2)*E97,2)))
G98: =IF(OR(D98="%",D98=" &"),IF(F98="","",ROUND(ROUND(F98,3)*E98,2)),IF(F98="","",ROUND(ROUND(F98,2)*E98,2)))
B99: (a) | C99: 1200 x 1600 mm (prepainted galvanized steel, background and symbol retro-reflective Class I) | D99: No. | E99: 10 | G99: =IF(OR(D99="%",D99=" &"),IF(F99="","",ROUND(ROUND(F99,3)*E99,2)),IF(F99="","",ROUND(ROUND(F99,2)*E99,2)))
G100: =IF(OR(D100="%",D100=" &"),IF(F100="","",ROUND(ROUND(F100,3)*E100,2)),IF(F100="","",ROUND(ROUND(F100,2)*E100,2)))
A101: C11.6.2 | B101: Extra over on item C11.6.1 for using: | G101: =IF(OR(D101="%",D101=" &"),IF(F101="","",ROUND(ROUND(F101,3)*E101,2)),IF(F101="","",ROUND(ROUND(F101,2)*E101,2)))
G102: =IF(OR(D102="%",D102=" &"),IF(F102="","",ROUND(ROUND(F102,3)*E102,2)),IF(F102="","",ROUND(ROUND(F102,2)*E102,2)))
...

Sheet B2_C11.8
A1: SECTION C11.8 | D1: LANDSCAPING AND PLANTING PLANTS
A4: ITEM | B4: DESCRIPTION | D4: UNIT | E4: QTY | F4: RATE | G4: AMOUNT
G5: =IF(OR(D5="%",D5=" &"),IF(F5="","",ROUND(ROUND(F5,3)*E5,2)),IF(F5="","",ROUND(ROUND(F5,2)*E5,2)))
A6: C11.8 | B6: =D1 -> LANDSCAPING AND PLANTING PLANTS | G6: =IF(OR(D6="%",D6=" &"),IF(F6="","",ROUND(ROUND(F6,3)*E6,2)),IF(F6="","",ROUND(ROUND(F6,2)*E6,2)))
G7: =IF(OR(D7="%",D7=" &"),IF(F7="","",ROUND(ROUND(F7,3)*E7,2)),IF(F7="","",ROUND(ROUND(F7,2)*E7,2)))
A8: C11.8.10 | B8: Unspecified work for landscaping | D8: Prov. Sum | E8: 1 | F8: 1000000 | G8: =IF(OR(D8="%",D8=" &"),IF(F8="","",ROUND(ROUND(F8,3)*E8,2)),IF(F8="","",ROUND(ROUND(F8,2)*E8,2))) -> 1000000
G9: =IF(OR(D9="%",D9=" &"),IF(F9="","",ROUND(ROUND(F9,3)*E9,2)),IF(F9="","",ROUND(ROUND(F9,2)*E9,2)))
G10: =IF(OR(D10="%",D10=" &"),IF(F10="","",ROUND(ROUND(F10,3)*E10,2)),IF(F10="","",ROUND(ROUND(F10,2)*E10,2)))
G11: =IF(OR(D11="%",D11=" &"),IF(F11="","",ROUND(ROUND(F11,3)*E11,2)),IF(F11="","",ROUND(ROUND(F11,2)*E11,2)))
G12: =IF(OR(D12="%",D12=" &"),IF(F12="","",ROUND(ROUND(F12,3)*E12,2)),IF(F12="","",ROUND(ROUND(F12,2)*E12,2)))
G13: =IF(OR(D13="%",D13=" &"),IF(F13="","",ROUND(ROUND(F13,3)*E13,2)),IF(F13="","",ROUND(ROUND(F13,2)*E13,2)))
G14: =IF(OR(D14="%",D14=" &"),IF(F14="","",ROUND(ROUND(F14,3)*E14,2)),IF(F14="","",ROUND(ROUND(F14,2)*E14,2)))
G15: =IF(OR(D15="%",D15=" &"),IF(F15="","",ROUND(ROUND(F15,3)*E15,2)),IF(F15="","",ROUND(ROUND(F15,2)*E15,2)))
G16: =IF(OR(D16="%",D16=" &"),IF(F16="","",ROUND(ROUND(F16,3)*E16,2)),IF(F16="","",ROUND(ROUND(F16,2)*E16,2)))
G17: =IF(OR(D17="%",D17=" &"),IF(F17="","",ROUND(ROUND(F17,3)*E17,2)),IF(F17="","",ROUND(ROUND(F17,2)*E17,2)))
G18: =IF(OR(D18="%",D18=" &"),IF(F18="","",ROUND(ROUND(F18,3)*E18,2)),IF(F18="","",ROUND(ROUND(F18,2)*E18,2)))
G19: =IF(OR(D19="%",D19=" &"),IF(F19="","",ROUND(ROUND(F19,3)*E19,2)),IF(F19="","",ROUND(ROUND(F19,2)*E19,2)))
G20: =IF(OR(D20="%",D20=" &"),IF(F20="","",ROUND(ROUND(F20,3)*E20,2)),IF(F20="","",ROUND(ROUND(F20,2)*E20,2)))
... G58: =IF(OR(D58="%",D58=" &"),IF(F58="","",ROUND(ROUND(F58,3)*E58,2)),IF(F58="","",ROUND(ROUND(F58,2)*E58,2)))
A59: TOTAL CARRIED TO SUMMARY | G59: =SUM(G5:G58) -> 1000000

Sheet B2_C11.9
A1: SECTION C11.9 | D1: FINISHING THE ROAD AND ROAD RESERVE AND TREATING OLD ROAD
A4: ITEM | B4: DESCRIPTION | D4: UNIT | E4: QTY | F4: RATE | G4: AMOUNT
G5: =IF(OR(D5="%",D5=" &"),IF(F5="","",ROUND(ROUND(F5,3)*E5,2)),IF(F5="","",ROUND(ROUND(F5,2)*E5,2)))
A6: C11.9 | B6: =D1 -> FINISHING THE ROAD AND ROAD RESERVE AND TREATING OLD ROAD | G6: =IF(OR(D6="%",D6=" &"),IF(F6="","",ROUND(ROUND(F6,3)*E6,2)),IF(F6="","",ROUND(ROUND(F6,2)*E6,2)))
G7: =IF(OR(D7="%",D7=" &"),IF(F7="","",ROUND(ROUND(F7,3)*E7,2)),IF(F7="","",ROUND(ROUND(F7,2)*E7,2)))
A8: C11.9.1 | B8: Finishing the road and road reserve | G8: =IF(OR(D8="%",D8=" &"),IF(F8="","",ROUND(ROUND(F8,3)*E8,2)),IF(F8="","",ROUND(ROUND(F8,2)*E8,2)))
G9: =IF(OR(D9="%",D9=" &"),IF(F9="","",ROUND(ROUND(F9,3)*E9,2)),IF(F9="","",ROUND(ROUND(F9,2)*E9,2)))
A10: PC11.9.1.3 | B10: Slope stabilisation site - Witkrans Nek cutting (N10 Section 4, km 70.7 - km 70.9) | D10: lump sum | E10: 1 | G10: =IF(OR(D10="%",D10=" &"),IF(F10="","",ROUND(ROUND(F10,3)*E10,2)),IF(F10="","",ROUND(ROUND(F10,2)*E10,2)))
G11: =IF(OR(D11="%",D11=" &"),IF(F11="","",ROUND(ROUND(F11,3)*E11,2)),IF(F11="","",ROUND(ROUND(F11,2)*E11,2)))
G12: =IF(OR(D12="%",D12=" &"),IF(F12="","",ROUND(ROUND(F12,3)*E12,2)),IF(F12="","",ROUND(ROUND(F12,2)*E12,2)))
G13: =IF(OR(D13="%",D13=" &"),IF(F13="","",ROUND(ROUND(F13,3)*E13,2)),IF(F13="","",ROUND(ROUND(F13,2)*E13,2)))
G14: =IF(OR(D14="%",D14=" &"),IF(F14="","",ROUND(ROUND(F14,3)*E14,2)),IF(F14="","",ROUND(ROUND(F14,2)*E14,2)))
G15: =IF(OR(D15="%",D15=" &"),IF(F15="","",ROUND(ROUND(F15,3)*E15,2)),IF(F15="","",ROUND(ROUND(F15,2)*E15,2)))
G16: =IF(OR(D16="%",D16=" &"),IF(F16="","",ROUND(ROUND(F16,3)*E16,2)),IF(F16="","",ROUND(ROUND(F16,2)*E16,2)))
G17: =IF(OR(D17="%",D17=" &"),IF(F17="","",ROUND(ROUND(F17,3)*E17,2)),IF(F17="","",ROUND(ROUND(F17,2)*E17,2)))
G18: =IF(OR(D18="%",D18=" &"),IF(F18="","",ROUND(ROUND(F18,3)*E18,2)),IF(F18="","",ROUND(ROUND(F18,2)*E18,2)))
G19: =IF(OR(D19="%",D19=" &"),IF(F19="","",ROUND(ROUND(F19,3)*E19,2)),IF(F19="","",ROUND(ROUND(F19,2)*E19,2)))
G20: =IF(OR(D20="%",D20=" &"),IF(F20="","",ROUND(ROUND(F20,3)*E20,2)),IF(F20="","",ROUND(ROUND(F20,2)*E20,2)))
G21: =IF(OR(D21="%",D21=" &"),IF(F21="","",ROUND(ROUND(F21,3)*E21,2)),IF(F21="","",ROUND(ROUND(F21,2)*E21,2)))
G22: =IF(OR(D22="%",D22=" &"),IF(F22="","",ROUND(ROUND(F22,3)*E22,2)),IF(F22="","",ROUND(ROUND(F22,2)*E22,2)))
... G56: =IF(OR(D56="%",D56=" &"),IF(F56="","",ROUND(ROUND(F56,3)*E56,2)),IF(F56="","",ROUND(ROUND(F56,2)*E56,2)))
A57: TOTAL CARRIED TO SUMMARY | G57: =SUM(G5:G56) -> 0

Sheet B2_C12.2
A1: SECTION C12.2 | D1: GROUND ANCHORS
A4: ITEM | B4: DESCRIPTION | D4: UNIT | E4: QTY | F4: RATE | G4: AMOUNT
G5: =IF(OR(D5="%",D5=" &"),IF(F5="","",ROUND(ROUND(F5,3)*E5,2)),IF(F5="","",ROUND(ROUND(F5,2)*E5,2)))
A6: C12.2 | B6: =D1 -> GROUND ANCHORS | G6: =IF(OR(D6="%",D6=" &"),IF(F6="","",ROUND(ROUND(F6,3)*E6,2)),IF(F6="","",ROUND(ROUND(F6,2)*E6,2)))
G7: =IF(OR(D7="%",D7=" &"),IF(F7="","",ROUND(ROUND(F7,3)*E7,2)),IF(F7="","",ROUND(ROUND(F7,2)*E7,2)))
A8: C12.2.13 | B8: Establishment on the site for drilling of rockbolts, dowels, soil nails or mechanical anchors | G8: =IF(OR(D8="%",D8=" &"),IF(F8="","",ROUND(ROUND(F8,3)*E8,2)),IF(F8="","",ROUND(ROUND(F8,2)*E8,2)))
G9: =IF(OR(D9="%",D9=" &"),IF(F9="","",ROUND(ROUND(F9,3)*E9,2)),IF(F9="","",ROUND(ROUND(F9,2)*E9,2)))
A10: C12.2.13.1 | B10: Galvanised hot-rolled, high-tensile steel bars with continuous coarse-thread complying with SANS 920, 25 mm dia. with a yield stress greater than 500 MPa | D10: lump sum | E10: 1 | G10: =IF(OR(D10="%",D10=" &"),IF(F10="","",ROUND(ROUND(F10,3)*E10,2)),IF(F10="","",ROUND(ROUND(F10,2)*E10,2)))
G11: =IF(OR(D11="%",D11=" &"),IF(F11="","",ROUND(ROUND(F11,3)*E11,2)),IF(F11="","",ROUND(ROUND(F11,2)*E11,2)))
A12: C12.2.13.2 | B12: Micro pile according to SANS 54199 with a tension load design value of Rd = 183 kN. Hollow steel bar with 30 mm O.D. and 11 mm I.D. and continuous reinforcing thread complying with SANS 920 made from grade S460NH steel according to EN 10210 (Self-Drilling Anchor) | D12: lump sum | E12: 1 | G12: =IF(OR(D12="%",D12=" &"),IF(F12="","",ROUND(ROUND(F12,3)*E12,2)),IF(F12="","",ROUND(ROUND(F12,2)*E12,2)))
G13: =IF(OR(D13="%",D13=" &"),IF(F13="","",ROUND(ROUND(F13,3)*E13,2)),IF(F13="","",ROUND(ROUND(F13,2)*E13,2)))
A14: C12.2.14 | B14: Move to and set up at each rockbolt, dowel, soil nail or mechanical anchor position | D14: No. | E14: 430 | G14: =IF(OR(D14="%",D14=" &"),IF(F14="","",ROUND(ROUND(F14,3)*E14,2)),IF(F14="","",ROUND(ROUND(F14,2)*E14,2)))
G15: =IF(OR(D15="%",D15=" &"),IF(F15="","",ROUND(ROUND(F15,3)*E15,2)),IF(F15="","",ROUND(ROUND(F15,2)*E15,2)))
A16: C12.2.15 | B16: Install, grout and protect soil nails or rock bolts | G16: =IF(OR(D16="%",D16=" &"),IF(F16="","",ROUND(ROUND(F16,3)*E16,2)),IF(F16="","",ROUND(ROUND(F16,2)*E16,2)))
G17: =IF(OR(D17="%",D17=" &"),IF(F17="","",ROUND(ROUND(F17,3)*E17,2)),IF(F17="","",ROUND(ROUND(F17,2)*E17,2)))
A18: C12.2.15.1 | B18: Galvanised hot-rolled, high-tensile steel bars with continuous coarse-thread complying with SANS 920, 25 mm dia. with a yield stress greater than 500 MPa | G18: =IF(OR(D18="%",D18=" &"),IF(F18="","",ROUND(ROUND(F18,3)*E18,2)),IF(F18="","",ROUND(ROUND(F18,2)*E18,2)))
G19: =IF(OR(D19="%",D19=" &"),IF(F19="","",ROUND(ROUND(F19,3)*E19,2)),IF(F19="","",ROUND(ROUND(F19,2)*E19,2)))
B20: (a) | C20: Spot rock dowel with 2 m dowel length | D20: No. | E20: 10 | G20: =IF(OR(D20="%",D20=" &"),IF(F20="","",ROUND(ROUND(F20,3)*E20,2)),IF(F20="","",ROUND(ROUND(F20,2)*E20,2)))
G21: =IF(OR(D21="%",D21=" &"),IF(F21="","",ROUND(ROUND(F21,3)*E21,2)),IF(F21="","",ROUND(ROUND(F21,2)*E21,2)))
B22: (b) | C22: 7 m dowel length, anchorage for summit / toe cable to new rockfall netting | D22: No. | E22: 100 | G22: =IF(OR(D22="%",D22=" &"),IF(F22="","",ROUND(ROUND(F22,3)*E22,2)),IF(F22="","",ROUND(ROUND(F22,2)*E22,2)))
G23: =IF(OR(D23="%",D23=" &"),IF(F23="","",ROUND(ROUND(F23,3)*E23,2)),IF(F23="","",ROUND(ROUND(F23,2)*E23,2)))
B24: (c) | C24: 7 m dowel length, anchorage for new rockfall netting | D24: No. | E24: 200 | G24: =IF(OR(D24="%",D24=" &"),IF(F24="","",ROUND(ROUND(F24,3)*E24,2)),IF(F24="","",ROUND(ROUND(F24,2)*E24,2)))
G25: =IF(OR(D25="%",D25=" &"),IF(F25="","",ROUND(ROUND(F25,3)*E25,2)),IF(F25="","",ROUND(ROUND(F25,2)*E25,2)))
B26: (d) | C26: 7 m dowel length, replace damaged anchors and for additional tensioning to existing rockfall netting | D26: No. | E26: 80 | G26: =IF(OR(D26="%",D26=" &"),IF(F26="","",ROUND(ROUND(F26,3)*E26,2)),IF(F26="","",ROUND(ROUND(F26,2)*E26,2)))
G27: =IF(OR(D27="%",D27=" &"),IF(F27="","",ROUND(ROUND(F27,3)*E27,2)),IF(F27="","",ROUND(ROUND(F27,2)*E27,2)))
A28: PC12.2.20 | B28: Install and grout Self-Drilling Anchors | G28: =IF(OR(D28="%",D28=" &"),IF(F28="","",ROUND(ROUND(F28,3)*E28,2)),IF(F28="","",ROUND(ROUND(F28,2)*E28,2)))
G29: =IF(OR(D29="%",D29=" &"),IF(F29="","",ROUND(ROUND(F29,3)*E29,2)),IF(F29="","",ROUND(ROUND(F29,2)*E29,2)))
A30: PC12.2.20.1 | B30: Micro pile according to SANS 54199 with a tension load design value of Rd = 183 kN. Hollow steel bar with 30 mm O.D. and 11 mm I.D. and continuous reinforcing thread complying with SANS 920 made from grade S460NH steel according to EN 10210 (Self-Drilling Anchor) | G30: =IF(OR(D30="%",D30=" &"),IF(F30="","",ROUND(ROUND(F30,3)*E30,2)),IF(F30="","",ROUND(ROUND(F30,2)*E30,2)))
B31: (a) | C31: 7 m length | D31: No. | E31: 40 | G31: =IF(OR(D31="%",D31=" &"),IF(F31="","",ROUND(ROUND(F31,3)*E31,2)),IF(F31="","",ROUND(ROUND(F31,2)*E31,2)))
G32: =IF(OR(D32="%",D32=" &"),IF(F32="","",ROUND(ROUND(F32,3)*E32,2)),IF(F32="","",ROUND(ROUND(F32,2)*E32,2)))
A33: TOTAL CARRIED TO SUMMARY | G33: =SUM(G5:G32) -> 0

Sheet B2_C12.9
A1: SECTION C12.9 | D1: SLOPE PROTECTION MEASURES
A4: ITEM | B4: DESCRIPTION | D4: UNIT | E4: QTY | F4: RATE | G4: AMOUNT
G5: =IF(OR(D5="%",D5=" &"),IF(F5="","",ROUND(ROUND(F5,3)*E5,2)),IF(F5="","",ROUND(ROUND(F5,2)*E5,2)))
A6: C12.9 | B6: =D1 -> SLOPE PROTECTION MEASURES | G6: =IF(OR(D6="%",D6=" &"),IF(F6="","",ROUND(ROUND(F6,3)*E6,2)),IF(F6="","",ROUND(ROUND(F6,2)*E6,2)))
G7: =IF(OR(D7="%",D7=" &"),IF(F7="","",ROUND(ROUND(F7,3)*E7,2)),IF(F7="","",ROUND(ROUND(F7,2)*E7,2)))
A8: C12.9.1 | B8: Barring down of rock surfaces within vertical height intervals | G8: =IF(OR(D8="%",D8=" &"),IF(F8="","",ROUND(ROUND(F8,3)*E8,2)),IF(F8="","",ROUND(ROUND(F8,2)*E8,2)))
G9: =IF(OR(D9="%",D9=" &"),IF(F9="","",ROUND(ROUND(F9,3)*E9,2)),IF(F9="","",ROUND(ROUND(F9,2)*E9,2)))
B10: (a) | C10: Not exceeding 2 m above toe level | D10: m2 | E10: 750 | G10: =IF(OR(D10="%",D10=" &"),IF(F10="","",ROUND(ROUND(F10,3)*E10,2)),IF(F10="","",ROUND(ROUND(F10,2)*E10,2)))
G11: =IF(OR(D11="%",D11=" &"),IF(F11="","",ROUND(ROUND(F11,3)*E11,2)),IF(F11="","",ROUND(ROUND(F11,2)*E11,2)))
B12: (b) | C12: Exceeding 2 m but not exceeding 5 m above toe level | D12: m2 | E12: 750 | G12: =IF(OR(D12="%",D12=" &"),IF(F12="","",ROUND(ROUND(F12,3)*E12,2)),IF(F12="","",ROUND(ROUND(F12,2)*E12,2)))
G13: =IF(OR(D13="%",D13=" &"),IF(F13="","",ROUND(ROUND(F13,3)*E13,2)),IF(F13="","",ROUND(ROUND(F13,2)*E13,2)))
B14: (c) | C14: Exceeding 5 m above toe level | D14: m2 | E14: 750 | G14: =IF(OR(D14="%",D14=" &"),IF(F14="","",ROUND(ROUND(F14,3)*E14,2)),IF(F14="","",ROUND(ROUND(F14,2)*E14,2)))
G15: =IF(OR(D15="%",D15=" &"),IF(F15="","",ROUND(ROUND(F15,3)*E15,2)),IF(F15="","",ROUND(ROUND(F15,2)*E15,2)))
A16: C12.9.2 | B16: Cleaning of rock surfaces by high pressure air and water jetting equipment within the vertical height intervals | G16: =IF(OR(D16="%",D16=" &"),IF(F16="","",ROUND(ROUND(F16,3)*E16,2)),IF(F16="","",ROUND(ROUND(F16,2)*E16,2)))
G17: =IF(OR(D17="%",D17=" &"),IF(F17="","",ROUND(ROUND(F17,3)*E17,2)),IF(F17="","",ROUND(ROUND(F17,2)*E17,2)))
B18: (a) | C18: Not exceeding 2 m above toe level | D18: m2 | E18: 750 | G18: =IF(OR(D18="%",D18=" &"),IF(F18="","",ROUND(ROUND(F18,3)*E18,2)),IF(F18="","",ROUND(ROUND(F18,2)*E18,2)))
G19: =IF(OR(D19="%",D19=" &"),IF(F19="","",ROUND(ROUND(F19,3)*E19,2)),IF(F19="","",ROUND(ROUND(F19,2)*E19,2)))
B20: (b) | C20: Exceeding 2 m but not exceeding 5 m above toe level | D20: m2 | E20: 750 | G20: =IF(OR(D20="%",D20=" &"),IF(F20="","",ROUND(ROUND(F20,3)*E20,2)),IF(F20="","",ROUND(ROUND(F20,2)*E20,2)))
G21: =IF(OR(D21="%",D21=" &"),IF(F21="","",ROUND(ROUND(F21,3)*E21,2)),IF(F21="","",ROUND(ROUND(F21,2)*E21,2)))
B22: (c) | C22: Exceeding 5 m above toe level | D22: m2 | E22: 750 | G22: =IF(OR(D22="%",D22=" &"),IF(F22="","",ROUND(ROUND(F22,3)*E22,2)),IF(F22="","",ROUND(ROUND(F22,2)*E22,2)))
G23: =IF(OR(D23="%",D23=" &"),IF(F23="","",ROUND(ROUND(F23,3)*E23,2)),IF(F23="","",ROUND(ROUND(F23,2)*E23,2)))
A24: PC12.9.13 | B24: Demolition and removal of rock boulders through non-explosive chemical methods | D24: m3 | E24: 20 | G24: =IF(OR(D24="%",D24=" &"),IF(F24="","",ROUND(ROUND(F24,3)*E24,2)),IF(F24="","",ROUND(ROUND(F24,2)*E24,2)))
G25: =IF(OR(D25="%",D25=" &"),IF(F25="","",ROUND(ROUND(F25,3)*E25,2)),IF(F25="","",ROUND(ROUND(F25,2)*E25,2)))
A26: C12.9.3 | B26: Disposal of barred down and accumulated debris | D26: m3-km | E26: 28700 | G26: =IF(OR(D26="%",D26=" &"),IF(F26="","",ROUND(ROUND(F26,3)*E26,2)),IF(F26="","",ROUND(ROUND(F26,2)*E26,2)))
G27: =IF(OR(D27="%",D27=" &"),IF(F27="","",ROUND(ROUND(F27,3)*E27,2)),IF(F27="","",ROUND(ROUND(F27,2)*E27,2)))
A28: C12.9.4 | B28: Supply and install wire mesh rockfall netting | G28: =IF(OR(D28="%",D28=" &"),IF(F28="","",ROUND(ROUND(F28,3)*E28,2)),IF(F28="","",ROUND(ROUND(F28,2)*E28,2)))
G29: =IF(OR(D29="%",D29=" &"),IF(F29="","",ROUND(ROUND(F29,3)*E29,2)),IF(F29="","",ROUND(ROUND(F29,2)*E29,2)))
A30: C12.9.4.1 | B30: REHAB - Draped mesh system with double twist netting weave patterm (80 mm maximum aperture dimension) with a minimum static tensile strength of 170 kN/m using minimum 2.7 mm dia. wire with a tensile strength range of 350 - 550 MPa, including 8.0 mm dia. vertical cables with a minimum tensile strength of 1750 MPa (95% Zn / 5% Al - min. 150 g/m² galvanised) within vertical height intervals: | G30: =IF(OR(D30="%",D30=" &"),IF(F30="","",ROUND(ROUND(F30,3)*E30,2)),IF(F30="","",ROUND(ROUND(F30,2)*E30,2)))
G31: =IF(OR(D31="%",D31=" &"),IF(F31="","",ROUND(ROUND(F31,3)*E31,2)),IF(F31="","",ROUND(ROUND(F31,2)*E31,2)))
B32: (a) | C32: Not exceeding 2 m above toe level | D32: m2 | E32: 50 | G32: =IF(OR(D32="%",D32=" &"),IF(F32="","",ROUND(ROUND(F32,3)*E32,2)),IF(F32="","",ROUND(ROUND(F32,2)*E32,2)))
G33: =IF(OR(D33="%",D33=" &"),IF(F33="","",ROUND(ROUND(F33,3)*E33,2)),IF(F33="","",ROUND(ROUND(F33,2)*E33,2)))
A34: C12.9.4.2 | B34: NEW - Draped mesh system with double twist netting weave patterm (80 mm maximum aperture dimension) with a minimum static tensile strength of 170 kN/m using minimum 2.7 mm dia. wire with a tensile strength range of 350 - 550 MPa, including 8.0 mm dia. vertical cables with a minimum tensile strength of 1750 MPa (95% Zn / 5% Al - min. 150 g/m² galvanised) within vertical height intervals: | G34: =IF(OR(D34="%",D34=" &"),IF(F34="","",ROUND(ROUND(F34,3)*E34,2)),IF(F34="","",ROUND(ROUND(F34,2)*E34,2)))
G35: =IF(OR(D35="%",D35=" &"),IF(F35="","",ROUND(ROUND(F35,3)*E35,2)),IF(F35="","",ROUND(ROUND(F35,2)*E35,2)))
B36: (b) | C36: Exceeding 2 m but not exceeding 5 m above toe level | D36: m2 | E36: 500 | G36: =IF(OR(D36="%",D36=" &"),IF(F36="","",ROUND(ROUND(F36,3)*E36,2)),IF(F36="","",ROUND(ROUND(F36,2)*E36,2)))
G37: =IF(OR(D37="%",D37=" &"),IF(F37="","",ROUND(ROUND(F37,3)*E37,2)),IF(F37="","",ROUND(ROUND(F37,2)*E37,2)))
B38: (c) | C38: Exceeding 5 m above toe level | D38: m2 | E38: 800 | G38: =IF(OR(D38="%",D38=" &"),IF(F38="","",ROUND(ROUND(F38,3)*E38,2)),IF(F38="","",ROUND(ROUND(F38,2)*E38,2)))
G39: =IF(OR(D39="%",D39=" &"),IF(F39="","",ROUND(ROUND(F39,3)*E39,2)),IF(F39="","",ROUND(ROUND(F39,2)*E39,2)))
G40: =IF(OR(D40="%",D40=" &"),IF(F40="","",ROUND(ROUND(F40,3)*E40,2)),IF(F40="","",ROUND(ROUND(F40,2)*E40,2)))
A41: CARRIED FORWARD / ……. | G41: =SUM(G5:G40) -> 0
G42: =IF(OR(D42="%",D42=" &"),IF(F42="","",ROUND(ROUND(F42,3)*E42,2)),IF(F42="","",ROUND(ROUND(F42,2)*E42,2)))
B43: BROUGHT FORWARD / ……. | G43: =G41 -> 0
G44: =IF(OR(D44="%",D44=" &"),IF(F44="","",ROUND(ROUND(F44,3)*E44,2)),IF(F44="","",ROUND(ROUND(F44,2)*E44,2)))
A45: PC12.9.14 | B45: Supply and installation / erection of anchor cable support for wire mesh rockfall netting | G45: =IF(OR(D45="%",D45=" &"),IF(F45="","",ROUND(ROUND(F45,3)*E45,2)),IF(F45="","",ROUND(ROUND(F45,2)*E45,2)))
G46: =IF(OR(D46="%",D46=" &"),IF(F46="","",ROUND(ROUND(F46,3)*E46,2)),IF(F46="","",ROUND(ROUND(F46,2)*E46,2)))
B47: (a) | C47: 16 mm dia. cable: horizontal summit anchor cable including all ancillary items necessary to interrupt / tie-off at the specified intervals (galvanised - Class A as per EN 10244-2) | D47: m | E47: 200 | G47: =IF(OR(D47="%",D47=" &"),IF(F47="","",ROUND(ROUND(F47,3)*E47,2)),IF(F47="","",ROUND(ROUND(F47,2)*E47,2)))
G48: =IF(OR(D48="%",D48=" &"),IF(F48="","",ROUND(ROUND(F48,3)*E48,2)),IF(F48="","",ROUND(ROUND(F48,2)*E48,2)))
B49: (b) | C49: 12 mm dia. cable: horizontal bottom anchor cable including all ancillary items necessary to interrupt / tie-off at the specified intervals (galvanised - Class A as per EN 10244-2) | D49: m | E49: 200 | G49: =IF(OR(D49="%",D49=" &"),IF(F49="","",ROUND(ROUND(F49,3)*E49,2)),IF(F49="","",ROUND(ROUND(F49,2)*E49,2)))
G50: =IF(OR(D50="%",D50=" &"),IF(F50="","",ROUND(ROUND(F50,3)*E50,2)),IF(F50="","",ROUND(ROUND(F50,2)*E50,2)))
B51: (c) | C51: 8 mm dia. cable: diagonal pattern cable including all ancillary items necessary to interrupt / tie-off at the specified intervals (galvanised - Class A as per EN 10244-2) | D51: m | E51: 1000 | G51: =IF(OR(D51="%",D51=" &"),IF(F51="","",ROUND(ROUND(F51,3)*E51,2)),IF(F51="","",ROUND(ROUND(F51,2)*E51,2)))
G52: =IF(OR(D52="%",D52=" &"),IF(F52="","",ROUND(ROUND(F52,3)*E52,2)),IF(F52="","",ROUND(ROUND(F52,2)*E52,2)))
B53: (d) | C53: 8 mm dia. cable: lacing to repair existing drape net including all ancillary items necessary to interrupt / tie-off at the specified intervals (galvanised - Class A as per EN 10244-2) | D53: m | E53: 250 | G53: =IF(OR(D53="%",D53=" &"),IF(F53="","",ROUND(ROUND(F53,3)*E53,2)),IF(F53="","",ROUND(ROUND(F53,2)*E53,2)))
G54: =IF(OR(D54="%",D54=" &"),IF(F54="","",ROUND(ROUND(F54,3)*E54,2)),IF(F54="","",ROUND(ROUND(F54,2)*E54,2)))
G55: =IF(OR(D55="%",D55=" &"),IF(F55="","",ROUND(ROUND(F55,3)*E55,2)),IF(F55="","",ROUND(ROUND(F55,2)*E55,2)))
G56: =IF(OR(D56="%",D56=" &"),IF(F56="","",ROUND(ROUND(F56,3)*E56,2)),IF(F56="","",ROUND(ROUND(F56,2)*E56,2)))
G57: =IF(OR(D57="%",D57=" &"),IF(F57="","",ROUND(ROUND(F57,3)*E57,2)),IF(F57="","",ROUND(ROUND(F57,2)*E57,2)))
G58: =IF(OR(D58="%",D58=" &"),IF(F58="","",ROUND(ROUND(F58,3)*E58,2)),IF(F58="","",ROUND(ROUND(F58,2)*E58,2)))
G59: =IF(OR(D59="%",D59=" &"),IF(F59="","",ROUND(ROUND(F59,3)*E59,2)),IF(F59="","",ROUND(ROUND(F59,2)*E59,2)))
G60: =IF(OR(D60="%",D60=" &"),IF(F60="","",ROUND(ROUND(F60,3)*E60,2)),IF(F60="","",ROUND(ROUND(F60,2)*E60,2)))
G61: =IF(OR(D61="%",D61=" &"),IF(F61="","",ROUND(ROUND(F61,3)*E61,2)),IF(F61="","",ROUND(ROUND(F61,2)*E61,2)))
G62: =IF(OR(D62="%",D62=" &"),IF(F62="","",ROUND(ROUND(F62,3)*E62,2)),IF(F62="","",ROUND(ROUND(F62,2)*E62,2)))
G63: =IF(OR(D63="%",D63=" &"),IF(F63="","",ROUND(ROUND(F63,3)*E63,2)),IF(F63="","",ROUND(ROUND(F63,2)*E63,2)))
G64: =IF(OR(D64="%",D64=" &"),IF(F64="","",ROUND(ROUND(F64,3)*E64,2)),IF(F64="","",ROUND(ROUND(F64,2)*E64,2)))
G65: =IF(OR(D65="%",D65=" &"),IF(F65="","",ROUND(ROUND(F65,3)*E65,2)),IF(F65="","",ROUND(ROUND(F65,2)*E65,2)))
... G80: =IF(OR(D80="%",D80=" &"),IF(F80="","",ROUND(ROUND(F80,3)*E80,2)),IF(F80="","",ROUND(ROUND(F80,2)*E80,2)))
A81: TOTAL CARRIED TO SUMMARY | G81: =SUM(G42:G80) -> 0

Sheet B3_C1.5
A1: SECTION C1.5 | D1: ACCOMMODATION OF TRAFFIC
A4: ITEM | B4: DESCRIPTION | D4: UNIT | E4: QTY | F4: RATE | G4: AMOUNT
G5: =IF(OR(D5="%",D5=" &"),IF(F5="","",ROUND(ROUND(F5,3)*E5,2)),IF(F5="","",ROUND(ROUND(F5,2)*E5,2)))
A6: C1.5 | B6: =D1 -> ACCOMMODATION OF TRAFFIC | G6: =IF(OR(D6="%",D6=" &"),IF(F6="","",ROUND(ROUND(F6,3)*E6,2)),IF(F6="","",ROUND(ROUND(F6,2)*E6,2)))
G7: =IF(OR(D7="%",D7=" &"),IF(F7="","",ROUND(ROUND(F7,3)*E7,2)),IF(F7="","",ROUND(ROUND(F7,2)*E7,2)))
A8: C1.5.2 | B8: Accommodation of vehicular traffic | D8: month | E8: 14 | G8: =IF(OR(D8="%",D8=" &"),IF(F8="","",ROUND(ROUND(F8,3)*E8,2)),IF(F8="","",ROUND(ROUND(F8,2)*E8,2)))
G9: =IF(OR(D9="%",D9=" &"),IF(F9="","",ROUND(ROUND(F9,3)*E9,2)),IF(F9="","",ROUND(ROUND(F9,2)*E9,2)))
A10: C1.5.3 | B10: Liaison with traffic authorities | D10: month | E10: 14 | G10: =IF(OR(D10="%",D10=" &"),IF(F10="","",ROUND(ROUND(F10,3)*E10,2)),IF(F10="","",ROUND(ROUND(F10,2)*E10,2)))
G11: =IF(OR(D11="%",D11=" &"),IF(F11="","",ROUND(ROUND(F11,3)*E11,2)),IF(F11="","",ROUND(ROUND(F11,2)*E11,2)))
A12: C1.5.7 | B12: Temporary traffic control facilities | G12: =IF(OR(D12="%",D12=" &"),IF(F12="","",ROUND(ROUND(F12,3)*E12,2)),IF(F12="","",ROUND(ROUND(F12,2)*E12,2)))
G13: =IF(OR(D13="%",D13=" &"),IF(F13="","",ROUND(ROUND(F13,3)*E13,2)),IF(F13="","",ROUND(ROUND(F13,2)*E13,2)))
A14: C1.5.7.1 | B14: Delineators including mounting bases and ballast: | G14: =IF(OR(D14="%",D14=" &"),IF(F14="","",ROUND(ROUND(F14,3)*E14,2)),IF(F14="","",ROUND(ROUND(F14,2)*E14,2)))
G15: =IF(OR(D15="%",D15=" &"),IF(F15="","",ROUND(ROUND(F15,3)*E15,2)),IF(F15="","",ROUND(ROUND(F15,2)*E15,2)))
B16: (c) | C16: Reboundable delineators, single sided (200 x 800 mm, minimum 16 kg base) | D16: No. | E16: 200 | G16: =IF(OR(D16="%",D16=" &"),IF(F16="","",ROUND(ROUND(F16,3)*E16,2)),IF(F16="","",ROUND(ROUND(F16,2)*E16,2)))
G17: =IF(OR(D17="%",D17=" &"),IF(F17="","",ROUND(ROUND(F17,3)*E17,2)),IF(F17="","",ROUND(ROUND(F17,2)*E17,2)))
B18: (d) | C18: Reboundable delineators, double sided (200 x 800 mm, minimum 16 kg base) | D18: No. | E18: 500 | G18: =IF(OR(D18="%",D18=" &"),IF(F18="","",ROUND(ROUND(F18,3)*E18,2)),IF(F18="","",ROUND(ROUND(F18,2)*E18,2)))
G19: =IF(OR(D19="%",D19=" &"),IF(F19="","",ROUND(ROUND(F19,3)*E19,2)),IF(F19="","",ROUND(ROUND(F19,2)*E19,2)))
A20: C1.5.7.2 | B20: Traffic cones, minimum height 750 mm | D20: No. | E20: 100 | G20: =IF(OR(D20="%",D20=" &"),IF(F20="","",ROUND(ROUND(F20,3)*E20,2)),IF(F20="","",ROUND(ROUND(F20,2)*E20,2)))
G21: =IF(OR(D21="%",D21=" &"),IF(F21="","",ROUND(ROUND(F21,3)*E21,2)),IF(F21="","",ROUND(ROUND(F21,2)*E21,2)))
A22: C1.5.7.3 | B22: Flagmen | D22: man-shift | E22: 5500 | G22: =IF(OR(D22="%",D22=" &"),IF(F22="","",ROUND(ROUND(F22,3)*E22,2)),IF(F22="","",ROUND(ROUND(F22,2)*E22,2)))
G23: =IF(OR(D23="%",D23=" &"),IF(F23="","",ROUND(ROUND(F23,3)*E23,2)),IF(F23="","",ROUND(ROUND(F23,2)*E23,2)))
A24: C1.5.7.4 | B24: Traffic controllers | D24: man-shift | E24: 2500 | G24: =IF(OR(D24="%",D24=" &"),IF(F24="","",ROUND(ROUND(F24,3)*E24,2)),IF(F24="","",ROUND(ROUND(F24,2)*E24,2)))
G25: =IF(OR(D25="%",D25=" &"),IF(F25="","",ROUND(ROUND(F25,3)*E25,2)),IF(F25="","",ROUND(ROUND(F25,2)*E25,2)))
A26: C1.5.7.5 | B26: Provision of illuminated traffic signs: | G26: =IF(OR(D26="%",D26=" &"),IF(F26="","",ROUND(ROUND(F26,3)*E26,2)),IF(F26="","",ROUND(ROUND(F26,2)*E26,2)))
G27: =IF(OR(D27="%",D27=" &"),IF(F27="","",ROUND(ROUND(F27,3)*E27,2)),IF(F27="","",ROUND(ROUND(F27,2)*E27,2)))
B28: (a) | C28: Sign mounted flashing amber lights (2 lights with the specified power supply) mounted on a backing board which is: | G28: =IF(OR(D28="%",D28=" &"),IF(F28="","",ROUND(ROUND(F28,3)*E28,2)),IF(F28="","",ROUND(ROUND(F28,2)*E28,2)))
G29: =IF(OR(D29="%",D29=" &"),IF(F29="","",ROUND(ROUND(F29,3)*E29,2)),IF(F29="","",ROUND(ROUND(F29,2)*E29,2)))
C30: (ii) 1200 mm wide x 200 mm high | D30: No. | E30: 8 | G30: =IF(OR(D30="%",D30=" &"),IF(F30="","",ROUND(ROUND(F30,3)*E30,2)),IF(F30="","",ROUND(ROUND(F30,2)*E30,2)))
G31: =IF(OR(D31="%",D31=" &"),IF(F31="","",ROUND(ROUND(F31,3)*E31,2)),IF(F31="","",ROUND(ROUND(F31,2)*E31,2)))
B32: (e) | C32: Mobile variable message sign | D32: No. | E32: 2 | G32: =IF(OR(D32="%",D32=" &"),IF(F32="","",ROUND(ROUND(F32,3)*E32,2)),IF(F32="","",ROUND(ROUND(F32,2)*E32,2)))
G33: =IF(OR(D33="%",D33=" &"),IF(F33="","",ROUND(ROUND(F33,3)*E33,2)),IF(F33="","",ROUND(ROUND(F33,2)*E33,2)))
A34: C1.5.7.6 | B34: Maintenance of illuminated traffic signs: | G34: =IF(OR(D34="%",D34=" &"),IF(F34="","",ROUND(ROUND(F34,3)*E34,2)),IF(F34="","",ROUND(ROUND(F34,2)*E34,2)))
G35: =IF(OR(D35="%",D35=" &"),IF(F35="","",ROUND(ROUND(F35,3)*E35,2)),IF(F35="","",ROUND(ROUND(F35,2)*E35,2)))
B36: (a) | C36: Sign mounted flashing amber lights (a pair of two lights mounted on a separate backing board) | D36: month | E36: 14 | G36: =IF(OR(D36="%",D36=" &"),IF(F36="","",ROUND(ROUND(F36,3)*E36,2)),IF(F36="","",ROUND(ROUND(F36,2)*E36,2)))
G37: =IF(OR(D37="%",D37=" &"),IF(F37="","",ROUND(ROUND(F37,3)*E37,2)),IF(F37="","",ROUND(ROUND(F37,2)*E37,2)))
B38: (e) | C38: Mobile variable message sign | D38: month | E38: 14 | G38: =IF(OR(D38="%",D38=" &"),IF(F38="","",ROUND(ROUND(F38,3)*E38,2)),IF(F38="","",ROUND(ROUND(F38,2)*E38,2)))
G39: =IF(OR(D39="%",D39=" &"),IF(F39="","",ROUND(ROUND(F39,3)*E39,2)),IF(F39="","",ROUND(ROUND(F39,2)*E39,2)))
A40: C1.5.7.8 | B40: Traffic control stations | D40: month | E40: 14 | G40: =IF(OR(D40="%",D40=" &"),IF(F40="","",ROUND(ROUND(F40,3)*E40,2)),IF(F40="","",ROUND(ROUND(F40,2)*E40,2)))
G41: =IF(OR(D41="%",D41=" &"),IF(F41="","",ROUND(ROUND(F41,3)*E41,2)),IF(F41="","",ROUND(ROUND(F41,2)*E41,2)))
A42: C1.5.7.9 | B42: Cleaning of traffic control facilities | D42: month | E42: 14 | G42: =IF(OR(D42="%",D42=" &"),IF(F42="","",ROUND(ROUND(F42,3)*E42,2)),IF(F42="","",ROUND(ROUND(F42,2)*E42,2)))
G43: =IF(OR(D43="%",D43=" &"),IF(F43="","",ROUND(ROUND(F43,3)*E43,2)),IF(F43="","",ROUND(ROUND(F43,2)*E43,2)))
A44: C1.5.8 | B44: Traffic safety officer | D44: man-month | E44: 14 | G44: =IF(OR(D44="%",D44=" &"),IF(F44="","",ROUND(ROUND(F44,3)*E44,2)),IF(F44="","",ROUND(ROUND(F44,2)*E44,2)))
G45: =IF(OR(D45="%",D45=" &"),IF(F45="","",ROUND(ROUND(F45,3)*E45,2)),IF(F45="","",ROUND(ROUND(F45,2)*E45,2)))
A46: C1.5.9 | B46: Traffic safety vehicle | D46: month | E46: 14 | G46: =IF(OR(D46="%",D46=" &"),IF(F46="","",ROUND(ROUND(F46,3)*E46,2)),IF(F46="","",ROUND(ROUND(F46,2)*E46,2)))
G47: =IF(OR(D47="%",D47=" &"),IF(F47="","",ROUND(ROUND(F47,3)*E47,2)),IF(F47="","",ROUND(ROUND(F47,2)*E47,2)))
G48: =IF(OR(D48="%",D48=" &"),IF(F48="","",ROUND(ROUND(F48,3)*E48,2)),IF(F48="","",ROUND(ROUND(F48,2)*E48,2)))
G49: =IF(OR(D49="%",D49=" &"),IF(F49="","",ROUND(ROUND(F49,3)*E49,2)),IF(F49="","",ROUND(ROUND(F49,2)*E49,2)))
G50: =IF(OR(D50="%",D50=" &"),IF(F50="","",ROUND(ROUND(F50,3)*E50,2)),IF(F50="","",ROUND(ROUND(F50,2)*E50,2)))
G51: =IF(OR(D51="%",D51=" &"),IF(F51="","",ROUND(ROUND(F51,3)*E51,2)),IF(F51="","",ROUND(ROUND(F51,2)*E51,2)))
A52: CARRIED FORWARD / ……. | G52: =SUM(G5:G51) -> 0
G53: =IF(OR(D53="%",D53=" &"),IF(F53="","",ROUND(ROUND(F53,3)*E53,2)),IF(F53="","",ROUND(ROUND(F53,2)*E53,2)))
B54: BROUGHT FORWARD / ……. | G54: =G52 -> 0
G55: =IF(OR(D55="%",D55=" &"),IF(F55="","",ROUND(ROUND(F55,3)*E55,2)),IF(F55="","",ROUND(ROUND(F55,2)*E55,2)))
A56: C1.5.11 | B56: Provision of safety equipment for visitors | G56: =IF(OR(D56="%",D56=" &"),IF(F56="","",ROUND(ROUND(F56,3)*E56,2)),IF(F56="","",ROUND(ROUND(F56,2)*E56,2)))
G57: =IF(OR(D57="%",D57=" &"),IF(F57="","",ROUND(ROUND(F57,3)*E57,2)),IF(F57="","",ROUND(ROUND(F57,2)*E57,2)))
A58: C1.5.11.1 | B58: Provision of reflective safety vests for visitors | D58: No. | E58: 5 | G58: =IF(OR(D58="%",D58=" &"),IF(F58="","",ROUND(ROUND(F58,3)*E58,2)),IF(F58="","",ROUND(ROUND(F58,2)*E58,2)))
G59: =IF(OR(D59="%",D59=" &"),IF(F59="","",ROUND(ROUND(F59,3)*E59,2)),IF(F59="","",ROUND(ROUND(F59,2)*E59,2)))
A60: C1.5.11.2 | B60: Provision of hard hats for visitors | D60: No. | E60: 5 | G60: =IF(OR(D60="%",D60=" &"),IF(F60="","",ROUND(ROUND(F60,3)*E60,2)),IF(F60="","",ROUND(ROUND(F60,2)*E60,2)))
G61: =IF(OR(D61="%",D61=" &"),IF(F61="","",ROUND(ROUND(F61,3)*E61,2)),IF(F61="","",ROUND(ROUND(F61,2)*E61,2)))
A62: C1.5.12 | B62: Additional traffic accommodation facilities ordered by the Engineer: | G62: =IF(OR(D62="%",D62=" &"),IF(F62="","",ROUND(ROUND(F62,3)*E62,2)),IF(F62="","",ROUND(ROUND(F62,2)*E62,2)))
G63: =IF(OR(D63="%",D63=" &"),IF(F63="","",ROUND(ROUND(F63,3)*E63,2)),IF(F63="","",ROUND(ROUND(F63,2)*E63,2)))
A64: C1.5.12.1 | B64: Provision of additional traffic accommodation facilities | D64: Prov. Sum | E64: 1 | F64: 150000 | G64: =IF(OR(D64="%",D64=" &"),IF(F64="","",ROUND(ROUND(F64,3)*E64,2)),IF(F64="","",ROUND(ROUND(F64,2)*E64,2))) -> 150000
G65: =IF(OR(D65="%",D65=" &"),IF(F65="","",ROUND(ROUND(F65,3)*E65,2)),IF(F65="","",ROUND(ROUND(F65,2)*E65,2)))
A66: C1.5.12.2 | B66: Handling cost, profit and all other charges in respect of item C1.5.12.1 | D66: % | E66: 150000 | G66: =IF(OR(D66="%",D66=" &"),IF(F66="","",ROUND(ROUND(F66,3)*E66,2)),IF(F66="","",ROUND(ROUND(F66,2)*E66,2)))
G67: =IF(OR(D67="%",D67=" &"),IF(F67="","",ROUND(ROUND(F67,3)*E67,2)),IF(F67="","",ROUND(ROUND(F67,2)*E67,2)))
G68: =IF(OR(D68="%",D68=" &"),IF(F68="","",ROUND(ROUND(F68,3)*E68,2)),IF(F68="","",ROUND(ROUND(F68,2)*E68,2)))
A69: C1.5/C11.6 | B69: ROAD SIGNS | G69: =IF(OR(D69="%",D69=" &"),IF(F69="","",ROUND(ROUND(F69,3)*E69,2)),IF(F69="","",ROUND(ROUND(F69,2)*E69,2)))
G70: =IF(OR(D70="%",D70=" &"),IF(F70="","",ROUND(ROUND(F70,3)*E70,2)),IF(F70="","",ROUND(ROUND(F70,2)*E70,2)))
A71: C11.6.1 | B71: Road signboards with painted or coloured semi-matt background. Symbols, lettering and borders in semi- matt black or in Class I retro-reflective material, where the sign board is constructed from: | G71: =IF(OR(D71="%",D71=" &"),IF(F71="","",ROUND(ROUND(F71,3)*E71,2)),IF(F71="","",ROUND(ROUND(F71,2)*E71,2)))
G72: =IF(OR(D72="%",D72=" &"),IF(F72="","",ROUND(ROUND(F72,3)*E72,2)),IF(F72="","",ROUND(ROUND(F72,2)*E72,2)))
A73: PC11.6.1.8 | B73: Regulatory signs, temporary | G73: =IF(OR(D73="%",D73=" &"),IF(F73="","",ROUND(ROUND(F73,3)*E73,2)),IF(F73="","",ROUND(ROUND(F73,2)*E73,2)))
G74: =IF(OR(D74="%",D74=" &"),IF(F74="","",ROUND(ROUND(F74,3)*E74,2)),IF(F74="","",ROUND(ROUND(F74,2)*E74,2)))
B75: (c) | C75: 1200 mm diameter (prepainted galvanized steel, background and symbol retro-reflective Class I) | D75: No. | E75: 40 | G75: =IF(OR(D75="%",D75=" &"),IF(F75="","",ROUND(ROUND(F75,3)*E75,2)),IF(F75="","",ROUND(ROUND(F75,2)*E75,2)))
G76: =IF(OR(D76="%",D76=" &"),IF(F76="","",ROUND(ROUND(F76,3)*E76,2)),IF(F76="","",ROUND(ROUND(F76,2)*E76,2)))
B77: (d) | C77: STOP/RY GO, 1200 mm on a stand (prepainted galvanized steel, background and symbol retro-reflective Class I) | D77: No. | E77: 2 | G77: =IF(OR(D77="%",D77=" &"),IF(F77="","",ROUND(ROUND(F77,3)*E77,2)),IF(F77="","",ROUND(ROUND(F77,2)*E77,2)))
G78: =IF(OR(D78="%",D78=" &"),IF(F78="","",ROUND(ROUND(F78,3)*E78,2)),IF(F78="","",ROUND(ROUND(F78,2)*E78,2)))
A79: PC11.6.1.10 | B79: Warning signs, temporary | G79: =IF(OR(D79="%",D79=" &"),IF(F79="","",ROUND(ROUND(F79,3)*E79,2)),IF(F79="","",ROUND(ROUND(F79,2)*E79,2)))
G80: =IF(OR(D80="%",D80=" &"),IF(F80="","",ROUND(ROUND(F80,3)*E80,2)),IF(F80="","",ROUND(ROUND(F80,2)*E80,2)))
B81: (d) | C81: 1500 mm size (prepainted galvanized steel, background and symbol retro-reflective Class I) | D81: No. | E81: 10 | G81: =IF(OR(D81="%",D81=" &"),IF(F81="","",ROUND(ROUND(F81,3)*E81,2)),IF(F81="","",ROUND(ROUND(F81,2)*E81,2)))
G82: =IF(OR(D82="%",D82=" &"),IF(F82="","",ROUND(ROUND(F82,3)*E82,2)),IF(F82="","",ROUND(ROUND(F82,2)*E82,2)))
B83: (e) | C83: 1200 x 1600 mm (prepainted galvanized steel, background and symbol retro-reflective Class I) | D83: No. | E83: 10 | G83: =IF(OR(D83="%",D83=" &"),IF(F83="","",ROUND(ROUND(F83,3)*E83,2)),IF(F83="","",ROUND(ROUND(F83,2)*E83,2)))
G84: =IF(OR(D84="%",D84=" &"),IF(F84="","",ROUND(ROUND(F84,3)*E84,2)),IF(F84="","",ROUND(ROUND(F84,2)*E84,2)))
A85: PC11.6.1.12 | B85: Supplementary plates to temporary regulatory, warning or guidance signs (prepainted galvanized steel, background and symbol retro-reflective Class I) | D85: m2 | E85: 20 | G85: =IF(OR(D85="%",D85=" &"),IF(F85="","",ROUND(ROUND(F85,3)*E85,2)),IF(F85="","",ROUND(ROUND(F85,2)*E85,2)))
G86: =IF(OR(D86="%",D86=" &"),IF(F86="","",ROUND(ROUND(F86,3)*E86,2)),IF(F86="","",ROUND(ROUND(F86,2)*E86,2)))
G87: =IF(OR(D87="%",D87=" &"),IF(F87="","",ROUND(ROUND(F87,3)*E87,2)),IF(F87="","",ROUND(ROUND(F87,2)*E87,2)))
G88: =IF(OR(D88="%",D88=" &"),IF(F88="","",ROUND(ROUND(F88,3)*E88,2)),IF(F88="","",ROUND(ROUND(F88,2)*E88,2)))
A89: CARRIED FORWARD / ……. | G89: =SUM(G53:G88) -> 150000
G90: =IF(OR(D90="%",D90=" &"),IF(F90="","",ROUND(ROUND(F90,3)*E90,2)),IF(F90="","",ROUND(ROUND(F90,2)*E90,2)))
B91: BROUGHT FORWARD / ……. | G91: =G89 -> 150000
G92: =IF(OR(D92="%",D92=" &"),IF(F92="","",ROUND(ROUND(F92,3)*E92,2)),IF(F92="","",ROUND(ROUND(F92,2)*E92,2)))
A93: PC11.6.1.13 | B93: Moveable barricade/road sign combination (prepainted galvanized steel, background and symbol retro-reflective Class I, 1200 mm diameter TR103/TR104 and 2400 x 400 mm TW411) | D93: No. | E93: 5 | G93: =IF(OR(D93="%",D93=" &"),IF(F93="","",ROUND(ROUND(F93,3)*E93,2)),IF(F93="","",ROUND(ROUND(F93,2)*E93,2)))
G94: =IF(OR(D94="%",D94=" &"),IF(F94="","",ROUND(ROUND(F94,3)*E94,2)),IF(F94="","",ROUND(ROUND(F94,2)*E94,2)))
A95: PC11.6.1.14 | B95: Guidance signs, temporary | G95: =IF(OR(D95="%",D95=" &"),IF(F95="","",ROUND(ROUND(F95,3)*E95,2)),IF(F95="","",ROUND(ROUND(F95,2)*E95,2)))
G96: =IF(OR(D96="%",D96=" &"),IF(F96="","",ROUND(ROUND(F96,3)*E96,2)),IF(F96="","",ROUND(ROUND(F96,2)*E96,2)))
B97: (a) | C97: 1200 x 1600 mm (prepainted galvanized steel, background and symbol retro-reflective Class I) | D97: No. | E97: 20 | G97: =IF(OR(D97="%",D97=" &"),IF(F97="","",ROUND(ROUND(F97,3)*E97,2)),IF(F97="","",ROUND(ROUND(F97,2)*E97,2)))
G98: =IF(OR(D98="%",D98=" &"),IF(F98="","",ROUND(ROUND(F98,3)*E98,2)),IF(F98="","",ROUND(ROUND(F98,2)*E98,2)))
A99: C11.6.2 | B99: Extra over on item C11.6.1 for using: | G99: =IF(OR(D99="%",D99=" &"),IF(F99="","",ROUND(ROUND(F99,3)*E99,2)),IF(F99="","",ROUND(ROUND(F99,2)*E99,2)))
G100: =IF(OR(D100="%",D100=" &"),IF(F100="","",ROUND(ROUND(F100,3)*E100,2)),IF(F100="","",ROUND(ROUND(F100,2)*E100,2)))
A101: C11.6.2.1 | B101: Background of retro-reflective material: | G101: =IF(OR(D101="%",D101=" &"),IF(F101="","",ROUND(ROUND(F101,3)*E101,2)),IF(F101="","",ROUND(ROUND(F101,2)*E101,2)))
G102: =IF(OR(D102="%",D102=" &"),IF(F102="","",ROUND(ROUND(F102,3)*E102,2)),IF(F102="","",ROUND(ROUND(F102,2)*E102,2)))
...

Sheet B3_C11.8
A1: SECTION C11.8 | D1: LANDSCAPING AND PLANTING PLANTS
A4: ITEM | B4: DESCRIPTION | D4: UNIT | E4: QTY | F4: RATE | G4: AMOUNT
G5: =IF(OR(D5="%",D5=" &"),IF(F5="","",ROUND(ROUND(F5,3)*E5,2)),IF(F5="","",ROUND(ROUND(F5,2)*E5,2)))
A6: C11.8 | B6: =D1 -> LANDSCAPING AND PLANTING PLANTS | G6: =IF(OR(D6="%",D6=" &"),IF(F6="","",ROUND(ROUND(F6,3)*E6,2)),IF(F6="","",ROUND(ROUND(F6,2)*E6,2)))
G7: =IF(OR(D7="%",D7=" &"),IF(F7="","",ROUND(ROUND(F7,3)*E7,2)),IF(F7="","",ROUND(ROUND(F7,2)*E7,2)))
A8: C11.8.10 | B8: Unspecified work for landscaping | D8: Prov. Sum | E8: 1 | F8: 1000000 | G8: =IF(OR(D8="%",D8=" &"),IF(F8="","",ROUND(ROUND(F8,3)*E8,2)),IF(F8="","",ROUND(ROUND(F8,2)*E8,2))) -> 1000000
G9: =IF(OR(D9="%",D9=" &"),IF(F9="","",ROUND(ROUND(F9,3)*E9,2)),IF(F9="","",ROUND(ROUND(F9,2)*E9,2)))
G10: =IF(OR(D10="%",D10=" &"),IF(F10="","",ROUND(ROUND(F10,3)*E10,2)),IF(F10="","",ROUND(ROUND(F10,2)*E10,2)))
G11: =IF(OR(D11="%",D11=" &"),IF(F11="","",ROUND(ROUND(F11,3)*E11,2)),IF(F11="","",ROUND(ROUND(F11,2)*E11,2)))
G12: =IF(OR(D12="%",D12=" &"),IF(F12="","",ROUND(ROUND(F12,3)*E12,2)),IF(F12="","",ROUND(ROUND(F12,2)*E12,2)))
G13: =IF(OR(D13="%",D13=" &"),IF(F13="","",ROUND(ROUND(F13,3)*E13,2)),IF(F13="","",ROUND(ROUND(F13,2)*E13,2)))
G14: =IF(OR(D14="%",D14=" &"),IF(F14="","",ROUND(ROUND(F14,3)*E14,2)),IF(F14="","",ROUND(ROUND(F14,2)*E14,2)))
G15: =IF(OR(D15="%",D15=" &"),IF(F15="","",ROUND(ROUND(F15,3)*E15,2)),IF(F15="","",ROUND(ROUND(F15,2)*E15,2)))
G16: =IF(OR(D16="%",D16=" &"),IF(F16="","",ROUND(ROUND(F16,3)*E16,2)),IF(F16="","",ROUND(ROUND(F16,2)*E16,2)))
G17: =IF(OR(D17="%",D17=" &"),IF(F17="","",ROUND(ROUND(F17,3)*E17,2)),IF(F17="","",ROUND(ROUND(F17,2)*E17,2)))
G18: =IF(OR(D18="%",D18=" &"),IF(F18="","",ROUND(ROUND(F18,3)*E18,2)),IF(F18="","",ROUND(ROUND(F18,2)*E18,2)))
G19: =IF(OR(D19="%",D19=" &"),IF(F19="","",ROUND(ROUND(F19,3)*E19,2)),IF(F19="","",ROUND(ROUND(F19,2)*E19,2)))
G20: =IF(OR(D20="%",D20=" &"),IF(F20="","",ROUND(ROUND(F20,3)*E20,2)),IF(F20="","",ROUND(ROUND(F20,2)*E20,2)))
... G58: =IF(OR(D58="%",D58=" &"),IF(F58="","",ROUND(ROUND(F58,3)*E58,2)),IF(F58="","",ROUND(ROUND(F58,2)*E58,2)))
A59: TOTAL CARRIED TO SUMMARY | G59: =SUM(G5:G58) -> 1000000

Sheet B3_C11.9
A1: SECTION C11.9 | D1: FINISHING THE ROAD AND ROAD RESERVE AND TREATING OLD ROAD
A4: ITEM | B4: DESCRIPTION | D4: UNIT | E4: QTY | F4: RATE | G4: AMOUNT
G5: =IF(OR(D5="%",D5=" &"),IF(F5="","",ROUND(ROUND(F5,3)*E5,2)),IF(F5="","",ROUND(ROUND(F5,2)*E5,2)))
A6: C11.9 | B6: =D1 -> FINISHING THE ROAD AND ROAD RESERVE AND TREATING OLD ROAD | G6: =IF(OR(D6="%",D6=" &"),IF(F6="","",ROUND(ROUND(F6,3)*E6,2)),IF(F6="","",ROUND(ROUND(F6,2)*E6,2)))
G7: =IF(OR(D7="%",D7=" &"),IF(F7="","",ROUND(ROUND(F7,3)*E7,2)),IF(F7="","",ROUND(ROUND(F7,2)*E7,2)))
A8: C11.9.1 | B8: Finishing the road and road reserve | G8: =IF(OR(D8="%",D8=" &"),IF(F8="","",ROUND(ROUND(F8,3)*E8,2)),IF(F8="","",ROUND(ROUND(F8,2)*E8,2)))
G9: =IF(OR(D9="%",D9=" &"),IF(F9="","",ROUND(ROUND(F9,3)*E9,2)),IF(F9="","",ROUND(ROUND(F9,2)*E9,2)))
A10: PC11.9.1.3 | B10: Slope stabilisation site - Ouberg Pass cuttings (R63 Section 7, km 69.8 - km 71.9) | D10: lump sum | E10: 1 | G10: =IF(OR(D10="%",D10=" &"),IF(F10="","",ROUND(ROUND(F10,3)*E10,2)),IF(F10="","",ROUND(ROUND(F10,2)*E10,2)))
G11: =IF(OR(D11="%",D11=" &"),IF(F11="","",ROUND(ROUND(F11,3)*E11,2)),IF(F11="","",ROUND(ROUND(F11,2)*E11,2)))
G12: =IF(OR(D12="%",D12=" &"),IF(F12="","",ROUND(ROUND(F12,3)*E12,2)),IF(F12="","",ROUND(ROUND(F12,2)*E12,2)))
G13: =IF(OR(D13="%",D13=" &"),IF(F13="","",ROUND(ROUND(F13,3)*E13,2)),IF(F13="","",ROUND(ROUND(F13,2)*E13,2)))
G14: =IF(OR(D14="%",D14=" &"),IF(F14="","",ROUND(ROUND(F14,3)*E14,2)),IF(F14="","",ROUND(ROUND(F14,2)*E14,2)))
G15: =IF(OR(D15="%",D15=" &"),IF(F15="","",ROUND(ROUND(F15,3)*E15,2)),IF(F15="","",ROUND(ROUND(F15,2)*E15,2)))
G16: =IF(OR(D16="%",D16=" &"),IF(F16="","",ROUND(ROUND(F16,3)*E16,2)),IF(F16="","",ROUND(ROUND(F16,2)*E16,2)))
G17: =IF(OR(D17="%",D17=" &"),IF(F17="","",ROUND(ROUND(F17,3)*E17,2)),IF(F17="","",ROUND(ROUND(F17,2)*E17,2)))
G18: =IF(OR(D18="%",D18=" &"),IF(F18="","",ROUND(ROUND(F18,3)*E18,2)),IF(F18="","",ROUND(ROUND(F18,2)*E18,2)))
G19: =IF(OR(D19="%",D19=" &"),IF(F19="","",ROUND(ROUND(F19,3)*E19,2)),IF(F19="","",ROUND(ROUND(F19,2)*E19,2)))
G20: =IF(OR(D20="%",D20=" &"),IF(F20="","",ROUND(ROUND(F20,3)*E20,2)),IF(F20="","",ROUND(ROUND(F20,2)*E20,2)))
G21: =IF(OR(D21="%",D21=" &"),IF(F21="","",ROUND(ROUND(F21,3)*E21,2)),IF(F21="","",ROUND(ROUND(F21,2)*E21,2)))
G22: =IF(OR(D22="%",D22=" &"),IF(F22="","",ROUND(ROUND(F22,3)*E22,2)),IF(F22="","",ROUND(ROUND(F22,2)*E22,2)))
... G56: =IF(OR(D56="%",D56=" &"),IF(F56="","",ROUND(ROUND(F56,3)*E56,2)),IF(F56="","",ROUND(ROUND(F56,2)*E56,2)))
A57: TOTAL CARRIED TO SUMMARY | G57: =SUM(G5:G56) -> 0

Sheet B3_C12.2
A1: SECTION C12.2 | D1: GROUND ANCHORS
A4: ITEM | B4: DESCRIPTION | D4: UNIT | E4: QTY | F4: RATE | G4: AMOUNT
G5: =IF(OR(D5="%",D5=" &"),IF(F5="","",ROUND(ROUND(F5,3)*E5,2)),IF(F5="","",ROUND(ROUND(F5,2)*E5,2)))
A6: C12.2 | B6: =D1 -> GROUND ANCHORS | G6: =IF(OR(D6="%",D6=" &"),IF(F6="","",ROUND(ROUND(F6,3)*E6,2)),IF(F6="","",ROUND(ROUND(F6,2)*E6,2)))
G7: =IF(OR(D7="%",D7=" &"),IF(F7="","",ROUND(ROUND(F7,3)*E7,2)),IF(F7="","",ROUND(ROUND(F7,2)*E7,2)))
A8: C12.2.13 | B8: Establishment on the site for drilling of rockbolts, dowels, soil nails or mechanical anchors | G8: =IF(OR(D8="%",D8=" &"),IF(F8="","",ROUND(ROUND(F8,3)*E8,2)),IF(F8="","",ROUND(ROUND(F8,2)*E8,2)))
G9: =IF(OR(D9="%",D9=" &"),IF(F9="","",ROUND(ROUND(F9,3)*E9,2)),IF(F9="","",ROUND(ROUND(F9,2)*E9,2)))
A10: C12.2.13.1 | B10: Galvanised hot-rolled, high-tensile steel bars with continuous coarse-thread complying with SANS 920, 25 mm dia. with a yield stress greater than 500 MPa | D10: lump sum | E10: 1 | G10: =IF(OR(D10="%",D10=" &"),IF(F10="","",ROUND(ROUND(F10,3)*E10,2)),IF(F10="","",ROUND(ROUND(F10,2)*E10,2)))
G11: =IF(OR(D11="%",D11=" &"),IF(F11="","",ROUND(ROUND(F11,3)*E11,2)),IF(F11="","",ROUND(ROUND(F11,2)*E11,2)))
A12: C12.2.13.2 | B12: Micro pile according to SANS 54199 with a tension load design value of Rd = 183 kN. Hollow steel bar with 30 mm O.D. and 11 mm I.D. and continuous reinforcing thread complying with SANS 920 made from grade S460NH steel according to EN 10210 (Self-Drilling Anchor) | D12: lump sum | E12: 1 | G12: =IF(OR(D12="%",D12=" &"),IF(F12="","",ROUND(ROUND(F12,3)*E12,2)),IF(F12="","",ROUND(ROUND(F12,2)*E12,2)))
G13: =IF(OR(D13="%",D13=" &"),IF(F13="","",ROUND(ROUND(F13,3)*E13,2)),IF(F13="","",ROUND(ROUND(F13,2)*E13,2)))
A14: C12.2.14 | B14: Move to and set up at each rockbolt, dowel, soil nail or mechanical anchor position | D14: No. | E14: 2625 | G14: =IF(OR(D14="%",D14=" &"),IF(F14="","",ROUND(ROUND(F14,3)*E14,2)),IF(F14="","",ROUND(ROUND(F14,2)*E14,2)))
G15: =IF(OR(D15="%",D15=" &"),IF(F15="","",ROUND(ROUND(F15,3)*E15,2)),IF(F15="","",ROUND(ROUND(F15,2)*E15,2)))
A16: C12.2.15 | B16: Install, grout and protect soil nails or rock bolts | G16: =IF(OR(D16="%",D16=" &"),IF(F16="","",ROUND(ROUND(F16,3)*E16,2)),IF(F16="","",ROUND(ROUND(F16,2)*E16,2)))
G17: =IF(OR(D17="%",D17=" &"),IF(F17="","",ROUND(ROUND(F17,3)*E17,2)),IF(F17="","",ROUND(ROUND(F17,2)*E17,2)))
A18: C12.2.15.1 | B18: Galvanised hot-rolled, high-tensile steel bars with continuous coarse-thread complying with SANS 920, 25 mm dia. with a yield stress greater than 500 MPa | G18: =IF(OR(D18="%",D18=" &"),IF(F18="","",ROUND(ROUND(F18,3)*E18,2)),IF(F18="","",ROUND(ROUND(F18,2)*E18,2)))
G19: =IF(OR(D19="%",D19=" &"),IF(F19="","",ROUND(ROUND(F19,3)*E19,2)),IF(F19="","",ROUND(ROUND(F19,2)*E19,2)))
B20: (a) | C20: 3 m dowel length, anchorage for summit / toe cable to new rockfall netting | G20: =IF(OR(D20="%",D20=" &"),IF(F20="","",ROUND(ROUND(F20,3)*E20,2)),IF(F20="","",ROUND(ROUND(F20,2)*E20,2)))
G21: =IF(OR(D21="%",D21=" &"),IF(F21="","",ROUND(ROUND(F21,3)*E21,2)),IF(F21="","",ROUND(ROUND(F21,2)*E21,2)))
C22: (i) Ouberg Pass - Cut 1 (Zone 1) | D22: No. | E22: 140 | G22: =IF(OR(D22="%",D22=" &"),IF(F22="","",ROUND(ROUND(F22,3)*E22,2)),IF(F22="","",ROUND(ROUND(F22,2)*E22,2)))
G23: =IF(OR(D23="%",D23=" &"),IF(F23="","",ROUND(ROUND(F23,3)*E23,2)),IF(F23="","",ROUND(ROUND(F23,2)*E23,2)))
C24: (ii) Ouberg Pass - Cut 2 (Zone 1) | D24: No. | E24: 130 | G24: =IF(OR(D24="%",D24=" &"),IF(F24="","",ROUND(ROUND(F24,3)*E24,2)),IF(F24="","",ROUND(ROUND(F24,2)*E24,2)))
G25: =IF(OR(D25="%",D25=" &"),IF(F25="","",ROUND(ROUND(F25,3)*E25,2)),IF(F25="","",ROUND(ROUND(F25,2)*E25,2)))
C26: (iii) Ouberg Pass - Cut 3 | D26: No. | E26: 120 | G26: =IF(OR(D26="%",D26=" &"),IF(F26="","",ROUND(ROUND(F26,3)*E26,2)),IF(F26="","",ROUND(ROUND(F26,2)*E26,2)))
G27: =IF(OR(D27="%",D27=" &"),IF(F27="","",ROUND(ROUND(F27,3)*E27,2)),IF(F27="","",ROUND(ROUND(F27,2)*E27,2)))
C28: (iv) Ouberg Pass - Cut 4 | D28: No. | E28: 140 | G28: =IF(OR(D28="%",D28=" &"),IF(F28="","",ROUND(ROUND(F28,3)*E28,2)),IF(F28="","",ROUND(ROUND(F28,2)*E28,2)))
G29: =IF(OR(D29="%",D29=" &"),IF(F29="","",ROUND(ROUND(F29,3)*E29,2)),IF(F29="","",ROUND(ROUND(F29,2)*E29,2)))
B30: (b) | C30: 3 m dowel length, anchorage for new rockfall netting | G30: =IF(OR(D30="%",D30=" &"),IF(F30="","",ROUND(ROUND(F30,3)*E30,2)),IF(F30="","",ROUND(ROUND(F30,2)*E30,2)))
G31: =IF(OR(D31="%",D31=" &"),IF(F31="","",ROUND(ROUND(F31,3)*E31,2)),IF(F31="","",ROUND(ROUND(F31,2)*E31,2)))
C32: (i) Ouberg Pass - Cut 1 (Zone 1) | D32: No. | E32: 475 | G32: =IF(OR(D32="%",D32=" &"),IF(F32="","",ROUND(ROUND(F32,3)*E32,2)),IF(F32="","",ROUND(ROUND(F32,2)*E32,2)))
G33: =IF(OR(D33="%",D33=" &"),IF(F33="","",ROUND(ROUND(F33,3)*E33,2)),IF(F33="","",ROUND(ROUND(F33,2)*E33,2)))
C34: (ii) Ouberg Pass - Cut 2 (Zone 1) | D34: No. | E34: 400 | G34: =IF(OR(D34="%",D34=" &"),IF(F34="","",ROUND(ROUND(F34,3)*E34,2)),IF(F34="","",ROUND(ROUND(F34,2)*E34,2)))
G35: =IF(OR(D35="%",D35=" &"),IF(F35="","",ROUND(ROUND(F35,3)*E35,2)),IF(F35="","",ROUND(ROUND(F35,2)*E35,2)))
C36: (iii) Ouberg Pass - Cut 3 | D36: No. | E36: 380 | G36: =IF(OR(D36="%",D36=" &"),IF(F36="","",ROUND(ROUND(F36,3)*E36,2)),IF(F36="","",ROUND(ROUND(F36,2)*E36,2)))
G37: =IF(OR(D37="%",D37=" &"),IF(F37="","",ROUND(ROUND(F37,3)*E37,2)),IF(F37="","",ROUND(ROUND(F37,2)*E37,2)))
C38: (iv) Ouberg Pass - Cut 4 | D38: No. | E38: 500 | G38: =IF(OR(D38="%",D38=" &"),IF(F38="","",ROUND(ROUND(F38,3)*E38,2)),IF(F38="","",ROUND(ROUND(F38,2)*E38,2)))
G39: =IF(OR(D39="%",D39=" &"),IF(F39="","",ROUND(ROUND(F39,3)*E39,2)),IF(F39="","",ROUND(ROUND(F39,2)*E39,2)))
G40: =IF(OR(D40="%",D40=" &"),IF(F40="","",ROUND(ROUND(F40,3)*E40,2)),IF(F40="","",ROUND(ROUND(F40,2)*E40,2)))
A41: TOTAL CARRIED TO SUMMARY | G41: =SUM(G5:G40) -> 0
G42: =IF(OR(D42="%",D42=" &"),IF(F42="","",ROUND(ROUND(F42,3)*E42,2)),IF(F42="","",ROUND(ROUND(F42,2)*E42,2)))
B43: BROUGHT FORWARD / ……. | G43: =G41 -> 0
G44: =IF(OR(D44="%",D44=" &"),IF(F44="","",ROUND(ROUND(F44,3)*E44,2)),IF(F44="","",ROUND(ROUND(F44,2)*E44,2)))
B45: (c) | C45: Spot rock dowel with 4 m dowel length | D45: No. | E45: 50 | G45: =IF(OR(D45="%",D45=" &"),IF(F45="","",ROUND(ROUND(F45,3)*E45,2)),IF(F45="","",ROUND(ROUND(F45,2)*E45,2)))
G46: =IF(OR(D46="%",D46=" &"),IF(F46="","",ROUND(ROUND(F46,3)*E46,2)),IF(F46="","",ROUND(ROUND(F46,2)*E46,2)))
B47: (d) | C47: Spot rock dowel with 2 m dowel length | D47: No. | E47: 50 | G47: =IF(OR(D47="%",D47=" &"),IF(F47="","",ROUND(ROUND(F47,3)*E47,2)),IF(F47="","",ROUND(ROUND(F47,2)*E47,2)))
G48: =IF(OR(D48="%",D48=" &"),IF(F48="","",ROUND(ROUND(F48,3)*E48,2)),IF(F48="","",ROUND(ROUND(F48,2)*E48,2)))
A49: PC12.2.20 | B49: Install and grout Self-Drilling Anchors | G49: =IF(OR(D49="%",D49=" &"),IF(F49="","",ROUND(ROUND(F49,3)*E49,2)),IF(F49="","",ROUND(ROUND(F49,2)*E49,2)))
G50: =IF(OR(D50="%",D50=" &"),IF(F50="","",ROUND(ROUND(F50,3)*E50,2)),IF(F50="","",ROUND(ROUND(F50,2)*E50,2)))
A51: PC12.2.20.1 | B51: Micro pile according to SANS 54199 with a tension load design value of Rd = 183 kN. Hollow steel bar with 30 mm O.D. and 11 mm I.D. and continuous reinforcing thread complying with SANS 920 made from grade S460NH steel according to EN 10210 (Self-Drilling Anchor) | G51: =IF(OR(D51="%",D51=" &"),IF(F51="","",ROUND(ROUND(F51,3)*E51,2)),IF(F51="","",ROUND(ROUND(F51,2)*E51,2)))
G52: =IF(OR(D52="%",D52=" &"),IF(F52="","",ROUND(ROUND(F52,3)*E52,2)),IF(F52="","",ROUND(ROUND(F52,2)*E52,2)))
B53: (a) | C53: 3 m length | D53: No. | E53: 240 | G53: =IF(OR(D53="%",D53=" &"),IF(F53="","",ROUND(ROUND(F53,3)*E53,2)),IF(F53="","",ROUND(ROUND(F53,2)*E53,2)))
G54: =IF(OR(D54="%",D54=" &"),IF(F54="","",ROUND(ROUND(F54,3)*E54,2)),IF(F54="","",ROUND(ROUND(F54,2)*E54,2)))
G55: =IF(OR(D55="%",D55=" &"),IF(F55="","",ROUND(ROUND(F55,3)*E55,2)),IF(F55="","",ROUND(ROUND(F55,2)*E55,2)))
G56: =IF(OR(D56="%",D56=" &"),IF(F56="","",ROUND(ROUND(F56,3)*E56,2)),IF(F56="","",ROUND(ROUND(F56,2)*E56,2)))
G57: =IF(OR(D57="%",D57=" &"),IF(F57="","",ROUND(ROUND(F57,3)*E57,2)),IF(F57="","",ROUND(ROUND(F57,2)*E57,2)))
G58: =IF(OR(D58="%",D58=" &"),IF(F58="","",ROUND(ROUND(F58,3)*E58,2)),IF(F58="","",ROUND(ROUND(F58,2)*E58,2)))
G59: =IF(OR(D59="%",D59=" &"),IF(F59="","",ROUND(ROUND(F59,3)*E59,2)),IF(F59="","",ROUND(ROUND(F59,2)*E59,2)))
G60: =IF(OR(D60="%",D60=" &"),IF(F60="","",ROUND(ROUND(F60,3)*E60,2)),IF(F60="","",ROUND(ROUND(F60,2)*E60,2)))
G61: =IF(OR(D61="%",D61=" &"),IF(F61="","",ROUND(ROUND(F61,3)*E61,2)),IF(F61="","",ROUND(ROUND(F61,2)*E61,2)))
G62: =IF(OR(D62="%",D62=" &"),IF(F62="","",ROUND(ROUND(F62,3)*E62,2)),IF(F62="","",ROUND(ROUND(F62,2)*E62,2)))
G63: =IF(OR(D63="%",D63=" &"),IF(F63="","",ROUND(ROUND(F63,3)*E63,2)),IF(F63="","",ROUND(ROUND(F63,2)*E63,2)))
G64: =IF(OR(D64="%",D64=" &"),IF(F64="","",ROUND(ROUND(F64,3)*E64,2)),IF(F64="","",ROUND(ROUND(F64,2)*E64,2)))
G65: =IF(OR(D65="%",D65=" &"),IF(F65="","",ROUND(ROUND(F65,3)*E65,2)),IF(F65="","",ROUND(ROUND(F65,2)*E65,2)))
... G89: =IF(OR(D89="%",D89=" &"),IF(F89="","",ROUND(ROUND(F89,3)*E89,2)),IF(F89="","",ROUND(ROUND(F89,2)*E89,2)))
A90: TOTAL CARRIED TO SUMMARY | G90: =SUM(G42:G89) -> 0

Sheet B3_C12.5
A1: SECTION C12.5 | D1: SHOTCRETE
A4: ITEM | B4: DESCRIPTION | D4: UNIT | E4: QTY | F4: RATE | G4: AMOUNT
G5: =IF(OR(D5="%",D5=" &"),IF(F5="","",ROUND(ROUND(F5,3)*E5,2)),IF(F5="","",ROUND(ROUND(F5,2)*E5,2)))
A6: C12.5 | B6: =D1 -> SHOTCRETE | G6: =IF(OR(D6="%",D6=" &"),IF(F6="","",ROUND(ROUND(F6,3)*E6,2)),IF(F6="","",ROUND(ROUND(F6,2)*E6,2)))
G7: =IF(OR(D7="%",D7=" &"),IF(F7="","",ROUND(ROUND(F7,3)*E7,2)),IF(F7="","",ROUND(ROUND(F7,2)*E7,2)))
A8: C12.5.1 | B8: Establishment on site | D8: lump sum | E8: 1 | G8: =IF(OR(D8="%",D8=" &"),IF(F8="","",ROUND(ROUND(F8,3)*E8,2)),IF(F8="","",ROUND(ROUND(F8,2)*E8,2)))
G9: =IF(OR(D9="%",D9=" &"),IF(F9="","",ROUND(ROUND(F9,3)*E9,2)),IF(F9="","",ROUND(ROUND(F9,2)*E9,2)))
A10: C12.5.2 | B10: Surface preparation for shotcreting | D10: m2 | E10: 5500 | G10: =IF(OR(D10="%",D10=" &"),IF(F10="","",ROUND(ROUND(F10,3)*E10,2)),IF(F10="","",ROUND(ROUND(F10,2)*E10,2)))
G11: =IF(OR(D11="%",D11=" &"),IF(F11="","",ROUND(ROUND(F11,3)*E11,2)),IF(F11="","",ROUND(ROUND(F11,2)*E11,2)))
A12: C12.5.3 | B12: Supply and installation of reinforcement: | G12: =IF(OR(D12="%",D12=" &"),IF(F12="","",ROUND(ROUND(F12,3)*E12,2)),IF(F12="","",ROUND(ROUND(F12,2)*E12,2)))
G13: =IF(OR(D13="%",D13=" &"),IF(F13="","",ROUND(ROUND(F13,3)*E13,2)),IF(F13="","",ROUND(ROUND(F13,2)*E13,2)))
A14: C12.5.3.2 | B14: Fibre (polypropylene fibres at 7 kg/m³) | D14: kg | E14: 4250 | G14: =IF(OR(D14="%",D14=" &"),IF(F14="","",ROUND(ROUND(F14,3)*E14,2)),IF(F14="","",ROUND(ROUND(F14,2)*E14,2)))
G15: =IF(OR(D15="%",D15=" &"),IF(F15="","",ROUND(ROUND(F15,3)*E15,2)),IF(F15="","",ROUND(ROUND(F15,2)*E15,2)))
A16: C12.5.4 | B16: Shotcrete (100 mm total thickness): Mudstone/Siltstone | G16: =IF(OR(D16="%",D16=" &"),IF(F16="","",ROUND(ROUND(F16,3)*E16,2)),IF(F16="","",ROUND(ROUND(F16,2)*E16,2)))
G17: =IF(OR(D17="%",D17=" &"),IF(F17="","",ROUND(ROUND(F17,3)*E17,2)),IF(F17="","",ROUND(ROUND(F17,2)*E17,2)))
A18: C12.5.4.1 | B18: Flash / base coat (unreinforced) (50 mm thick) | D18: m2 | E18: 5500 | G18: =IF(OR(D18="%",D18=" &"),IF(F18="","",ROUND(ROUND(F18,3)*E18,2)),IF(F18="","",ROUND(ROUND(F18,2)*E18,2)))
G19: =IF(OR(D19="%",D19=" &"),IF(F19="","",ROUND(ROUND(F19,3)*E19,2)),IF(F19="","",ROUND(ROUND(F19,2)*E19,2)))
A20: C12.5.4.3 | B20: Final coat (50 mm thick, pigment to reflect the surrounding natural rock colour, SU finish) | D20: m2 | E20: 5500 | G20: =IF(OR(D20="%",D20=" &"),IF(F20="","",ROUND(ROUND(F20,3)*E20,2)),IF(F20="","",ROUND(ROUND(F20,2)*E20,2)))
G21: =IF(OR(D21="%",D21=" &"),IF(F21="","",ROUND(ROUND(F21,3)*E21,2)),IF(F21="","",ROUND(ROUND(F21,2)*E21,2)))
A22: C12.5.5 | B22: Removal to spoil of material trimmed from slope | D22: m3-km | E22: 27500 | G22: =IF(OR(D22="%",D22=" &"),IF(F22="","",ROUND(ROUND(F22,3)*E22,2)),IF(F22="","",ROUND(ROUND(F22,2)*E22,2)))
G23: =IF(OR(D23="%",D23=" &"),IF(F23="","",ROUND(ROUND(F23,3)*E23,2)),IF(F23="","",ROUND(ROUND(F23,2)*E23,2)))
A24: C12.5.6 | B24: Edge finishing of shotcrete | D24: m | E24: 2000 | G24: =IF(OR(D24="%",D24=" &"),IF(F24="","",ROUND(ROUND(F24,3)*E24,2)),IF(F24="","",ROUND(ROUND(F24,2)*E24,2)))
G25: =IF(OR(D25="%",D25=" &"),IF(F25="","",ROUND(ROUND(F25,3)*E25,2)),IF(F25="","",ROUND(ROUND(F25,2)*E25,2)))
A26: C12.5.7 | B26: Geopipe collectors and weepholes: | G26: =IF(OR(D26="%",D26=" &"),IF(F26="","",ROUND(ROUND(F26,3)*E26,2)),IF(F26="","",ROUND(ROUND(F26,2)*E26,2)))
G27: =IF(OR(D27="%",D27=" &"),IF(F27="","",ROUND(ROUND(F27,3)*E27,2)),IF(F27="","",ROUND(ROUND(F27,2)*E27,2)))
A28: C12.5.7.1 | B28: 50 mm diameter U-PVC weephole piping (170 mm, extending ±20 mm out of shotcrete) | D28: No. | E28: 1500 | G28: =IF(OR(D28="%",D28=" &"),IF(F28="","",ROUND(ROUND(F28,3)*E28,2)),IF(F28="","",ROUND(ROUND(F28,2)*E28,2)))
G29: =IF(OR(D29="%",D29=" &"),IF(F29="","",ROUND(ROUND(F29,3)*E29,2)),IF(F29="","",ROUND(ROUND(F29,2)*E29,2)))
A30: C12.5.8 | B30: Geocomposite / geosynthetic drain as specified | D30: m | E30: 4500 | G30: =IF(OR(D30="%",D30=" &"),IF(F30="","",ROUND(ROUND(F30,3)*E30,2)),IF(F30="","",ROUND(ROUND(F30,2)*E30,2)))
G31: =IF(OR(D31="%",D31=" &"),IF(F31="","",ROUND(ROUND(F31,3)*E31,2)),IF(F31="","",ROUND(ROUND(F31,2)*E31,2)))
G32: =IF(OR(D32="%",D32=" &"),IF(F32="","",ROUND(ROUND(F32,3)*E32,2)),IF(F32="","",ROUND(ROUND(F32,2)*E32,2)))
G33: =IF(OR(D33="%",D33=" &"),IF(F33="","",ROUND(ROUND(F33,3)*E33,2)),IF(F33="","",ROUND(ROUND(F33,2)*E33,2)))
G34: =IF(OR(D34="%",D34=" &"),IF(F34="","",ROUND(ROUND(F34,3)*E34,2)),IF(F34="","",ROUND(ROUND(F34,2)*E34,2)))
G35: =IF(OR(D35="%",D35=" &"),IF(F35="","",ROUND(ROUND(F35,3)*E35,2)),IF(F35="","",ROUND(ROUND(F35,2)*E35,2)))
G36: =IF(OR(D36="%",D36=" &"),IF(F36="","",ROUND(ROUND(F36,3)*E36,2)),IF(F36="","",ROUND(ROUND(F36,2)*E36,2)))
G37: =IF(OR(D37="%",D37=" &"),IF(F37="","",ROUND(ROUND(F37,3)*E37,2)),IF(F37="","",ROUND(ROUND(F37,2)*E37,2)))
G38: =IF(OR(D38="%",D38=" &"),IF(F38="","",ROUND(ROUND(F38,3)*E38,2)),IF(F38="","",ROUND(ROUND(F38,2)*E38,2)))
G39: =IF(OR(D39="%",D39=" &"),IF(F39="","",ROUND(ROUND(F39,3)*E39,2)),IF(F39="","",ROUND(ROUND(F39,2)*E39,2)))
G40: =IF(OR(D40="%",D40=" &"),IF(F40="","",ROUND(ROUND(F40,3)*E40,2)),IF(F40="","",ROUND(ROUND(F40,2)*E40,2)))
G41: =IF(OR(D41="%",D41=" &"),IF(F41="","",ROUND(ROUND(F41,3)*E41,2)),IF(F41="","",ROUND(ROUND(F41,2)*E41,2)))
G42: =IF(OR(D42="%",D42=" &"),IF(F42="","",ROUND(ROUND(F42,3)*E42,2)),IF(F42="","",ROUND(ROUND(F42,2)*E42,2)))
... G54: =IF(OR(D54="%",D54=" &"),IF(F54="","",ROUND(ROUND(F54,3)*E54,2)),IF(F54="","",ROUND(ROUND(F54,2)*E54,2)))
A55: TOTAL CARRIED TO SUMMARY | G55: =SUM(G5:G54) -> 0

Sheet B3_C12.9
A1: SECTION C12.9 | D1: SLOPE PROTECTION MEASURES
A4: ITEM | B4: DESCRIPTION | D4: UNIT | E4: QTY | F4: RATE | G4: AMOUNT
G5: =IF(OR(D5="%",D5=" &"),IF(F5="","",ROUND(ROUND(F5,3)*E5,2)),IF(F5="","",ROUND(ROUND(F5,2)*E5,2)))
A6: C12.9 | B6: =D1 -> SLOPE PROTECTION MEASURES | G6: =IF(OR(D6="%",D6=" &"),IF(F6="","",ROUND(ROUND(F6,3)*E6,2)),IF(F6="","",ROUND(ROUND(F6,2)*E6,2)))
G7: =IF(OR(D7="%",D7=" &"),IF(F7="","",ROUND(ROUND(F7,3)*E7,2)),IF(F7="","",ROUND(ROUND(F7,2)*E7,2)))
A8: C12.9.1 | B8: Barring down of rock surfaces within vertical height intervals | G8: =IF(OR(D8="%",D8=" &"),IF(F8="","",ROUND(ROUND(F8,3)*E8,2)),IF(F8="","",ROUND(ROUND(F8,2)*E8,2)))
G9: =IF(OR(D9="%",D9=" &"),IF(F9="","",ROUND(ROUND(F9,3)*E9,2)),IF(F9="","",ROUND(ROUND(F9,2)*E9,2)))
A10: C12.9.1.1 | B10: Ouberg Pass - Cut 1 (Zone 1) | G10: =IF(OR(D10="%",D10=" &"),IF(F10="","",ROUND(ROUND(F10,3)*E10,2)),IF(F10="","",ROUND(ROUND(F10,2)*E10,2)))
G11: =IF(OR(D11="%",D11=" &"),IF(F11="","",ROUND(ROUND(F11,3)*E11,2)),IF(F11="","",ROUND(ROUND(F11,2)*E11,2)))
B12: (a) | C12: Not exceeding 2 m above toe level | D12: m2 | E12: 500 | G12: =IF(OR(D12="%",D12=" &"),IF(F12="","",ROUND(ROUND(F12,3)*E12,2)),IF(F12="","",ROUND(ROUND(F12,2)*E12,2)))
G13: =IF(OR(D13="%",D13=" &"),IF(F13="","",ROUND(ROUND(F13,3)*E13,2)),IF(F13="","",ROUND(ROUND(F13,2)*E13,2)))
B14: (b) | C14: Exceeding 2 m but not exceeding 5 m above toe level | D14: m2 | E14: 700 | G14: =IF(OR(D14="%",D14=" &"),IF(F14="","",ROUND(ROUND(F14,3)*E14,2)),IF(F14="","",ROUND(ROUND(F14,2)*E14,2)))
G15: =IF(OR(D15="%",D15=" &"),IF(F15="","",ROUND(ROUND(F15,3)*E15,2)),IF(F15="","",ROUND(ROUND(F15,2)*E15,2)))
B16: (c) | C16: Exceeding 5 m above toe level | D16: m2 | E16: 2000 | G16: =IF(OR(D16="%",D16=" &"),IF(F16="","",ROUND(ROUND(F16,3)*E16,2)),IF(F16="","",ROUND(ROUND(F16,2)*E16,2)))
G17: =IF(OR(D17="%",D17=" &"),IF(F17="","",ROUND(ROUND(F17,3)*E17,2)),IF(F17="","",ROUND(ROUND(F17,2)*E17,2)))
A18: C12.9.1.2 | B18: Ouberg Pass - Cut 2 (Zone 1) | G18: =IF(OR(D18="%",D18=" &"),IF(F18="","",ROUND(ROUND(F18,3)*E18,2)),IF(F18="","",ROUND(ROUND(F18,2)*E18,2)))
G19: =IF(OR(D19="%",D19=" &"),IF(F19="","",ROUND(ROUND(F19,3)*E19,2)),IF(F19="","",ROUND(ROUND(F19,2)*E19,2)))
B20: (a) | C20: Not exceeding 2 m above toe level | D20: m2 | E20: 500 | G20: =IF(OR(D20="%",D20=" &"),IF(F20="","",ROUND(ROUND(F20,3)*E20,2)),IF(F20="","",ROUND(ROUND(F20,2)*E20,2)))
G21: =IF(OR(D21="%",D21=" &"),IF(F21="","",ROUND(ROUND(F21,3)*E21,2)),IF(F21="","",ROUND(ROUND(F21,2)*E21,2)))
B22: (b) | C22: Exceeding 2 m but not exceeding 5 m above toe level | D22: m2 | E22: 500 | G22: =IF(OR(D22="%",D22=" &"),IF(F22="","",ROUND(ROUND(F22,3)*E22,2)),IF(F22="","",ROUND(ROUND(F22,2)*E22,2)))
G23: =IF(OR(D23="%",D23=" &"),IF(F23="","",ROUND(ROUND(F23,3)*E23,2)),IF(F23="","",ROUND(ROUND(F23,2)*E23,2)))
B24: (c) | C24: Exceeding 5 m above toe level | D24: m2 | E24: 500 | G24: =IF(OR(D24="%",D24=" &"),IF(F24="","",ROUND(ROUND(F24,3)*E24,2)),IF(F24="","",ROUND(ROUND(F24,2)*E24,2)))
G25: =IF(OR(D25="%",D25=" &"),IF(F25="","",ROUND(ROUND(F25,3)*E25,2)),IF(F25="","",ROUND(ROUND(F25,2)*E25,2)))
A26: C12.9.1.3 | B26: Ouberg Pass - Cut 3 | G26: =IF(OR(D26="%",D26=" &"),IF(F26="","",ROUND(ROUND(F26,3)*E26,2)),IF(F26="","",ROUND(ROUND(F26,2)*E26,2)))
G27: =IF(OR(D27="%",D27=" &"),IF(F27="","",ROUND(ROUND(F27,3)*E27,2)),IF(F27="","",ROUND(ROUND(F27,2)*E27,2)))
B28: (a) | C28: Not exceeding 2 m above toe level | D28: m2 | E28: 250 | G28: =IF(OR(D28="%",D28=" &"),IF(F28="","",ROUND(ROUND(F28,3)*E28,2)),IF(F28="","",ROUND(ROUND(F28,2)*E28,2)))
G29: =IF(OR(D29="%",D29=" &"),IF(F29="","",ROUND(ROUND(F29,3)*E29,2)),IF(F29="","",ROUND(ROUND(F29,2)*E29,2)))
B30: (b) | C30: Exceeding 2 m but not exceeding 5 m above toe level | D30: m2 | E30: 400 | G30: =IF(OR(D30="%",D30=" &"),IF(F30="","",ROUND(ROUND(F30,3)*E30,2)),IF(F30="","",ROUND(ROUND(F30,2)*E30,2)))
G31: =IF(OR(D31="%",D31=" &"),IF(F31="","",ROUND(ROUND(F31,3)*E31,2)),IF(F31="","",ROUND(ROUND(F31,2)*E31,2)))
B32: (c) | C32: Exceeding 5 m above toe level | D32: m2 | E32: 2700 | G32: =IF(OR(D32="%",D32=" &"),IF(F32="","",ROUND(ROUND(F32,3)*E32,2)),IF(F32="","",ROUND(ROUND(F32,2)*E32,2)))
G33: =IF(OR(D33="%",D33=" &"),IF(F33="","",ROUND(ROUND(F33,3)*E33,2)),IF(F33="","",ROUND(ROUND(F33,2)*E33,2)))
A34: C12.9.1.4 | B34: Ouberg Pass - Cut 4 | G34: =IF(OR(D34="%",D34=" &"),IF(F34="","",ROUND(ROUND(F34,3)*E34,2)),IF(F34="","",ROUND(ROUND(F34,2)*E34,2)))
G35: =IF(OR(D35="%",D35=" &"),IF(F35="","",ROUND(ROUND(F35,3)*E35,2)),IF(F35="","",ROUND(ROUND(F35,2)*E35,2)))
B36: (a) | C36: Not exceeding 2 m above toe level | D36: m2 | E36: 350 | G36: =IF(OR(D36="%",D36=" &"),IF(F36="","",ROUND(ROUND(F36,3)*E36,2)),IF(F36="","",ROUND(ROUND(F36,2)*E36,2)))
G37: =IF(OR(D37="%",D37=" &"),IF(F37="","",ROUND(ROUND(F37,3)*E37,2)),IF(F37="","",ROUND(ROUND(F37,2)*E37,2)))
B38: (b) | C38: Exceeding 2 m but not exceeding 5 m above toe level | D38: m2 | E38: 500 | G38: =IF(OR(D38="%",D38=" &"),IF(F38="","",ROUND(ROUND(F38,3)*E38,2)),IF(F38="","",ROUND(ROUND(F38,2)*E38,2)))
G39: =IF(OR(D39="%",D39=" &"),IF(F39="","",ROUND(ROUND(F39,3)*E39,2)),IF(F39="","",ROUND(ROUND(F39,2)*E39,2)))
B40: (c) | C40: Exceeding 5 m above toe level | D40: m2 | E40: 1500 | G40: =IF(OR(D40="%",D40=" &"),IF(F40="","",ROUND(ROUND(F40,3)*E40,2)),IF(F40="","",ROUND(ROUND(F40,2)*E40,2)))
G41: =IF(OR(D41="%",D41=" &"),IF(F41="","",ROUND(ROUND(F41,3)*E41,2)),IF(F41="","",ROUND(ROUND(F41,2)*E41,2)))
A42: C12.9.2 | B42: Cleaning of rock surfaces by high pressure air and water jetting equipment within the vertical height intervals | G42: =IF(OR(D42="%",D42=" &"),IF(F42="","",ROUND(ROUND(F42,3)*E42,2)),IF(F42="","",ROUND(ROUND(F42,2)*E42,2)))
G43: =IF(OR(D43="%",D43=" &"),IF(F43="","",ROUND(ROUND(F43,3)*E43,2)),IF(F43="","",ROUND(ROUND(F43,2)*E43,2)))
A44: C12.9.2.1 | B44: Ouberg Pass - Cut 1 (Zone 1)
B46: (a) | C46: Not exceeding 2 m above toe level | D46: m2 | E46: 500 | G46: =IF(OR(D46="%",D46=" &"),IF(F46="","",ROUND(ROUND(F46,3)*E46,2)),IF(F46="","",ROUND(ROUND(F46,2)*E46,2)))
G47: =IF(OR(D47="%",D47=" &"),IF(F47="","",ROUND(ROUND(F47,3)*E47,2)),IF(F47="","",ROUND(ROUND(F47,2)*E47,2)))
B48: (b) | C48: Exceeding 2 m but not exceeding 5 m above toe level | D48: m2 | E48: 700 | G48: =IF(OR(D48="%",D48=" &"),IF(F48="","",ROUND(ROUND(F48,3)*E48,2)),IF(F48="","",ROUND(ROUND(F48,2)*E48,2)))
G49: =IF(OR(D49="%",D49=" &"),IF(F49="","",ROUND(ROUND(F49,3)*E49,2)),IF(F49="","",ROUND(ROUND(F49,2)*E49,2)))
B50: (c) | C50: Exceeding 5 m above toe level | D50: m2 | E50: 2000 | G50: =IF(OR(D50="%",D50=" &"),IF(F50="","",ROUND(ROUND(F50,3)*E50,2)),IF(F50="","",ROUND(ROUND(F50,2)*E50,2)))
G51: =IF(OR(D51="%",D51=" &"),IF(F51="","",ROUND(ROUND(F51,3)*E51,2)),IF(F51="","",ROUND(ROUND(F51,2)*E51,2)))
G55: =IF(OR(D55="%",D55=" &"),IF(F55="","",ROUND(ROUND(F55,3)*E55,2)),IF(F55="","",ROUND(ROUND(F55,2)*E55,2)))
G56: =IF(OR(D56="%",D56=" &"),IF(F56="","",ROUND(ROUND(F56,3)*E56,2)),IF(F56="","",ROUND(ROUND(F56,2)*E56,2)))
A57: CARRIED FORWARD / ……. | G57: =SUM(G5:G56) -> 0
G58: =IF(OR(D58="%",D58=" &"),IF(F58="","",ROUND(ROUND(F58,3)*E58,2)),IF(F58="","",ROUND(ROUND(F58,2)*E58,2)))
B59: BROUGHT FORWARD / ……. | G59: =G57 -> 0
G60: =IF(OR(D60="%",D60=" &"),IF(F60="","",ROUND(ROUND(F60,3)*E60,2)),IF(F60="","",ROUND(ROUND(F60,2)*E60,2)))
A61: C12.9.2.2 | B61: Ouberg Pass - Cut 2 (Zone 1) | G61: =IF(OR(D61="%",D61=" &"),IF(F61="","",ROUND(ROUND(F61,3)*E61,2)),IF(F61="","",ROUND(ROUND(F61,2)*E61,2)))
G62: =IF(OR(D62="%",D62=" &"),IF(F62="","",ROUND(ROUND(F62,3)*E62,2)),IF(F62="","",ROUND(ROUND(F62,2)*E62,2)))
B63: (a) | C63: Not exceeding 2 m above toe level | D63: m2 | E63: 500 | G63: =IF(OR(D63="%",D63=" &"),IF(F63="","",ROUND(ROUND(F63,3)*E63,2)),IF(F63="","",ROUND(ROUND(F63,2)*E63,2)))
G64: =IF(OR(D64="%",D64=" &"),IF(F64="","",ROUND(ROUND(F64,3)*E64,2)),IF(F64="","",ROUND(ROUND(F64,2)*E64,2)))
B65: (b) | C65: Exceeding 2 m but not exceeding 5 m above toe level | D65: m2 | E65: 750 | G65: =IF(OR(D65="%",D65=" &"),IF(F65="","",ROUND(ROUND(F65,3)*E65,2)),IF(F65="","",ROUND(ROUND(F65,2)*E65,2)))
G66: =IF(OR(D66="%",D66=" &"),IF(F66="","",ROUND(ROUND(F66,3)*E66,2)),IF(F66="","",ROUND(ROUND(F66,2)*E66,2)))
B67: (c) | C67: Exceeding 5 m above toe level | D67: m2 | E67: 1550 | G67: =IF(OR(D67="%",D67=" &"),IF(F67="","",ROUND(ROUND(F67,3)*E67,2)),IF(F67="","",ROUND(ROUND(F67,2)*E67,2)))
G68: =IF(OR(D68="%",D68=" &"),IF(F68="","",ROUND(ROUND(F68,3)*E68,2)),IF(F68="","",ROUND(ROUND(F68,2)*E68,2)))
A69: C12.9.2.3 | B69: Ouberg Pass - Cut 3 | G69: =IF(OR(D69="%",D69=" &"),IF(F69="","",ROUND(ROUND(F69,3)*E69,2)),IF(F69="","",ROUND(ROUND(F69,2)*E69,2)))
G70: =IF(OR(D70="%",D70=" &"),IF(F70="","",ROUND(ROUND(F70,3)*E70,2)),IF(F70="","",ROUND(ROUND(F70,2)*E70,2)))
B71: (a) | C71: Not exceeding 2 m above toe level | D71: m2 | E71: 250 | G71: =IF(OR(D71="%",D71=" &"),IF(F71="","",ROUND(ROUND(F71,3)*E71,2)),IF(F71="","",ROUND(ROUND(F71,2)*E71,2)))
G72: =IF(OR(D72="%",D72=" &"),IF(F72="","",ROUND(ROUND(F72,3)*E72,2)),IF(F72="","",ROUND(ROUND(F72,2)*E72,2)))
B73: (b) | C73: Exceeding 2 m but not exceeding 5 m above toe level | D73: m2 | E73: 400 | G73: =IF(OR(D73="%",D73=" &"),IF(F73="","",ROUND(ROUND(F73,3)*E73,2)),IF(F73="","",ROUND(ROUND(F73,2)*E73,2)))
G74: =IF(OR(D74="%",D74=" &"),IF(F74="","",ROUND(ROUND(F74,3)*E74,2)),IF(F74="","",ROUND(ROUND(F74,2)*E74,2)))
B75: (c) | C75: Exceeding 5 m above toe level | D75: m2 | E75: 2700 | G75: =IF(OR(D75="%",D75=" &"),IF(F75="","",ROUND(ROUND(F75,3)*E75,2)),IF(F75="","",ROUND(ROUND(F75,2)*E75,2)))
G76: =IF(OR(D76="%",D76=" &"),IF(F76="","",ROUND(ROUND(F76,3)*E76,2)),IF(F76="","",ROUND(ROUND(F76,2)*E76,2)))
A77: C12.9.2.4 | B77: Ouberg Pass - Cut 4 | G77: =IF(OR(D77="%",D77=" &"),IF(F77="","",ROUND(ROUND(F77,3)*E77,2)),IF(F77="","",ROUND(ROUND(F77,2)*E77,2)))
G78: =IF(OR(D78="%",D78=" &"),IF(F78="","",ROUND(ROUND(F78,3)*E78,2)),IF(F78="","",ROUND(ROUND(F78,2)*E78,2)))
B79: (a) | C79: Not exceeding 2 m above toe level | D79: m2 | E79: 350 | G79: =IF(OR(D79="%",D79=" &"),IF(F79="","",ROUND(ROUND(F79,3)*E79,2)),IF(F79="","",ROUND(ROUND(F79,2)*E79,2)))
G80: =IF(OR(D80="%",D80=" &"),IF(F80="","",ROUND(ROUND(F80,3)*E80,2)),IF(F80="","",ROUND(ROUND(F80,2)*E80,2)))
B81: (b) | C81: Exceeding 2 m but not exceeding 5 m above toe level | D81: m2 | E81: 500 | G81: =IF(OR(D81="%",D81=" &"),IF(F81="","",ROUND(ROUND(F81,3)*E81,2)),IF(F81="","",ROUND(ROUND(F81,2)*E81,2)))
G82: =IF(OR(D82="%",D82=" &"),IF(F82="","",ROUND(ROUND(F82,3)*E82,2)),IF(F82="","",ROUND(ROUND(F82,2)*E82,2)))
B83: (c) | C83: Exceeding 5 m above toe level | D83: m2 | E83: 1500 | G83: =IF(OR(D83="%",D83=" &"),IF(F83="","",ROUND(ROUND(F83,3)*E83,2)),IF(F83="","",ROUND(ROUND(F83,2)*E83,2)))
G84: =IF(OR(D84="%",D84=" &"),IF(F84="","",ROUND(ROUND(F84,3)*E84,2)),IF(F84="","",ROUND(ROUND(F84,2)*E84,2)))
A85: PC12.9.13 | B85: Demolition and removal of rock boulders through non-explosive chemical methods | D85: m3 | E85: 100 | G85: =IF(OR(D85="%",D85=" &"),IF(F85="","",ROUND(ROUND(F85,3)*E85,2)),IF(F85="","",ROUND(ROUND(F85,2)*E85,2)))
G86: =IF(OR(D86="%",D86=" &"),IF(F86="","",ROUND(ROUND(F86,3)*E86,2)),IF(F86="","",ROUND(ROUND(F86,2)*E86,2)))
A87: C12.9.3 | B87: Disposal of barred down and accumulated debris | D87: m3-km | E87: 132500 | G87: =IF(OR(D87="%",D87=" &"),IF(F87="","",ROUND(ROUND(F87,3)*E87,2)),IF(F87="","",ROUND(ROUND(F87,2)*E87,2)))
G88: =IF(OR(D88="%",D88=" &"),IF(F88="","",ROUND(ROUND(F88,3)*E88,2)),IF(F88="","",ROUND(ROUND(F88,2)*E88,2)))
A89: C12.9.4 | B89: Supply and install wire mesh rockfall netting | G89: =IF(OR(D89="%",D89=" &"),IF(F89="","",ROUND(ROUND(F89,3)*E89,2)),IF(F89="","",ROUND(ROUND(F89,2)*E89,2)))
G90: =IF(OR(D90="%",D90=" &"),IF(F90="","",ROUND(ROUND(F90,3)*E90,2)),IF(F90="","",ROUND(ROUND(F90,2)*E90,2)))
A91: C12.9.4.1 | B91: Mesh revetment system with rhomboid high-tensile netting weave pattern (80 mm and 130 mm minimum aperture dimension) with a minimum static tensile strength of 250 kN/m using minimum 4.0 mm dia. Wire with a minimum tensile strength of 1750 MPa (95% Zn / 5% Al - min. 150 g/m2) within vertical height intervals:
A93: C12.9.4.1.1 | B93: Ouberg Pass - Cut 1 (Zone 1)
B95: (b) | C95: Exceeding 2 m but not exceeding 5 m above toe level | D95: m2 | E95: 800 | G95: =IF(OR(D95="%",D95=" &"),IF(F95="","",ROUND(ROUND(F95,3)*E95,2)),IF(F95="","",ROUND(ROUND(F95,2)*E95,2)))
G96: =IF(OR(D96="%",D96=" &"),IF(F96="","",ROUND(ROUND(F96,3)*E96,2)),IF(F96="","",ROUND(ROUND(F96,2)*E96,2)))
B97: (c) | C97: Exceeding 5 m above toe level | D97: m2 | E97: 2350 | G97: =IF(OR(D97="%",D97=" &"),IF(F97="","",ROUND(ROUND(F97,3)*E97,2)),IF(F97="","",ROUND(ROUND(F97,2)*E97,2)))
G98: =IF(OR(D98="%",D98=" &"),IF(F98="","",ROUND(ROUND(F98,3)*E98,2)),IF(F98="","",ROUND(ROUND(F98,2)*E98,2)))
A99: C12.9.4.1.2 | B99: Ouberg Pass - Cut 2 (Zone 1) | G99: =IF(OR(D99="%",D99=" &"),IF(F99="","",ROUND(ROUND(F99,3)*E99,2)),IF(F99="","",ROUND(ROUND(F99,2)*E99,2)))
G100: =IF(OR(D100="%",D100=" &"),IF(F100="","",ROUND(ROUND(F100,3)*E100,2)),IF(F100="","",ROUND(ROUND(F100,2)*E100,2)))
B101: (b) | C101: Exceeding 2 m but not exceeding 5 m above toe level | D101: m2 | E101: 700 | G101: =IF(OR(D101="%",D101=" &"),IF(F101="","",ROUND(ROUND(F101,3)*E101,2)),IF(F101="","",ROUND(ROUND(F101,2)*E101,2)))
G102: =IF(OR(D102="%",D102=" &"),IF(F102="","",ROUND(ROUND(F102,3)*E102,2)),IF(F102="","",ROUND(ROUND(F102,2)*E102,2)))
B103: (c) | C103: Exceeding 5 m above toe level | D103: m2 | E103: 2100 | G103: =IF(OR(D103="%",D103=" &"),IF(F103="","",ROUND(ROUND(F103,3)*E103,2)),IF(F103="","",ROUND(ROUND(F103,2)*E103,2)))
G104: =IF(OR(D104="%",D104=" &"),IF(F104="","",ROUND(ROUND(F104,3)*E104,2)),IF(F104="","",ROUND(ROUND(F104,2)*E104,2)))
A105: CARRIED FORWARD / ……. | G105: =SUM(G58:G104) -> 0
G106: =IF(OR(D106="%",D106=" &"),IF(F106="","",ROUND(ROUND(F106,3)*E106,2)),IF(F106="","",ROUND(ROUND(F106,2)*E106,2)))
B107: BROUGHT FORWARD / ……. | G107: =G105 -> 0
G108: =IF(OR(D108="%",D108=" &"),IF(F108="","",ROUND(ROUND(F108,3)*E108,2)),IF(F108="","",ROUND(ROUND(F108,2)*E108,2)))
...

Sheet D1000
A1: SECTION D1000 | E1: STAKEHOLDER AND COMMUNITY LIAISON, AND TARGETED LABOUR AND TARGETED ENTERPRISES UTILISATION AND DEVELOPMENT
A4: ITEM | B4: DESCRIPTION | E4: UNIT | F4: QUANTITY | G4: RATE | H4: AMOUNT
H5: =IF(OR(E5="%",E5=" &"),IF(G5="","",ROUND(ROUND(G5,3)*F5,2)),IF(G5="","",ROUND(ROUND(G5,2)*F5,2)))
A6: D1000 | B6: =E1 -> STAKEHOLDER AND COMMUNITY LIAISON, AND TARGETED LABOUR AND TARGETED ENTERPRISES UTILISATION AND DEVELOPMENT | H6: =IF(OR(E6="%",E6=" &"),IF(G6="","",ROUND(ROUND(G6,3)*F6,2)),IF(G6="","",ROUND(ROUND(G6,2)*F6,2)))
A8: D10.01 | B8: Target group participation | H8: =IF(OR(E8="%",E8=" &"),IF(G8="","",ROUND(ROUND(G8,3)*F8,2)),IF(G8="","",ROUND(ROUND(G8,2)*F8,2)))
H9: =IF(OR(E9="%",E9=" &"),IF(G9="","",ROUND(ROUND(G9,3)*F9,2)),IF(G9="","",ROUND(ROUND(G9,2)*F9,2)))
B10: (a) | C10: Contractor participation performance bonus | E10: PC Sum | F10: 1 | G10: 1850000 | H10: =IF(OR(E10="%",E10=" &"),IF(G10="","",ROUND(ROUND(G10,3)*F10,2)),IF(G10="","",ROUND(ROUND(G10,2)*F10,2))) -> 1850000
H11: =IF(OR(E11="%",E11=" &"),IF(G11="","",ROUND(ROUND(G11,3)*F11,2)),IF(G11="","",ROUND(ROUND(G11,2)*F11,2)))
A12: D10.02 | B12: Stakeholder and community liaison and social facilitation | H12: =IF(OR(E12="%",E12=" &"),IF(G12="","",ROUND(ROUND(G12,3)*F12,2)),IF(G12="","",ROUND(ROUND(G12,2)*F12,2)))
H13: =IF(OR(E13="%",E13=" &"),IF(G13="","",ROUND(ROUND(G13,3)*F13,2)),IF(G13="","",ROUND(ROUND(G13,2)*F13,2)))
B14: (a) | C14: Cost of liaison, social facilitation and PLC support | E14: PC Sum | F14: 1 | G14: 1000000 | H14: =IF(OR(E14="%",E14=" &"),IF(G14="","",ROUND(ROUND(G14,3)*F14,2)),IF(G14="","",ROUND(ROUND(G14,2)*F14,2))) -> 1000000
H15: =IF(OR(E15="%",E15=" &"),IF(G15="","",ROUND(ROUND(G15,3)*F15,2)),IF(G15="","",ROUND(ROUND(G15,2)*F15,2)))
B16: (b) | C16: Handling cost and profit in respect of sub-item D10.02(a) | E16: % | F16: 1000000 | H16: =IF(OR(E16="%",E16=" &"),IF(G16="","",ROUND(ROUND(G16,3)*F16,2)),IF(G16="","",ROUND(ROUND(G16,2)*F16,2)))
H17: =IF(OR(E17="%",E17=" &"),IF(G17="","",ROUND(ROUND(G17,3)*F17,2)),IF(G17="","",ROUND(ROUND(G17,2)*F17,2)))
A18: D10.03 | B18: Tender process for Targeted Enterprises | H18: =IF(OR(E18="%",E18=" &"),IF(G18="","",ROUND(ROUND(G18,3)*F18,2)),IF(G18="","",ROUND(ROUND(G18,2)*F18,2)))
H19: =IF(OR(E19="%",E19=" &"),IF(G19="","",ROUND(ROUND(G19,3)*F19,2)),IF(G19="","",ROUND(ROUND(G19,2)*F19,2)))
B20: (a) | C20: Contractor's charge for the management and execution of the Targeted Enterprise procurement process: | H20: =IF(OR(E20="%",E20=" &"),IF(G20="","",ROUND(ROUND(G20,3)*F20,2)),IF(G20="","",ROUND(ROUND(G20,2)*F20,2)))
H21: =IF(OR(E21="%",E21=" &"),IF(G21="","",ROUND(ROUND(G21,3)*F21,2)),IF(G21="","",ROUND(ROUND(G21,2)*F21,2)))
C22: (i) | D22: Procurement process for the totality of all tenders concluded for the appointment of Targeted Enterprise subcontractors of CIDB 1 and 2 contractor grading | E22: No. | F22: 15 | H22: =IF(OR(E22="%",E22=" &"),IF(G22="","",ROUND(ROUND(G22,3)*F22,2)),IF(G22="","",ROUND(ROUND(G22,2)*F22,2)))
H23: =IF(OR(E23="%",E23=" &"),IF(G23="","",ROUND(ROUND(G23,3)*F23,2)),IF(G23="","",ROUND(ROUND(G23,2)*F23,2)))
C24: (ii) | D24: Procurement process for the totality of all tenders concluded for the appointment of Targeted Enterprise subcontractors of CIDB 3 and 4 contractor grading | E24: No. | F24: 15 | H24: =IF(OR(E24="%",E24=" &"),IF(G24="","",ROUND(ROUND(G24,3)*F24,2)),IF(G24="","",ROUND(ROUND(G24,2)*F24,2)))
H25: =IF(OR(E25="%",E25=" &"),IF(G25="","",ROUND(ROUND(G25,3)*F25,2)),IF(G25="","",ROUND(ROUND(G25,2)*F25,2)))
C26: (iv) | D26: Procurement process for the totality of all tenders concluded for the appointment of Targeted Enterprise suppliers | E26: No. | F26: 15 | H26: =IF(OR(E26="%",E26=" &"),IF(G26="","",ROUND(ROUND(G26,3)*F26,2)),IF(G26="","",ROUND(ROUND(G26,2)*F26,2)))
H27: =IF(OR(E27="%",E27=" &"),IF(G27="","",ROUND(ROUND(G27,3)*F27,2)),IF(G27="","",ROUND(ROUND(G27,2)*F27,2)))
B28: (b) | C28: Target Enterprise Procurement Coordinator | E28: month | F28: 24 | H28: =IF(OR(E28="%",E28=" &"),IF(G28="","",ROUND(ROUND(G28,3)*F28,2)),IF(G28="","",ROUND(ROUND(G28,2)*F28,2)))
H29: =IF(OR(E29="%",E29=" &"),IF(G29="","",ROUND(ROUND(G29,3)*F29,2)),IF(G29="","",ROUND(ROUND(G29,2)*F29,2)))
A30: D10.04 | B30: Responsibility of the Contractor towards Targeted Enterprises | H30: =IF(OR(E30="%",E30=" &"),IF(G30="","",ROUND(ROUND(G30,3)*F30,2)),IF(G30="","",ROUND(ROUND(G30,2)*F30,2)))
H31: =IF(OR(E31="%",E31=" &"),IF(G31="","",ROUND(ROUND(G31,3)*F31,2)),IF(G31="","",ROUND(ROUND(G31,2)*F31,2)))
B32: (a) | C32: Contractor's establishment, management, management support, assistance, coaching, guidance, mentoring and supervision of Targeted Enterprises | E32: month | F32: 24 | H32: =IF(OR(E32="%",E32=" &"),IF(G32="","",ROUND(ROUND(G32,3)*F32,2)),IF(G32="","",ROUND(ROUND(G32,2)*F32,2)))
H33: =IF(OR(E33="%",E33=" &"),IF(G33="","",ROUND(ROUND(G33,3)*F33,2)),IF(G33="","",ROUND(ROUND(G33,2)*F33,2)))
B34: (b) | C34: Targeted Enterprise Construction Manager | E34: person.month | F34: 24 | H34: =IF(OR(E34="%",E34=" &"),IF(G34="","",ROUND(ROUND(G34,3)*F34,2)),IF(G34="","",ROUND(ROUND(G34,2)*F34,2)))
H35: =IF(OR(E35="%",E35=" &"),IF(G35="","",ROUND(ROUND(G35,3)*F35,2)),IF(G35="","",ROUND(ROUND(G35,2)*F35,2)))
B36: (c) | C36: Targeted Enterprise Site Supervisors | E36: person.month | F36: 48 | H36: =IF(OR(E36="%",E36=" &"),IF(G36="","",ROUND(ROUND(G36,3)*F36,2)),IF(G36="","",ROUND(ROUND(G36,2)*F36,2)))
H37: =IF(OR(E37="%",E37=" &"),IF(G37="","",ROUND(ROUND(G37,3)*F37,2)),IF(G37="","",ROUND(ROUND(G37,2)*F37,2)))
H38: =IF(OR(E38="%",E38=" &"),IF(G38="","",ROUND(ROUND(G38,3)*F38,2)),IF(G38="","",ROUND(ROUND(G38,2)*F38,2)))
H39: =IF(OR(E39="%",E39=" &"),IF(G39="","",ROUND(ROUND(G39,3)*F39,2)),IF(G39="","",ROUND(ROUND(G39,2)*F39,2)))
H40: =IF(OR(E40="%",E40=" &"),IF(G40="","",ROUND(ROUND(G40,3)*F40,2)),IF(G40="","",ROUND(ROUND(G40,2)*F40,2)))
H41: =IF(OR(E41="%",E41=" &"),IF(G41="","",ROUND(ROUND(G41,3)*F41,2)),IF(G41="","",ROUND(ROUND(G41,2)*F41,2)))
H42: =IF(OR(E42="%",E42=" &"),IF(G42="","",ROUND(ROUND(G42,3)*F42,2)),IF(G42="","",ROUND(ROUND(G42,2)*F42,2)))
H43: =IF(OR(E43="%",E43=" &"),IF(G43="","",ROUND(ROUND(G43,3)*F43,2)),IF(G43="","",ROUND(ROUND(G43,2)*F43,2)))
H44: =IF(OR(E44="%",E44=" &"),IF(G44="","",ROUND(ROUND(G44,3)*F44,2)),IF(G44="","",ROUND(ROUND(G44,2)*F44,2)))
A45: CARRIED FORWARD / ……. | H45: =SUM(H5:H44) -> 2850000
H46: =IF(OR(E46="%",E46=" &"),IF(G46="","",ROUND(ROUND(G46,3)*F46,2)),IF(G46="","",ROUND(ROUND(G46,2)*F46,2)))
B47: BROUGHT FORWARD / ……. | H47: =H45 -> 2850000
H48: =IF(OR(E48="%",E48=" &"),IF(G48="","",ROUND(ROUND(G48,3)*F48,2)),IF(G48="","",ROUND(ROUND(G48,2)*F48,2)))
A49: D10.05 | B49: Construction works by Targeted Enterprises | H49: =IF(OR(E49="%",E49=" &"),IF(G49="","",ROUND(ROUND(G49,3)*F49,2)),IF(G49="","",ROUND(ROUND(G49,2)*F49,2)))
H50: =IF(OR(E50="%",E50=" &"),IF(G50="","",ROUND(ROUND(G50,3)*F50,2)),IF(G50="","",ROUND(ROUND(G50,2)*F50,2)))
B51: (a) | C51: Payment associated with the construction works carried out by Targeted Enterprise subcontractors of CIDB 1 and 2 contractor grading designation appointed in terms of Section D | E51: Prov.Sum | F51: 1 | G51: 10000000 | H51: =IF(OR(E51="%",E51=" &"),IF(G51="","",ROUND(ROUND(G51,3)*F51,2)),IF(G51="","",ROUND(ROUND(G51,2)*F51,2))) -> 10000000
H52: =IF(OR(E52="%",E52=" &"),IF(G52="","",ROUND(ROUND(G52,3)*F52,2)),IF(G52="","",ROUND(ROUND(G52,2)*F52,2)))
B53: (b) | C53: Handling costs and profit in respect of payment associated with sub-item D10.05(a) | E53: % | F53: 10000000 | H53: =IF(OR(E53="%",E53=" &"),IF(G53="","",ROUND(ROUND(G53,3)*F53,2)),IF(G53="","",ROUND(ROUND(G53,2)*F53,2)))
H54: =IF(OR(E54="%",E54=" &"),IF(G54="","",ROUND(ROUND(G54,3)*F54,2)),IF(G54="","",ROUND(ROUND(G54,2)*F54,2)))
B55: (c) | C55: Fluctuation between main contractor's rates and that of the Targeted Enterprise subcontractors | E55: lump sum | F55: 1 | H55: =IF(OR(E55="%",E55=" &"),IF(G55="","",ROUND(ROUND(G55,3)*F55,2)),IF(G55="","",ROUND(ROUND(G55,2)*F55,2)))
H56: =IF(OR(E56="%",E56=" &"),IF(G56="","",ROUND(ROUND(G56,3)*F56,2)),IF(G56="","",ROUND(ROUND(G56,2)*F56,2)))
B57: (d) | C57: Preliminary and General obligations of Targeted Enterprise subcontractors appointed in terms of Section D | E57: lump sum | F57: 1 | H57: =IF(OR(E57="%",E57=" &"),IF(G57="","",ROUND(ROUND(G57,3)*F57,2)),IF(G57="","",ROUND(ROUND(G57,2)*F57,2)))
H58: =IF(OR(E58="%",E58=" &"),IF(G58="","",ROUND(ROUND(G58,3)*F58,2)),IF(G58="","",ROUND(ROUND(G58,2)*F58,2)))
A59: D10.06 | B59: Training, coaching, guidance, mentoring and assistance | H59: =IF(OR(E59="%",E59=" &"),IF(G59="","",ROUND(ROUND(G59,3)*F59,2)),IF(G59="","",ROUND(ROUND(G59,2)*F59,2)))
H60: =IF(OR(E60="%",E60=" &"),IF(G60="","",ROUND(ROUND(G60,3)*F60,2)),IF(G60="","",ROUND(ROUND(G60,2)*F60,2)))
B61: (a) | C61: Training costs: | H61: =IF(OR(E61="%",E61=" &"),IF(G61="","",ROUND(ROUND(G61,3)*F61,2)),IF(G61="","",ROUND(ROUND(G61,2)*F61,2)))
H62: =IF(OR(E62="%",E62=" &"),IF(G62="","",ROUND(ROUND(G62,3)*F62,2)),IF(G62="","",ROUND(ROUND(G62,2)*F62,2)))
C63: (i) | D63: Accredited NQF training | E63: Prov.Sum | F63: 1 | G63: 250000 | H63: =IF(OR(E63="%",E63=" &"),IF(G63="","",ROUND(ROUND(G63,3)*F63,2)),IF(G63="","",ROUND(ROUND(G63,2)*F63,2))) -> 250000
H64: =IF(OR(E64="%",E64=" &"),IF(G64="","",ROUND(ROUND(G64,3)*F64,2)),IF(G64="","",ROUND(ROUND(G64,2)*F64,2)))
C65: (ii) | D65: Accredited generic skills training | E65: Prov.Sum | F65: 1 | G65: 500000 | H65: =IF(OR(E65="%",E65=" &"),IF(G65="","",ROUND(ROUND(G65,3)*F65,2)),IF(G65="","",ROUND(ROUND(G65,2)*F65,2))) -> 500000
H66: =IF(OR(E66="%",E66=" &"),IF(G66="","",ROUND(ROUND(G66,3)*F66,2)),IF(G66="","",ROUND(ROUND(G66,2)*F66,2)))
C67: (iii) | D67: Community skills training | E67: Prov.Sum | F67: 1 | G67: 500000 | H67: =IF(OR(E67="%",E67=" &"),IF(G67="","",ROUND(ROUND(G67,3)*F67,2)),IF(G67="","",ROUND(ROUND(G67,2)*F67,2))) -> 500000
H68: =IF(OR(E68="%",E68=" &"),IF(G68="","",ROUND(ROUND(G68,3)*F68,2)),IF(G68="","",ROUND(ROUND(G68,2)*F68,2)))
C69: (iv) | D69: Handling cost and profit in respect of sub-item D10.06(a)(ii) and (iii) | E69: % | F69: 1250000 | H69: =IF(OR(E69="%",E69=" &"),IF(G69="","",ROUND(ROUND(G69,3)*F69,2)),IF(G69="","",ROUND(ROUND(G69,2)*F69,2)))
H70: =IF(OR(E70="%",E70=" &"),IF(G70="","",ROUND(ROUND(G70,3)*F70,2)),IF(G70="","",ROUND(ROUND(G70,2)*F70,2)))
B71: (b) | C71: Student experiential training: | H71: =IF(OR(E71="%",E71=" &"),IF(G71="","",ROUND(ROUND(G71,3)*F71,2)),IF(G71="","",ROUND(ROUND(G71,2)*F71,2)))
H72: =IF(OR(E72="%",E72=" &"),IF(G72="","",ROUND(ROUND(G72,3)*F72,2)),IF(G72="","",ROUND(ROUND(G72,2)*F72,2)))
C73: (i) | D73: Student stipends | E73: PC Sum | F73: 1 | G73: 400000 | H73: =IF(OR(E73="%",E73=" &"),IF(G73="","",ROUND(ROUND(G73,3)*F73,2)),IF(G73="","",ROUND(ROUND(G73,2)*F73,2))) -> 400000
H74: =IF(OR(E74="%",E74=" &"),IF(G74="","",ROUND(ROUND(G74,3)*F74,2)),IF(G74="","",ROUND(ROUND(G74,2)*F74,2)))
C75: (ii) | D75: Provision of experiential training | E75: person.month | F75: 48 | H75: =IF(OR(E75="%",E75=" &"),IF(G75="","",ROUND(ROUND(G75,3)*F75,2)),IF(G75="","",ROUND(ROUND(G75,2)*F75,2)))
H76: =IF(OR(E76="%",E76=" &"),IF(G76="","",ROUND(ROUND(G76,3)*F76,2)),IF(G76="","",ROUND(ROUND(G76,2)*F76,2)))
B77: (c) | C77: Other costs during training | E77: Prov.Sum | F77: 1 | G77: 150000 | H77: =IF(OR(E77="%",E77=" &"),IF(G77="","",ROUND(ROUND(G77,3)*F77,2)),IF(G77="","",ROUND(ROUND(G77,2)*F77,2))) -> 150000
H78: =IF(OR(E78="%",E78=" &"),IF(G78="","",ROUND(ROUND(G78,3)*F78,2)),IF(G78="","",ROUND(ROUND(G78,2)*F78,2)))
B79: (d) | C79: Training venue | E79: lump sum | F79: 1 | H79: =IF(OR(E79="%",E79=" &"),IF(G79="","",ROUND(ROUND(G79,3)*F79,2)),IF(G79="","",ROUND(ROUND(G79,2)*F79,2)))
H80: =IF(OR(E80="%",E80=" &"),IF(G80="","",ROUND(ROUND(G80,3)*F80,2)),IF(G80="","",ROUND(ROUND(G80,2)*F80,2)))
H81: =IF(OR(E81="%",E81=" &"),IF(G81="","",ROUND(ROUND(G81,3)*F81,2)),IF(G81="","",ROUND(ROUND(G81,2)*F81,2)))
H82: =IF(OR(E82="%",E82=" &"),IF(G82="","",ROUND(ROUND(G82,3)*F82,2)),IF(G82="","",ROUND(ROUND(G82,2)*F82,2)))
H83: =IF(OR(E83="%",E83=" &"),IF(G83="","",ROUND(ROUND(G83,3)*F83,2)),IF(G83="","",ROUND(ROUND(G83,2)*F83,2)))
H84: =IF(OR(E84="%",E84=" &"),IF(G84="","",ROUND(ROUND(G84,3)*F84,2)),IF(G84="","",ROUND(ROUND(G84,2)*F84,2)))
H85: =IF(OR(E85="%",E85=" &"),IF(G85="","",ROUND(ROUND(G85,3)*F85,2)),IF(G85="","",ROUND(ROUND(G85,2)*F85,2)))
H86: =IF(OR(E86="%",E86=" &"),IF(G86="","",ROUND(ROUND(G86,3)*F86,2)),IF(G86="","",ROUND(ROUND(G86,2)*F86,2)))
H87: =IF(OR(E87="%",E87=" &"),IF(G87="","",ROUND(ROUND(G87,3)*F87,2)),IF(G87="","",ROUND(ROUND(G87,2)*F87,2)))
H88: =IF(OR(E88="%",E88=" &"),IF(G88="","",ROUND(ROUND(G88,3)*F88,2)),IF(G88="","",ROUND(ROUND(G88,2)*F88,2)))
H89: =IF(OR(E89="%",E89=" &"),IF(G89="","",ROUND(ROUND(G89,3)*F89,2)),IF(G89="","",ROUND(ROUND(G89,2)*F89,2)))
H90: =IF(OR(E90="%",E90=" &"),IF(G90="","",ROUND(ROUND(G90,3)*F90,2)),IF(G90="","",ROUND(ROUND(G90,2)*F90,2)))
H91: =IF(OR(E91="%",E91=" &"),IF(G91="","",ROUND(ROUND(G91,3)*F91,2)),IF(G91="","",ROUND(ROUND(G91,2)*F91,2)))
... H93: =IF(OR(E93="%",E93=" &"),IF(G93="","",ROUND(ROUND(G93,3)*F93,2)),IF(G93="","",ROUND(ROUND(G93,2)*F93,2)))
A94: TOTAL CARRIED TO SUMMARY | H94: =SUM(H46:H93) -> 14650000

Sheet Summary_A+D
A5: SUMMARY OF PRICING SCHEDULE
A9: SCHEDULE A : GENERAL
A11: C1.2 | C11: GENERAL REQUIREMENTS AND PROVISIONS | F11: R | G11: ='A_C1.2'!G153 -> 3100000
A13: C1.3 | C13: CONTRACTOR'S ESTABLISHMENT AND | F13: R | G13: ='A_C1.3'!G58 -> 1000000
C14: GENERAL OBLIGATIONS
A16: C1.4 | C16: FACILITIES FOR THE ENGINEER | F16: R | G16: ='A_C1.4'!G151 -> 150000
A18: C11.4 | C18: ROAD RESTRAINT SYSTEMS | F18: R | G18: ='A_C11.4'!G48 -> 0
A20: C11.5 | C20: FENCING | F20: R | G20: ='A_C11.5'!G100 -> 0
A22: C20.1 | C22: TESTING MATERIALS AND JUDGEMENT OF | F22: R | G22: ='A_C20.1'!G56 -> 500000
C23: WORKMANSHIP
A26: TOTAL SCHEDULE A | F26: R | G26: =SUM(G11:G25) -> 4750000
A31: SCHEDULE D : STAKEHOLDER LIAISON AND DEVELOPMENT
A33: D1000 | C33: STAKEHOLDER AND COMMUNITY LIAISON, AND TARGETED | F33: R | G33: ='D1000'!H94 -> 14650000
C34: LABOUR AND TARGETED ENTERPRISES UTILISATION
C35: AND DEVELOPMENT
A38: TOTAL SCHEDULE D | F38: R | G38: =SUM(G33:G37) -> 14650000

Sheet Summary_B1
A5: SUMMARY OF PRICING SCHEDULE
A9: SCHEDULE B1 : SLOPE STABILISATION WORKS - CRADOCK CUTTING
A11: C1.5 | C11: ACCOMMODATION OF TRAFFIC | F11: R | G11: ='B1_C1.5'!G178 -> 100000
A13: C11.8 | C13: LANDSCAPING AND PLANTING PLANTS | F13: R | G13: ='B1_C11.8'!G59 -> 1000000
A15: C11.9 | C15: FINISHING THE ROAD AND ROAD RESERVE AND | F15: R | G15: ='B1_C11.9'!G57 -> 0
C16: TREATING OLD ROADS
A18: C12.2 | C18: GROUND ANCHORS | F18: R | G18: ='B1_C12.2'!G84 -> 0
A20: C12.5 | C20: SHOTCRETE | F20: R | G20: ='B1_C12.5'!G54 -> 0
A22: C12.8 | C22: GROUND DRAINAGE | F22: R | G22: ='B1_C12.8'!G55 -> 0
A24: C12.9 | C24: SLOPE PROTECTION MEASURES | F24: R | G24: ='B1_C12.9'!G93 -> 0
A27: TOTAL SCHEDULE B1 | F27: R | G27: =SUM(G11:G24) -> 1100000

Sheet Summary_B2
A5: SUMMARY OF PRICING SCHEDULE
A9: SCHEDULE B2 : SLOPE STABILISATION WORKS - WITKRANS NEK CUTTING
A11: C1.5 | C11: ACCOMMODATION OF TRAFFIC | F11: R | G11: ='B2_C1.5'!G180 -> 50000
A13: C11.8 | C13: LANDSCAPING AND PLANTING PLANTS | F13: R | G13: ='B2_C11.8'!G59 -> 1000000
A15: C11.9 | C15: FINISHING THE ROAD AND ROAD RESERVE AND | F15: R | G15: ='B2_C11.9'!G57 -> 0
C16: TREATING OLD ROADS
A18: C12.2 | C18: GROUND ANCHORS | F18: R | G18: ='B2_C12.2'!G33 -> 0
A20: C12.9 | C20: SLOPE PROTECTION MEASURES | F20: R | G20: ='B2_C12.9'!G81 -> 0
A23: TOTAL SCHEDULE B2 | F23: R | G23: =SUM(G11:G20) -> 1050000

Sheet Summary_B3
